Workbook
Name Print_Area_0: Абылайханский!$A$1:$R$58
Name Print_Area_0: Атамекен!$A$1:$R$58
Name Print_Area_0: Веденовский!$A$1:$R$58
Name Print_Area_0: 'всего по с.о'!$A$1:$R$58
Name Print_Area_0: Зеленоборский!$A$1:$R$58
Name Print_Area_0: Златопольский!$A$1:$R$58
Name Print_Area_0: Катаркольский!$A$1:$R$58
Name Print_Area_0: Кенесаринский!$A$1:$R$57
Name Print_Area_0: қаңтар!$A$1:$J$109
Name Print_Area_0: 'п. Бурабай '!$A$1:$R$60
Name Print_Area_0: Урумкайский!$A$1:$R$58
Name Print_Area_0: Успеноюрьевский!$A$1:$R$58
Name Print_Area_0: 'форма со'!$A$1:$R$58
Name Print_Area_0: Щучинск!$A$1:$R$58

Sheet қаңтар
D1: ФОРМУ НЕ ИЗМЕНЯТЬ. СТРОКИ, СТОЛБЦЫ, ФОРМУЛЫ НЕ СКРЫВАТЬ, НЕ УДАЛЯТЬ
P2: Приложение № 1
E3: Катаркөл ауылдық округі бойынша 2023-2026 жылдарға арналған бюджеттің атқарылуы туралы есеп
A6: САНАТЫ | F6: нақты 01.01.2023 | G6: нақты 01.01.2024 | H6: нақты 01.01.2025 | I6: 01.01.2026 жыл
B7: ЖІКТЕЛІМ
C8: КІШІ ЖІКТЕЛІМ
D9: ЕРЕКШЕЛІГІ | I9: жоспар | J9: нақты
E10: КІРІСТЕР | F10: =F11+F53+F99 -> 1842.4 | G10: =G11+G53+G99 -> 795.2 | H10: =H11+H53+H99 -> 2702.6 | I10: =I11+I53+I99 -> 16205.9 | J10: =J11+J53+J99 -> 1773.511
A11: 1 | E11: САЛЫҚ ТҮСІМДЕРІ | F11: =F12+F16+F19+F31+F47+F50 -> 1173 | G11: =G12+G16+G19+G31+G47+G50 -> 640.4 | H11: =H12+H16+H19+H31+H47+H50 -> 2547.2 | I11: =I12+I16+I19+I31+I47+I50 -> 15779.9 | J11: =J12+J16+J19+J31+J47+J50 -> 316.233
A12: 1 | B12: 1 | E12: Табыс салығы | F12: =F14 -> 129.7 | G12: =G14 -> 24.7 | H12: =H14 -> 1795.4 | I12: 14640.9 | J12: =J14 -> -61.207
A13: 1 | B13: 1 | C13: 2 | E13: Жеке табыс салығы | F13: =F15+F14 -> 129.7 | G13: =G15+G14 -> 24.7 | H13: =H15+H14 -> 1795.4 | I13: =I15+I14 -> 14640.9 | J13: =J15+J14 -> -61.207
A14: 1 | B14: 1 | C14: 2 | D14: 2 | E14: Төлем көзінен салық салынбайтын табыстардан алынатын жеке табыс салығы | F14: 129.7 | G14: 24.7 | H14: 1795.4 | I14: 14640.9 | J14: -61.207
A15: 1 | B15: 1 | C15: 2 | D15: 5 | E15: Төлем көзінен салық салынбайтын шетел азаматтарының табыстарынан алынатын жеке табыс салығы | F15: 0 | G15: 0 | H15: 0 | I15: 0 | J15: 0
A16: 1 | B16: 3 | E16: Әлеуметтік салық | F16: =F17 -> 0 | G16: =G17 -> 0 | H16: =H17 -> 0 | I16: =I17 -> 0 | J16: =J17 -> 0
A17: 1 | B17: 3 | C17: 1 | E17: Әлеуметтік салық | F17: 0 | G17: 0 | H17: 0 | I17: 0 | J17: 0
A18: 1 | B18: 3 | C18: 1 | D18: 1 | E18: Әлеуметтік салық | F18: 0 | G18: 0 | H18: 0 | I18: 0 | J18: 0
A19: 1 | B19: 4 | E19: Меншікке салынатын салық | F19: =F20+F24+F26 -> 1035.3 | G19: =G20+G24+G26 -> 608 | H19: =H20+H24+H26 -> 743.3 | I19: =I20+I23+I26+I29 -> 1139 | J19: =J20+J24+J26 -> 377.09
A20: 1 | B20: 4 | C20: 1 | E20: Мүлікке салынатын салық | F20: =F22+F21 -> 29.2 | G20: =G22+G21 -> 17.8 | H20: =H22+H21 -> 24.5 | I20: =I22+I21 -> 67 | J20: =J22+J21 -> 26.679
A21: 1 | B21: 4 | C21: 1 | D21: 1 | E21: Заңды тұлғалар мен жеке кәсіпкерлердің мүлкіне салынатын салық | F21: 0 | G21: 0 | H21: 0 | I21: 0 | J21: 0
A22: 1 | B22: 4 | C22: 1 | D22: 2 | E22: Жеке тұлғалардың мүлкіне салынатын салық | F22: 29.2 | G22: 17.8 | H22: 24.5 | I22: 67 | J22: 26.679
A23: 1 | B23: 4 | C23: 3 | E23: Жер салығы | F23: =F25+F24 -> 129.4 | G23: =G25+G24 -> 1.6 | H23: =H25+H24 -> 146.8 | I23: =I25+I24 -> 487 | J23: =J25+J24 -> 0.1
A24: 1 | B24: 4 | C24: 3 | D24: 2 | E24: Жер салығы | F24: 129.4 | G24: 1.6 | H24: 146.8 | I24: 487 | J24: 0.1
A25: 1 | B25: 4 | C25: 3 | D25: 9 | E25: Жеке тұлғалардан алынатын жер салығын қоспағанда, жер салығы (КБК алып тасталды 01.01.2019) | F25: 0 | G25: 0 | H25: 0 | I25: 0 | J25: 0
A26: 1 | B26: 4 | C26: 4 | E26: Көлік құралдарына салынатын салық | F26: =SUM(F27:F28) -> 876.7 | G26: =SUM(G27:G28) -> 588.6 | H26: =SUM(H27:H28) -> 572 | I26: =SUM(I27:I28) -> 578 | J26: =SUM(J27:J28) -> 350.311
A27: 1 | B27: 4 | C27: 4 | D27: 1 | E27: Заңды тұлғалардан көлік құралдарына салынатын салық | F27: -22.8 | G27: 0 | H27: 0.1 | I27: 11 | J27: 0.05
A28: 1 | B28: 4 | C28: 4 | D28: 2 | E28: Жеке тұлғалардан көлік құралдарына салынатын салық | F28: 899.5 | G28: 588.6 | H28: 571.9 | I28: 567 | J28: 350.261
A29: 1 | B29: 4 | C29: 5 | E29: Біріңғай жер салығы | I29: 7 | J29: 0
A30: 1 | B30: 4 | C30: 5 | D30: 1 | E30: Біріңғай жер салығы | I30: 7 | J30: 0
A31: 1 | B31: 5 | E31: Тауарларға, жұмыстарға және қызметтерге салынатын ішкі салықтар | F31: =F32+F36+F38+F45 -> 8 | G31: =G32+G36+G38+G45 -> 7.7 | H31: =H32+H36+H38+H45 -> 8.5 | I31: =I32+I36+I38+I45 -> 0 | J31: =J32+J36+J38+J45 -> 0.35
A32: 1 | B32: 5 | C32: 2 | E32: Акциздер
A33: 1 | B33: 5 | C33: 2 | D33: 74 | E33: Все виды спирта и (или) виноматериала, алкогольной продукции, произведенных на территории Республики Казахстан
A34: 1 | B34: 5 | C34: 2 | D34: 75 | E34: Табачные изделия, легковые автомобили (кроме автомобилей с ручным управлением или адаптером ручного управления, специально предназначенных для инвалидов), произведенные на территории Республики Казахстан
A35: 1 | B35: 5 | C35: 2 | D35: 84 | E35: Қазақстан Республикасының аумағында өндірілген бензин (авиациялықты қоспағанда) және дизель отыны
A36: 1 | B36: 5 | C36: 3 | E36: Табиғи және басқа ресурстарды пайдаланғаны үшін түсімдер | F36: 8 | G36: 7.7 | H36: 8.5 | I36: 0 | J36: 0.35
A37: 1 | B37: 5 | C37: 3 | D37: 15 | E37: Жер учаскелерін пайдаланғаны үшін төлем | F37: 8 | G37: 7.7 | H37: 8.5 | I37: 0 | J37: 0.35
A38: 1 | B38: 5 | C38: 4 | E38: Кәсіпкерлік және кәсіптік қызметті жүргізгені үшін алымдар
A39: 1 | B39: 5 | C39: 4 | D39: 2 | E39: Жекелеген қызмет түрлерімен айналысу құқығы үшін лицензиялық алым
A40: 1 | B40: 5 | C40: 4 | D40: 4 | E40: Аукциондардан алым
A41: 1 | B41: 5 | C41: 4 | D41: 25 | E41: Плата за размещение наружной (визуальной) рекламы на открытом пространстве за пределами помещений в городе областного значения, за исключением платы за размещение наружной (визуальной) рекламы на объектах стационарного размещения рекламы в полосе отвода автомобильных дорог общего пользования районного значения, на открытом пространстве за пределами помещений в городе районного значения, селе, поселке
A42: 1 | B42: 5 | C42: 4 | D42: 29 | E42: Жергілікті бюджетке есептелетін тіркеу алымы
A43: 1 | B43: 5 | C43: 4 | D43: 30 | E43: Аудандық маңызы бар қалалардың, ауылдардың, кенттердің, ауылдық округтердің аумақтары арқылы өтетін республикалық, облыстық және аудандық маңызы бар жалпыға ортақ пайдаланылатын автомобиль жолдарының бөлінген белдеуінде және аудандық маңызы бар қаладағы, ауылдағы, кенттегі үй-жайлардан тыс ашық кеңістікте жарнаманы стационарлық орналастыру объектілерінде сыртқы (көрнекі) жарнаманы орналастырғаны үшін төлемақы
A44: 1 | B44: 5 | C44: 4 | D44: 34 | E44: Жекелеген қызмет түрлерімен айналысуға арналған лицензияларды пайдаланғаны үшін төлемақы
A45: 1 | B45: 5 | C45: 5 | E45: Ойын бизнесіне салынатын салық
A46: 1 | B46: 5 | C46: 5 | D46: 2 | E46: Тіркелген салық
A47: 1 | B47: 7 | E47: Басқа салықтар | F47: =F48 -> 0 | G47: =G48 -> 0 | H47: =H48 -> 0 | I47: =I48 -> 0 | J47: =J48 -> 0
A48: 1 | B48: 7 | C48: 1 | E48: Басқа салықтар | F48: =F49 -> 0 | G48: =G49 -> 0 | H48: =H49 -> 0 | I48: =I49 -> 0 | J48: =J49 -> 0
A49: 1 | B49: 7 | C49: 1 | D49: 10 | E49: Жергілікті бюджетке түсетін өзге де салық түсімдері
A50: 1 | B50: 8 | E50: Заңды маңызы бар іс-әрекеттер жасағаны және (немесе) оған уәкілетті мемлекеттік органдар немесе лауазымды адамдар құжаттар бергені үшін алынатын міндетті төлемдер | F50: =F51 -> 0 | G50: =G51 -> 0 | H50: =H51 -> 0 | I50: =I51 -> 0 | J50: =J51 -> 0
A51: 1 | B51: 8 | C51: 1 | E51: Мемлекеттік баж
A52: 1 | B52: 8 | C52: 1 | D52: 26 | E52: Жергілікті бюджетке есептелетін мемлекеттік баж
A53: 2 | E53: САЛЫҚТЫҚ ЕМЕС ТҮСІМДЕР | F53: =F54+F74+F77+F80+F87+F92 -> 18.9 | G53: =G54+G74+G77+G80+G87+G92 -> 10.8 | H53: =H54+H74+H77+H80+H87+H92 -> 11.4 | I53: =I54+I74+I77+I80+I87+I92 -> 20 | J53: =J54+J74+J77+J80+J87+J92 -> 1025.278
A54: 2 | B54: 1 | E54: Мемлекеттік меншіктен түсетін кірістер | F54: =F55+F57+F59+F61+F65+F71 -> 18.9 | G54: =G55+G57+G59+G61+G65+G71 -> 10.8 | H54: =H55+H57+H59+H61+H65+H71 -> 11.4 | I54: =I55+I57+I59+I61+I65+I71 -> 20 | J54: =J55+J57+J59+J61+J65+J71 -> 27.278
A55: 2 | B55: 1 | C55: 1 | E55: Мемлекеттік кәсіпорындардың таза табысының бір бөлігінің түсімдері | F55: 0 | G55: 0 | H55: 0 | I55: 0 | J55: 0
A56: 2 | B56: 1 | C56: 1 | D56: 2 | E56: Коммуналдық мемлекеттік кәсіпорындардың таза табысының бір бөлігінің түсімдері
A57: 2 | B57: 1 | C57: 3 | E57: Мемлекеттік меншіктегі акциялардың мемлекеттік пакеттеріне дивидендтер | F57: 0 | G57: 0 | H57: 0 | I57: 0 | J57: 0
A58: 2 | B58: 1 | C58: 3 | D58: 2 | E58: Коммуналдық меншіктегі акциялардың мемлекеттік пакеттеріне дивидендтер
A59: 2 | B59: 1 | C59: 4 | E59: Мемлекеттік меншіктегі заңды тұлғалардағы қатысу үлестеріне кірістер | F59: 0 | G59: 0 | H59: 0 | I59: 0 | J59: 0
A60: 2 | B60: 1 | C60: 4 | D60: 2 | E60: Коммуналдық меншіктегі заңды тұлғалардағы қатысу үлестеріне кірістер
A61: 2 | B61: 1 | C61: 5 | E61: Мемлекеттік меншіктегі мүлікті жалға беруден түсетін кірістер | F61: 18.9 | G61: 10.8 | H61: 11.4 | I61: 20 | J61: 27.278
A62: 2 | B62: 1 | C62: 5 | D62: 8 | E62: Аудандық маңызы бар қала, ауыл, кент, ауылдық округ әкімдерінің басқаруындағы ауданның (облыстық маңызы бар қаланың) коммуналдық меншік мүлкін жалға беруден түсетін кірістерді қоспағанда, ауданның (облыстық маңызы бар қаланың) коммуналдық меншік мүлкін жалға беруден түсетін кірістер | F62: 0 | G62: 0 | H62: 0 | I62: 0 | J62: 0
A63: 2 | B63: 1 | C63: 5 | D63: 9 | E63: Аудандық маңызы бар қала, ауыл, кент, ауылдық округ әкімдерінің қарамағындағы мемлекеттік мүлікті жалға беруден түсетін кірістерді қоспағанда, ауданның (облыстық маңызы бар қаланың) коммуналдық меншігіндегі тұрғын үй қорынан тұрғын үйлерді жалға беруден түсетін кірістер | F63: 0 | G63: 0 | H63: 0 | I63: 0 | J63: 0
A64: 2 | B64: 1 | C64: 5 | D64: 10 | E64: Аудандық маңызы бар қаланың, ауылдың, кенттің, ауылдық округтің коммуналдық меншік мүлкін жалға беруден түсетін кірістер | F64: 18.9 | G64: 10.8 | H64: 11.4 | I64: 20 | J64: 27.278
A65: 2 | B65: 1 | C65: 7 | E65: Мемлекеттік бюджеттен берілген кредиттер бойынша сыйақылар
A66: 2 | B66: 1 | C66: 7 | D66: 6 | E66: Мамандандырылған ұйымдарға жергілікті бюджеттен берілген бюджеттік кредиттер бойынша сыйақылар
A67: 2 | B67: 1 | C67: 7 | D67: 11 | E67: Вознаграждения по бюджетным кредитам, выданным из местного бюджета до 2005 года юридическим лицам
A68: 2 | B68: 1 | C68: 7 | D68: 13 | E68: Вознаграждения по бюджетным кредитам, выданным из местного бюджета физическим лицам
A69: 2 | B69: 1 | C69: 7 | D69: 18 | E69: Вознаграждения по бюджетным кредитам, выданным из местного бюджета юридическим лицам, за исключением специализированных организаций
A70: 2 | B70: 1 | C70: 7 | D70: 19 | E70: Вознаграждения по кредитам, выданным из районного (города областного значения) бюджета аппаратам акимов городов районного значения, сел, поселков, сельских округов
A71: 2 | B71: 1 | C71: 9 | E71: Мемлекеттік меншіктен түсетін өзге де кірістер
A72: 2 | B72: 1 | C72: 9 | D72: 7 | E72: Иесіз мүлікті, белгіленген тәртіппен коммуналдық меншікке өтеусіз өткен мүлікті, қараусыз қалған жануарларды, олжаларды, сондай-ақ мұрагерлік құқығы бойынша мемлекетке өткен мүлікті өткізуден түсетін түсімдер
A73: 2 | B73: 1 | C73: 9 | D73: 10 | E73: Коммуналдық меншіктегі жер учаскелері бойынша сервитут үшін төлемақы
A74: 2 | B74: 2 | E74: Мемлекеттік бюджеттен қаржыландырылатын мемлекеттік мекемелердің тауарларды (жұмыстарды, көрсетілетін қызметтерді) өткізуінен түсетін түсімдер | F74: =F75 -> 0 | G74: =G75 -> 0 | H74: =H75 -> 0 | I74: =I75 -> 0 | J74: =J75 -> 0
A75: 2 | B75: 2 | C75: 1 | E75: Мемлекеттік бюджеттен қаржыландырылатын мемлекеттік мекемелердің тауарларды (жұмыстарды, көрсетілетін қызметтерді) өткізуінен түсетін түсімдер
A76: 2 | B76: 2 | C76: 1 | D76: 2 | E76: Жергілікті бюджеттен қаржыландырылатын мемлекеттік мекемелер ұсынатын тауарларды (жұмыстарды, көрсетілетін қызметтерді) өткізуден түсетін түсімдер
A77: 2 | B77: 3 | E77: Мемлекеттік бюджеттен қаржыландырылатын мемлекеттік мекемелер ұйымдастыратын мемлекеттік сатып алуды өткізуден түсетін ақша түсімдері | F77: =F78 -> 0 | G77: =G78 -> 0 | H77: =H78 -> 0 | I77: =I78 -> 0 | J77: =J78 -> 0
A78: 2 | B78: 3 | C78: 1 | E78: Мемлекеттік бюджеттен қаржыландырылатын мемлекеттік мекемелер ұйымдастыратын мемлекеттік сатып алуды өткізуден түсетін ақша түсімдері | F78: =F79 -> 0 | G78: =G79 -> 0 | H78: =H79 -> 0 | I78: =I79 -> 0 | J78: =J79 -> 0
A79: 2 | B79: 3 | C79: 1 | D79: 2 | E79: Жергілікті бюджеттен қаржыландырылатын мемлекеттік мекемелер ұйымдастыратын мемлекеттік сатып алуды өткізуден түсетін ақша түсімдері | F79: 0 | G79: 0 | H79: 0 | I79: 0 | J79: 0
A80: 2 | B80: 4 | E80: Мемлекеттік бюджеттен қаржыландырылатын, сондай-ақ Қазақстан Республикасы Ұлттық Банкінің бюджетінен (шығыстар сметасынан) ұсталатын және қаржыландырылатын мемлекеттік мекемелер салатын айыппұлдар, өсімпұлдар, санкциялар, өндіріп алулар | F80: =F81 -> 0 | G80: =G81 -> 0 | H80: =H81 -> 0 | I80: =I81 -> 0 | J80: =J81 -> 0
A81: 2 | B81: 4 | C81: 1 | E81: Мұнай секторы ұйымдарынан түсетін түсімдерді қоспағанда, мемлекеттік бюджеттен қаржыландырылатын, сондай-ақ Қазақстан Республикасы Ұлттық Банкінің бюджетінен (шығыстар сметасынан) ұсталатын және қаржыландырылатын мемлекеттік мекемелер салатын айыппұлдар, өсімпұлдар, санкциялар, өндіріп алулар
A82: 2 | B82: 4 | C82: 1 | D82: 14 | E82: Жергілікті бюджеттен қаржыландырылатын мемлекеттік мекемелер салатын өзге де айыппұлдар, өсімпұлдар, санкциялар, өндіріп алулар
A83: 2 | B83: 4 | C83: 1 | D83: 18 | E83: Мамандандырылған ұйымдарға, жеке тұлғаларға жергілікті бюджеттен берілген бюджеттік кредиттер (қарыздар) бойынша айыппұлдар, өсімпұлдар, санкциялар, өндіріп алулар
A84: 2 | B84: 4 | C84: 1 | D84: 54 | E84: Аудандық маңызы бар қалалардың, ауылдардың, кенттердің, ауылдық округтердің әкімдері салатын айыппұлдарды, өсімпұлдарды, санкцияларды, жазаларды қоспағанда, аудандық (облыстық маңызы бар қаланың) бюджеттен қаржыландырылатын мемлекеттік мекемелер салатын әкімшілік айыппұлдар, өсімпұлдар, санкциялар, өндіріп алулар
A85: 2 | B85: 4 | C85: 1 | D85: 70 | E85: Аудандық маңызы бар қала, ауыл, кент, ауылдық округ әкімдері салатын әкімшілік айыппұлдар, өсімпұлдар, санкциялар, өндіріп алулар
A86: 2 | B86: 4 | C86: 1 | D86: 71 | E86: Штрафы, пени, санкции, взыскания по бюджетным кредитам (займам), выданным из районного (города областного значения) бюджета аппаратам акимов города районного значения, села, поселка, сельского округа | F86: ='районный бюджет'!F82 -> 0 | G86: ='районный бюджет'!G82 -> 0 | H86: ='районный бюджет'!H82 -> 0 | I86: ='районный бюджет'!I82 -> 0 | J86: ='районный бюджет'!J82 -> 0
A87: 2 | B87: 5 | E87: Гранты | F87: =F88+F90 -> 0 | G87: =G88+G90 -> 0 | H87: =H88+H90 -> 0 | I87: =I88+I90 -> 0 | J87: =J88+J90 -> 0
A88: 2 | B88: 5 | C88: 1 | E88: Техническая помощь | F88: =F89 -> 0 | G88: =G89 -> 0 | H88: =H89 -> 0 | I88: =I89 -> 0 | J88: =J89 -> 0
A89: 2 | B89: 5 | C89: 1 | D89: 2 | E89: Гранты,привлекаемые местными исполнительными органами | F89: ='районный бюджет'!F85 -> 0 | G89: ='районный бюджет'!G85 -> 0 | H89: ='районный бюджет'!H85 -> 0 | I89: ='районный бюджет'!I85 -> 0 | J89: ='районный бюджет'!J85 -> 0
A90: 2 | B90: 5 | C90: 2 | E90: Финансовая помощь | F90: =F91 -> 0 | G90: =G91 -> 0 | H90: =H91 -> 0 | I90: =I91 -> 0 | J90: =J91 -> 0
A91: 2 | B91: 5 | C91: 2 | D91: 2 | E91: Гранты,привлекаемые местными исполнительными органами | F91: ='районный бюджет'!F87 -> 0 | G91: ='районный бюджет'!G87 -> 0 | H91: ='районный бюджет'!H87 -> 0 | I91: ='районный бюджет'!I87 -> 0 | J91: ='районный бюджет'!J87 -> 0
A92: 2 | B92: 6 | E92: Басқа да салықтық емес түсімдер | F92: =F93 -> 0 | G92: =G93 -> 0 | H92: =H93 -> 0 | I92: =I93 -> 0 | J92: =J93 -> 998
A93: 2 | B93: 6 | C93: 1 | E93: Басқа да салықтық емес түсімдер | J93: 998
A94: 2 | B94: 6 | C94: 1 | D94: 5 | E94: Поступления дебиторской, депонентской задолженности государственных учреждений, финансируемых из местного бюджета
A95: 2 | B95: 6 | C95: 1 | D95: 7 | E95: Бұрын жергілікті бюджеттен алынған пайдаланылмаған қаражатты қайтару
A96: 2 | B96: 6 | C96: 1 | D96: 9 | E96: Жергілікті бюджетке түсетін басқа да салықтық емес түсімдер | J96: 998
A97: 2 | B97: 6 | C97: 1 | D97: 15 | E97: Жеке және заңды тұлғалардың ерікті алымдары
A98: 2 | B98: 6 | C98: 1 | D98: 17 | E98: Жергілікті өзін-өзі басқарудың қолма-қол ақшаны бақылау шотынан қаражат қалдықтарының түсімдері
A99: 3 | E99: Негізгі капиталды сатудан түсетін түсімдер | F99: =F100+F105 -> 650.5 | G99: =G100+G105 -> 144 | H99: =H100+H105 -> 144 | I99: =I100+I105 -> 406 | J99: =J100+J105 -> 432
A100: 3 | B100: 1 | E100: Мемлекеттік мекемелерге бекітілген мемлекеттік мүлікті сату | F100: =F101 -> 56.5 | G100: =G101 -> 0 | H100: =H101 -> 0 | I100: =I101 -> 0 | J100: =J101 -> 0
A101: 3 | B101: 1 | C101: 1 | E101: Мемлекеттік мекемелерге бекітілген мемлекеттік мүлікті сату | F101: 56.5 | G101: 0 | H101: 0 | I101: 0 | J101: 0
A102: 3 | B102: 1 | C102: 1 | D102: 2 | E102: Жергілікті бюджеттен қаржыландырылатын мемлекеттік мекемелерге бекітілген мүлікті сатудан түсетін түсімдер | F102: 56.5 | G102: 0 | H102: 0 | I102: 0 | J102: 0
...

Sheet районный бюджет
D1: ФОРМУ НЕ ИЗМЕНЯТЬ. СТРОКИ, СТОЛБЦЫ, ФОРМУЛЫ НЕ СКРЫВАТЬ, НЕ УДАЛЯТЬ
P2: Приложение № 1
E3: Распределение доходов бюджета на 2020 год по районному бюджету Бурабайского района
F4: по состоянию на 31.01.2020 г.
A6: КАТЕГОРИЯ | F6: План года | G6: План года по месяцам
B7: КЛАСС
C8: ПОДКЛАСС
D9: СПЕЦИФИКА | G9: январь | H9: февраль | I9: март | J9: апрель | K9: май | L9: июнь | M9: июль | N9: август | O9: сентябрь | P9: октябрь | Q9: ноябрь | R9: декабрь
E10: ДОХОДЫ | F10: =F11+F51+F93 -> 2980574 | G10: =G11+G51+G93 -> 23481 | H10: =H11+H51+H93 -> 402103 | I10: =I11+I51+I93 -> 408650 | J10: =J11+J51+J93 -> 409718 | K10: =K11+K51+K93 -> 266502 | L10: =L11+L51+L93 -> 26966 | M10: =M11+M51+M93 -> 206716 | ... R10: =R11+R51+R93 -> 372162
A11: 1 | E11: HАЛОГОВЫЕ ПОСТУПЛЕHИЯ | F11: =F12+F16+F19+F30+F45+F48 -> 2839130 | G11: =G12+G16+G19+G30+G45+G48 -> 16054 | H11: =H12+H16+H19+H30+H45+H48 -> 392384.2 | I11: =I12+I16+I19+I30+I45+I48 -> 397232.8 | J11: =J12+J16+J19+J30+J45+J48 -> 399510 | K11: =K12+K16+K19+K30+K45+K48 -> 256545 | L11: =L12+L16+L19+L30+L45+L48 -> 25007 | M11: =M12+M16+M19+M30+M45+M48 -> 194321 | ... R11: =R12+R16+R19+R30+R45+R48 -> 353403
A12: 1 | B12: 1 | E12: Подоходный налог | F12: =F13 -> 24290 | G12: =G13 -> 1027 | H12: =H13 -> 2573 | I12: =I13 -> 2790 | J12: =J13 -> 1400 | K12: =K13 -> 2700 | L12: =L13 -> 2550 | M12: =M13 -> 2550 | ... R12: =R13 -> 1000
A13: 1 | B13: 1 | C13: 2 | E13: Индивидуальный подоходный налог | F13: =SUM(F14:F15) -> 24290 | G13: =SUM(G14:G15) -> 1027 | H13: =SUM(H14:H15) -> 2573 | I13: =SUM(I14:I15) -> 2790 | J13: =SUM(J14:J15) -> 1400 | K13: =SUM(K14:K15) -> 2700 | L13: =SUM(L14:L15) -> 2550 | M13: =SUM(M14:M15) -> 2550 | ... R13: =SUM(R14:R15) -> 1000
A14: 1 | B14: 1 | C14: 2 | D14: 2 | E14: Индивидуальный подоходный налог с доходов, не облагаемых у источника выплаты | F14: =SUM(G14:R14) -> 0
A15: 1 | B15: 1 | C15: 2 | D15: 5 | E15: Индивидуальный подоходный налог с доходов иностранных граждан, не облагаемых у источника выплаты | F15: =SUM(G15:R15) -> 24290 | G15: 1027 | H15: 2573 | I15: 2790 | J15: 1400 | K15: 2700 | L15: 2550 | M15: 2550 | N15: 2450 | O15: 2450 | P15: 1800 | Q15: 1000 | R15: 1000
A16: 1 | B16: 3 | E16: Социальный налог | F16: =F17 -> 1647934 | G16: =G17 -> 7845 | H16: =H17 -> 165030 | I16: =I17 -> 353603 | J16: =J17 -> 372560 | K16: =K17 -> 20795 | L16: =L17 -> 9000 | M16: =M17 -> 161457 | ... R16: =R17 -> 276480
A17: 1 | B17: 3 | C17: 1 | E17: Социальный налог | F17: =SUM(F18) -> 1647934 | G17: =SUM(G18) -> 7845 | H17: =SUM(H18) -> 165030 | I17: =SUM(I18) -> 353603 | J17: =SUM(J18) -> 372560 | K17: =SUM(K18) -> 20795 | L17: =SUM(L18) -> 9000 | M17: =SUM(M18) -> 161457 | ... R17: =SUM(R18) -> 276480
A18: 1 | B18: 3 | C18: 1 | D18: 1 | E18: Социальный налог | F18: =SUM(G18:R18) -> 1647934 | G18: 7845 | H18: 165030 | I18: 353603 | J18: 372560 | K18: 20795 | L18: 9000 | M18: 161457 | N18: 25868 | O18: 129686 | P18: 115610 | Q18: 10000 | R18: 276480
A19: 1 | B19: 4 | E19: Налоги на собственность | F19: =F20+F23+F25+F28 -> 940566 | G19: =G20+G23+G25+G28 -> 2233 | H19: =H20+H23+H25+H28 -> 199881.2 | I19: =I20+I23+I25+I28 -> 23000 | J19: =J20+J23+J25+J28 -> 17000 | K19: =K20+K23+K25+K28 -> 210000 | L19: =L20+L23+L25+L28 -> 4000 | M19: =M20+M23+M25+M28 -> 20000 | ... R19: =R20+R23+R25+R28 -> 41311.8
A20: 1 | B20: 4 | C20: 1 | E20: Налоги на имущество | F20: =SUM(F21:F22) -> 940566 | G20: =SUM(G21:G22) -> 2233 | H20: =SUM(H21:H22) -> 199881.2 | I20: =SUM(I21:I22) -> 23000 | J20: =SUM(J21:J22) -> 17000 | K20: =SUM(K21:K22) -> 210000 | L20: =SUM(L21:L22) -> 4000 | M20: =SUM(M21:M22) -> 20000 | ... R20: =SUM(R21:R22) -> 41311.8
A21: 1 | B21: 4 | C21: 1 | D21: 1 | E21: Налог на имущество юридических лиц и индивидуальных предпринимателей | F21: =SUM(G21:R21) -> 940566 | G21: 2233 | H21: 199881.2 | I21: 23000 | J21: 17000 | K21: 210000 | L21: 4000 | M21: 20000 | N21: 202000 | O21: 22000 | P21: 5000 | Q21: 194140 | R21: 41311.8
A22: 1 | B22: 4 | C22: 1 | D22: 2 | E22: Налог на имущество физических лиц | F22: =SUM(G22:R22) -> 0
A23: 1 | B23: 4 | C23: 3 | E23: Земельный налог | F23: =SUM(F24:F24) -> 0 | G23: =SUM(G24:G24) -> 0 | H23: =SUM(H24:H24) -> 0 | I23: =SUM(I24:I24) -> 0 | J23: =SUM(J24:J24) -> 0 | K23: =SUM(K24:K24) -> 0 | L23: =SUM(L24:L24) -> 0 | M23: =SUM(M24:M24) -> 0 | ... R23: =SUM(R24:R24) -> 0
A24: 1 | B24: 4 | C24: 3 | D24: 2 | E24: Земельный налог | F24: =SUM(G24:R24) -> 0
A25: 1 | B25: 4 | C25: 4 | E25: Налог на транспортные средства | F25: =SUM(F26:F27) -> 0 | G25: =SUM(G26:G27) -> 0 | H25: =SUM(H26:H27) -> 0 | I25: =SUM(I26:I27) -> 0 | J25: =SUM(J26:J27) -> 0 | K25: =SUM(K26:K27) -> 0 | L25: =SUM(L26:L27) -> 0 | M25: =SUM(M26:M27) -> 0 | ... R25: =SUM(R26:R27) -> 0
A26: 1 | B26: 4 | C26: 4 | D26: 1 | E26: Налог на транспортные средства с юридических лиц | F26: =SUM(G26:R26) -> 0
A27: 1 | B27: 4 | C27: 4 | D27: 2 | E27: Налог на транспортные средства с физических лиц | F27: =SUM(G27:R27) -> 0
A28: 1 | B28: 4 | C28: 5 | E28: Единый земельный налог | F28: =F29 -> 0 | G28: =G29 -> 0 | H28: =H29 -> 0 | I28: =I29 -> 0 | J28: =J29 -> 0 | K28: =K29 -> 0 | L28: =L29 -> 0 | M28: =M29 -> 0 | ... R28: =R29 -> 0
A29: 1 | B29: 4 | C29: 5 | D29: 1 | E29: Единый земельный налог | F29: =SUM(G29:R29) -> 0
A30: 1 | B30: 5 | E30: Внутренние налоги на товары, работы и услуги | F30: =F31+F35+F37+F43 -> 202741 | G30: =G31+G35+G37+G43 -> 3505 | H30: =H31+H35+H37+H43 -> 22700 | I30: =I31+I35+I37+I43 -> 15400 | J30: =J31+J35+J37+J43 -> 6333.8 | K30: =K31+K35+K37+K43 -> 20850 | L30: =L31+L35+L37+L43 -> 9158 | M30: =M31+M35+M37+M43 -> 8114 | ... R30: =R31+R35+R37+R43 -> 32311.2
A31: 1 | B31: 5 | C31: 2 | E31: Акцизы | F31: =SUM(F32:F34) -> 14381 | G31: =SUM(G32:G34) -> 1115 | H31: =SUM(H32:H34) -> 850 | I31: =SUM(I32:I34) -> 800 | J31: =SUM(J32:J34) -> 900 | K31: =SUM(K32:K34) -> 1000 | L31: =SUM(L32:L34) -> 1200 | M31: =SUM(M32:M34) -> 1240 | ... R31: =SUM(R32:R34) -> 1259.2
A32: 1 | B32: 5 | C32: 2 | D32: 74 | E32: Все виды спирта и (или) виноматериала, алкогольной продукции, произведенных на территории Республики Казахстан | F32: =SUM(G32:R32) -> 0
A33: 1 | B33: 5 | C33: 2 | D33: 75 | E33: Табачные изделия, легковые автомобили (кроме автомобилей с ручным управлением или адаптером ручного управления, специально предназначенных для инвалидов), произведенные на территории Республики Казахстан | F33: =SUM(G33:R33) -> 0
A34: 1 | B34: 5 | C34: 2 | D34: 84 | E34: Бензин (за исключением авиационного) и дизельное топливо, произведенных на территории Республики Казахстан | F34: =SUM(G34:R34) -> 14381 | G34: 1115 | H34: 850 | I34: 800 | J34: 900 | K34: 1000 | L34: 1200 | M34: 1240 | N34: 1500 | O34: 1900 | P34: 1200 | Q34: 1416.8 | R34: 1259.2
A35: 1 | B35: 5 | C35: 3 | E35: Поступления за использование природных и других ресурсов | F35: =SUM(F36:F36) -> 99910 | G35: =SUM(G36:G36) -> 158 | H35: =SUM(H36:H36) -> 17000 | I35: =SUM(I36:I36) -> 1000 | J35: =SUM(J36:J36) -> 1600 | K35: =SUM(K36:K36) -> 14000 | L35: =SUM(L36:L36) -> 4308 | M35: =SUM(M36:M36) -> 1479.8 | ... R35: =SUM(R36:R36) -> 6902
A36: 1 | B36: 5 | C36: 3 | D36: 15 | E36: Плата за пользование земельными участками | F36: =SUM(G36:R36) -> 99910 | G36: 158 | H36: 17000 | I36: 1000 | J36: 1600 | K36: 14000 | L36: 4308 | M36: 1479.8 | N36: 22300 | O36: 10200 | P36: 1829 | Q36: 19133.2 | R36: 6902
A37: 1 | B37: 5 | C37: 4 | E37: Сборы за ведение предпринимательской и профессиональной деятельности | F37: =SUM(G37:R37) -> 80050 | G37: =SUM(G38:G42) -> 1816 | H37: =SUM(H38:H42) -> 3650 | I37: =SUM(I38:I42) -> 13300 | J37: =SUM(J38:J42) -> 3299.8 | K37: =SUM(K38:K42) -> 4450 | L37: =SUM(L38:L42) -> 3300 | M37: =SUM(M38:M42) -> 4944.2 | N37: =SUM(N38:N42) -> 3240 | ... R37: =SUM(R38:R42) -> 23900
A38: 1 | B38: 5 | C38: 4 | D38: 2 | E38: Лицензионный сбор за право занятия отдельными видами деятельности | F38: =SUM(G38:R38) -> 9450 | G38: 569 | H38: 1300 | I38: 1000 | J38: 300 | K38: 1746.8 | L38: 950 | M38: 1284.2 | N38: 1000 | O38: 250 | P38: 450 | Q38: 350 | R38: 250
A39: 1 | B39: 5 | C39: 4 | D39: 4 | E39: Сбор с аукционов | F39: =SUM(G39:R39) -> 0
A40: 1 | B40: 5 | C40: 4 | D40: 25 | E40: Плата за размещение наружной (визуальной) рекламы на открытом пространстве за пределами помещений в городе областного значения, за исключением платы за размещение наружной (визуальной) рекламы на объектах стационарного размещения рекламы в полосе отвода автомобильных дорог общего пользования районного значения, на открытом пространстве за пределами помещений в городе районного значения, селе, поселке | F40: =SUM(G40:R40) -> 0
A41: 1 | B41: 5 | C41: 4 | D41: 29 | E41: Регистрационный сбор, зачисляемый в местный бюджет | F41: =SUM(G41:R41) -> 3800 | G41: 71 | H41: 350 | I41: 300 | J41: 350 | K41: 529 | L41: 350 | M41: 360 | N41: 240 | O41: 350 | P41: 350 | Q41: 400 | R41: 150
A42: 1 | B42: 5 | C42: 4 | D42: 34 | E42: Плата за пользование лицензиями на занятие отдельными видами деятельности | F42: =SUM(G42:R42) -> 66800 | G42: 1176 | H42: 2000 | I42: 12000 | J42: 2649.8 | K42: 2174.2 | L42: 2000 | M42: 3300 | N42: 2000 | O42: 13000 | P42: 1500 | Q42: 1500 | R42: 23500
A43: 1 | B43: 5 | C43: 5 | E43: Налог на игорный бизнес | F43: =F44 -> 8400 | G43: =G44 -> 416 | H43: =H44 -> 1200 | I43: =I44 -> 300 | J43: =J44 -> 534 | K43: =K44 -> 1400 | L43: =L44 -> 350 | M43: =M44 -> 450 | ... R43: =R44 -> 250
A44: 1 | B44: 5 | C44: 5 | D44: 2 | E44: Фиксированный налог | F44: =SUM(G44:R44) -> 8400 | G44: 416 | H44: 1200 | I44: 300 | J44: 534 | K44: 1400 | L44: 350 | M44: 450 | N44: 1200 | O44: 600 | P44: 600 | Q44: 1100 | R44: 250
A45: 1 | B45: 7 | E45: Прочие налоги | F45: =F46 -> 0 | G45: =G46 -> 0 | H45: =H46 -> 0 | I45: =I46 -> 0 | J45: =J46 -> 0 | K45: =K46 -> 0 | L45: =L46 -> 0 | M45: =M46 -> 0 | ... R45: =R46 -> 0
A46: 1 | B46: 7 | C46: 1 | E46: Прочие налоги | F46: =F47 -> 0 | G46: =G47 -> 0 | H46: =H47 -> 0 | I46: =I47 -> 0 | J46: =J47 -> 0 | K46: =K47 -> 0 | L46: =L47 -> 0 | M46: =M47 -> 0 | ... R46: =R47 -> 0
A47: 1 | B47: 7 | C47: 1 | D47: 10 | E47: Прочие налоговые поступления в местный бюджет | F47: =SUM(G47:R47) -> 0 | R47: 0
A48: 1 | B48: 8 | E48: Обязательные платежи, взимаемые за совершение юридически значимых действий и (или) выдачу документов уполномоченными на то государственными органами или должностными лицами | F48: =F49 -> 23599 | G48: =G49 -> 1444 | H48: =H49 -> 2200 | I48: =I49 -> 2439.8 | J48: =J49 -> 2216.2 | K48: =K49 -> 2200 | L48: =L49 -> 299 | M48: =M49 -> 2200 | ... R48: =R49 -> 2300
A49: 1 | B49: 8 | C49: 1 | E49: Государственная пошлина | F49: =SUM(F50:F50) -> 23599 | G49: =SUM(G50:G50) -> 1444 | H49: =SUM(H50:H50) -> 2200 | I49: =SUM(I50:I50) -> 2439.8 | J49: =SUM(J50:J50) -> 2216.2 | K49: =SUM(K50:K50) -> 2200 | L49: =SUM(L50:L50) -> 299 | M49: =SUM(M50:M50) -> 2200 | ... R49: =SUM(R50:R50) -> 2300
A50: 1 | B50: 8 | C50: 1 | D50: 26 | E50: Государственная пошлина, зачисляемая в местный бюджет | F50: =SUM(G50:R50) -> 23599 | G50: 1444 | H50: 2200 | I50: 2439.8 | J50: 2216.2 | K50: 2200 | L50: 299 | M50: 2200 | N50: 2200 | O50: 2100 | P50: 2000 | Q50: 2000 | R50: 2300
A51: 2 | E51: НЕHАЛОГОВЫЕ ПОСТУПЛЕHИЯ | F51: =F52+F71+F74+F77+F83+F88 -> 24844 | G51: =G52+G71+G74+G77+G83+G88 -> 460.8 | H51: =H52+H71+H74+H77+H83+H88 -> 1492 | I51: =I52+I71+I74+I77+I83+I88 -> 1417.2 | J51: =J52+J71+J74+J77+J83+J88 -> 2208 | K51: =K52+K71+K74+K77+K83+K88 -> 1957 | L51: =L52+L71+L74+L77+L83+L88 -> 1959 | M51: =M52+M71+M74+M77+M83+M88 -> 1959 | ... R51: =R52+R71+R74+R77+R83+R88 -> 1259
A52: 2 | B52: 1 | E52: Доходы от государственной собственности | F52: =F53+F55+F57+F59+F62+F68 -> 10493 | G52: =G53+G55+G57+G59+G62+G68 -> 256.8 | H52: =H53+H55+H57+H59+H62+H68 -> 1105 | I52: =I53+I55+I57+I59+I62+I68 -> 1071.2 | J52: =J53+J55+J57+J59+J62+J68 -> 1562 | K52: =K53+K55+K57+K59+K62+K68 -> 811 | L52: =L53+L55+L57+L59+L62+L68 -> 813 | M52: =M53+M55+M57+M59+M62+M68 -> 813 | ... R52: =R53+R55+R57+R59+R62+R68 -> 813
A53: 2 | B53: 1 | C53: 1 | E53: Поступления части чистого дохода государственных предприятий | F53: =F54 -> 751 | G53: =G54 -> 0 | H53: =H54 -> 0 | I53: =I54 -> 0 | J53: =J54 -> 751 | K53: =K54 -> 0 | L53: =L54 -> 0 | M53: =M54 -> 0 | ... R53: =R54 -> 0
A54: 2 | B54: 1 | C54: 1 | D54: 2 | E54: Поступления части чистого дохода коммунальных государственных предприятий | F54: =SUM(G54:R54) -> 751 | J54: 751
A55: 2 | B55: 1 | C55: 3 | E55: Дивиденды на государственные пакеты акций, находящиеся в государственной собственности | F55: =F56 -> 0 | G55: =G56 -> 0 | H55: =H56 -> 0 | I55: =I56 -> 0 | J55: =J56 -> 0 | K55: =K56 -> 0 | L55: =L56 -> 0 | M55: =M56 -> 0 | ... R55: =R56 -> 0
A56: 2 | B56: 1 | C56: 3 | D56: 2 | E56: Дивиденды на государственные пакеты акций,находящиеся в коммунальной собственности | F56: =SUM(G56:R56) -> 0
A57: 2 | B57: 1 | C57: 4 | E57: Доходы на доли участия в юридических лицах,находящиеся в государственной собственности | F57: =F58 -> 0 | G57: =G58 -> 0 | H57: =H58 -> 0 | I57: =I58 -> 0 | J57: =J58 -> 0 | K57: =K58 -> 0 | L57: =L58 -> 0 | M57: =M58 -> 0 | ... R57: =R58 -> 0
A58: 2 | B58: 1 | C58: 4 | D58: 2 | E58: Доходы на доли участия в юридических лицах, находящиеся в коммунальной собственности | F58: =SUM(G58:R58) -> 0
A59: 2 | B59: 1 | C59: 5 | E59: Доходы от аренды имущества,находящегося в государственной собственности | F59: =SUM(F60:F61) -> 9725 | G59: =SUM(G60:G61) -> 254 | H59: =SUM(H60:H61) -> 1105 | I59: =SUM(I60:I61) -> 1071 | J59: =SUM(J60:J61) -> 810 | K59: =SUM(K60:K61) -> 810 | L59: =SUM(L60:L61) -> 812 | M59: =SUM(M60:M61) -> 812 | ... R59: =SUM(R60:R61) -> 810
A60: 2 | B60: 1 | C60: 5 | D60: 8 | E60: Доходы от аренды имущества коммунальной собственности района (города областного значения), за исключением доходов от аренды имущества коммунальной собственности района (города областного значения), находящегося в управлении акимов города районного значения, села, поселка, сельского округа | F60: =SUM(G60:R60) -> 4225 | G60: 91 | H60: 352 | I60: 613 | J60: 352 | K60: 352 | L60: 352 | M60: 352 | N60: 352 | O60: 352 | P60: 353 | Q60: 352 | R60: 352
A61: 2 | B61: 1 | C61: 5 | D61: 9 | E61: Доходы от аренды жилищ из жилищного фонда, находящегося в коммунальной собственности района (города областного значения), за исключением доходов от аренды государственного имущества, находящегося в управлении акимов города районного значения, села, поселка, сельского округа | F61: =SUM(G61:R61) -> 5500 | G61: 163 | H61: 753 | I61: 458 | J61: 458 | K61: 458 | L61: 460 | M61: 460 | N61: 458 | O61: 458 | P61: 458 | Q61: 458 | R61: 458
A62: 2 | B62: 1 | C62: 7 | E62: Вознаграждения по кредитам, выданным из государственного бюджета | F62: =SUM(F63:F67) -> 17 | G62: =SUM(G63:G67) -> 2.8 | H62: =SUM(H63:H67) -> 0 | I62: =SUM(I63:I67) -> 0.2 | J62: =SUM(J63:J67) -> 1 | K62: =SUM(K63:K67) -> 1 | L62: =SUM(L63:L67) -> 1 | M62: =SUM(M63:M67) -> 1 | ... R62: =SUM(R63:R67) -> 3
A63: 2 | B63: 1 | C63: 7 | D63: 6 | E63: Вознаграждения по бюджетным кредитам, выданным из местного бюджета специализированным организациям | F63: =SUM(G63:R63) -> 17 | G63: 2.8 | H63: 0 | I63: 0.2 | J63: 1 | K63: 1 | L63: 1 | M63: 1 | N63: 1 | O63: 2 | P63: 2 | Q63: 2 | R63: 3
A64: 2 | B64: 1 | C64: 7 | D64: 11 | E64: Вознаграждения по бюджетным кредитам, выданным из местного бюджета до 2005 года юридическим лицам | F64: =SUM(G64:R64) -> 0
A65: 2 | B65: 1 | C65: 7 | D65: 13 | E65: Вознаграждения по бюджетным кредитам, выданным из местного бюджета физическим лицам | F65: =SUM(G65:R65) -> 0
A66: 2 | B66: 1 | C66: 7 | D66: 18 | E66: Вознаграждения по бюджетным кредитам, выданным из местного бюджета юридическим лицам, за исключением специализированных организаций | F66: =SUM(G66:R66) -> 0
A67: 2 | B67: 1 | C67: 7 | D67: 19 | E67: Вознаграждения по кредитам, выданным из районного (города областного значения) бюджета аппаратам акимов городов районного значения, сел, поселков, сельских округов | F67: =SUM(G67:R67) -> 0
A68: 2 | B68: 1 | C68: 9 | E68: Прочие доходы от государственной собственности | F68: =SUM(F69:F70) -> 0 | G68: =SUM(G69:G70) -> 0 | H68: =SUM(H69:H70) -> 0 | I68: =SUM(I69:I70) -> 0 | J68: =SUM(J69:J70) -> 0 | K68: =SUM(K69:K70) -> 0 | L68: =SUM(L69:L70) -> 0 | M68: =SUM(M69:M70) -> 0 | ... R68: =SUM(R69:R70) -> 0
A69: 2 | B69: 1 | C69: 9 | D69: 7 | E69: Поступления от реализации бесхозяйного имущества, имущества, безвозмездно перешедшего в установленном порядке в коммунальную собственность, безнадзорных животных, находок, а также имущества, перешедшего по праву наследования к государству | F69: =SUM(G69:R69) -> 0
A70: 2 | B70: 1 | C70: 9 | D70: 10 | E70: Плата за сервитут по земельным участкам, находящихся в коммунальной собственности | F70: =SUM(G70:R70) -> 0
A71: 2 | B71: 2 | E71: Поступления от реализации товаров (работ, услуг) государственными учреждениями, финансируемыми из государственного бюджета | F71: =F72 -> 0 | G71: =G72 -> 0 | H71: =H72 -> 0 | I71: =I72 -> 0 | J71: =J72 -> 0 | K71: =K72 -> 0 | L71: =L72 -> 0 | M71: =M72 -> 0 | ... R71: =R72 -> 0
A72: 2 | B72: 2 | C72: 1 | E72: Поступления от реализации товаров (работ, услуг) государственными учреждениями, финансируемыми из государственного бюджета | F72: =F73 -> 0 | G72: =G73 -> 0 | H72: =H73 -> 0 | I72: =I73 -> 0 | J72: =J73 -> 0 | K72: =K73 -> 0 | L72: =L73 -> 0 | M72: =M73 -> 0 | ... R72: =R73 -> 0
A73: 2 | B73: 2 | C73: 1 | D73: 2 | E73: Поступления от реализации товаров (работ, услуг), предоставляемых государственными учреждениями, финансируемыми из местного бюджета | F73: =SUM(G73:R73) -> 0
A74: 2 | B74: 3 | E74: Поступления денег от проведения государственных закупок, организуемых государственными учреждениями, финансируемыми из государственного бюджета | F74: =F75 -> 0 | G74: =G75 -> 0 | H74: =H75 -> 0 | I74: =I75 -> 0 | J74: =J75 -> 0 | K74: =K75 -> 0 | L74: =L75 -> 0 | M74: =M75 -> 0 | ... R74: =R75 -> 0
A75: 2 | B75: 3 | C75: 1 | E75: Поступления денег от проведения государственных закупок, организуемых государственными учреждениями, финансируемыми из государственного бюджета | F75: =F76 -> 0 | G75: =G76 -> 0 | H75: =H76 -> 0 | I75: =I76 -> 0 | J75: =J76 -> 0 | K75: =K76 -> 0 | L75: =L76 -> 0 | M75: =M76 -> 0 | ... R75: =R76 -> 0
A76: 2 | B76: 3 | C76: 1 | D76: 2 | E76: Поступления денег от проведения государственных закупок, организуемых государственными учреждениями, финансируемыми из местного бюджета | F76: =SUM(G76:R76) -> 0
A77: 2 | B77: 4 | E77: Штрафы, пени, санкции, взыскания, налагаемые государственными учреждениями, финансируемыми из государственного бюджета, а также содержащимися и финансируемыми из бюджета (сметы расходов) Национального Банка Республики Казахстан | F77: =F78 -> 1751 | G77: =G78 -> 104 | H77: =H78 -> 187 | I77: =I78 -> 146 | J77: =J78 -> 146 | K77: =K78 -> 146 | L77: =L78 -> 146 | M77: =M78 -> 146 | ... R77: =R78 -> 146
A78: 2 | B78: 4 | C78: 1 | E78: Штрафы, пени, санкции, взыскания, налагаемые государственными учреждениями, финансируемыми из государственного бюджета, а также содержащимися и финансируемыми из бюджета (сметы расходов) Национального Банка Республики Казахстан, за исключением поступлений от организаций нефтяного сектора | F78: =SUM(F79:F82) -> 1751 | G78: =SUM(G79:G82) -> 104 | H78: =SUM(H79:H82) -> 187 | I78: =SUM(I79:I82) -> 146 | J78: =SUM(J79:J82) -> 146 | K78: =SUM(K79:K82) -> 146 | L78: =SUM(L79:L82) -> 146 | M78: =SUM(M79:M82) -> 146 | ... R78: =SUM(R79:R82) -> 146
A79: 2 | B79: 4 | C79: 1 | D79: 14 | E79: Прочие штрафы, пени, санкции, взыскания, налагаемые государственными учреждениями, финансируемыми из местного бюджета | F79: =SUM(G79:R79) -> 0
A80: 2 | B80: 4 | C80: 1 | D80: 18 | E80: Штрафы, пени, санкции, взыскания по бюджетным кредитам (займам), выданным из местного бюджета специализированным организациям, физическим лицам | F80: =SUM(G80:R80) -> 0
A81: 2 | B81: 4 | C81: 1 | D81: 54 | E81: Административные штрафы, пени, санкции, взыскания, налагаемые государственными учреждениями, финансируемыми из районного (города областного значения) бюджета, за исключением штрафов, пеней, санкций, взысканий, налагаемых акимами городов районного значения, сел, поселков, сельских округов | F81: =SUM(G81:R81) -> 1751 | G81: 104 | H81: 187 | I81: 146 | J81: 146 | K81: 146 | L81: 146 | M81: 146 | N81: 146 | O81: 146 | P81: 146 | Q81: 146 | R81: 146
A82: 2 | B82: 4 | C82: 1 | D82: 71 | E82: Штрафы, пени, санкции, взыскания по бюджетным кредитам (займам), выданным из районного (города областного значения) бюджета аппаратам акимов города районного значения, села, поселка, сельского округа | F82: =SUM(G82:R82) -> 0
A83: 2 | B83: 5 | E83: Гранты | F83: =F84+F86 -> 0 | G83: =G84+G86 -> 0 | H83: =H84+H86 -> 0 | I83: =I84+I86 -> 0 | J83: =J84+J86 -> 0 | K83: =K84+K86 -> 0 | L83: =L84+L86 -> 0 | M83: =M84+M86 -> 0 | ... R83: =R84+R86 -> 0
A84: 2 | B84: 5 | C84: 1 | E84: Техническая помощь | F84: =F85 -> 0 | G84: =G85 -> 0 | H84: =H85 -> 0 | I84: =I85 -> 0 | J84: =J85 -> 0 | K84: =K85 -> 0 | L84: =L85 -> 0 | M84: =M85 -> 0 | ... R84: =R85 -> 0
A85: 2 | B85: 5 | C85: 1 | D85: 2 | E85: Гранты,привлекаемые местными исполнительными органами | F85: =SUM(G85:R85) -> 0
A86: 2 | B86: 5 | C86: 2 | E86: Финансовая помощь | F86: =F87 -> 0 | G86: =G87 -> 0 | H86: =H87 -> 0 | I86: =I87 -> 0 | J86: =J87 -> 0 | K86: =K87 -> 0 | L86: =L87 -> 0 | M86: =M87 -> 0 | ... R86: =R87 -> 0
A87: 2 | B87: 5 | C87: 2 | D87: 2 | E87: Гранты,привлекаемые местными исполнительными органами | F87: =SUM(G87:R87) -> 0
A88: 2 | B88: 6 | E88: Прочие неналоговые поступления | F88: =F89 -> 12600 | G88: =G89 -> 100 | H88: =H89 -> 200 | I88: =I89 -> 200 | J88: =J89 -> 500 | K88: =K89 -> 1000 | L88: =L89 -> 1000 | M88: =M89 -> 1000 | ... R88: =R89 -> 300
A89: 2 | B89: 6 | C89: 1 | E89: Прочие неналоговые поступления | F89: =SUM(F90:F92) -> 12600 | G89: =SUM(G90:G92) -> 100 | H89: =SUM(H90:H92) -> 200 | I89: =SUM(I90:I92) -> 200 | J89: =SUM(J90:J92) -> 500 | K89: =SUM(K90:K92) -> 1000 | L89: =SUM(L90:L92) -> 1000 | M89: =SUM(M90:M92) -> 1000 | ... R89: =SUM(R90:R92) -> 300
A90: 2 | B90: 6 | C90: 1 | D90: 5 | E90: Поступления дебиторской, депонентской задолженности государственных учреждений, финансируемых из местного бюджета | F90: =SUM(G90:R90) -> 0
A91: 2 | B91: 6 | C91: 1 | D91: 7 | E91: Возврат неиспользованных средств, ранее полученных из местного бюджета | F91: =SUM(G91:R91) -> 0
A92: 2 | B92: 6 | C92: 1 | D92: 9 | E92: Другие неналоговые поступления в местный бюджет | F92: =SUM(G92:R92) -> 12600 | G92: 100 | H92: 200 | I92: 200 | J92: 500 | K92: 1000 | L92: 1000 | M92: 1000 | N92: 1300 | O92: 2500 | P92: 2500 | Q92: 2000 | R92: 300
A93: Поступления от продажи основного капитала | F93: =F94+F99 -> 116600 | G93: =G94+G99 -> 6966.2 | H93: =H94+H99 -> 8226.8 | I93: =I94+I99 -> 10000 | J93: =J94+J99 -> 8000 | K93: =K94+K99 -> 8000 | L93: =L94+L99 -> 0 | M93: =M94+M99 -> 10436 | ... R93: =R94+R99 -> 17500
A94: 3 | B94: 1 | E94: Продажа государственного имущества, закрепленного за государственными учреждениями | F94: =F95 -> 8600 | G94: =G95 -> 3629 | H94: =H95 -> 0 | I94: =I95 -> 0 | J94: =J95 -> 0 | K94: =K95 -> 0 | L94: =L95 -> 0 | M94: =M95 -> 0 | ... R94: =R95 -> 0
A95: 3 | B95: 1 | C95: 1 | E95: Продажа государственного имущества, закрепленного за государственными учреждениями | F95: =SUM(F96:F98) -> 8600 | G95: =SUM(G96:G98) -> 3629 | H95: =SUM(H96:H98) -> 0 | I95: =SUM(I96:I98) -> 0 | J95: =SUM(J96:J98) -> 0 | K95: =SUM(K96:K98) -> 0 | L95: =SUM(L96:L98) -> 0 | M95: =SUM(M96:M98) -> 0 | ... R95: =SUM(R96:R98) -> 0
A96: 3 | B96: 1 | C96: 1 | D96: 2 | E96: Поступления от продажи имущества, закрепленного за государственными учреждениями, финансируемыми из местного бюджета | F96: =SUM(G96:R96) -> 5000 | G96: 29 | N96: 1000 | O96: 2000 | P96: 1971
A97: 3 | B97: 1 | C97: 1 | D97: 3 | E97: Поступления от продажи гражданам квартир | F97: =SUM(G97:R97) -> 3600 | G97: 3600 | H97: 0 | I97: 0 | J97: 0 | K97: 0 | L97: 0 | M97: 0 | N97: 0 | O97: 0 | P97: 0 | Q97: 0 | R97: 0
A98: 3 | B98: 1 | C98: 1 | D98: 7 | E98: Поступления от приватизации жилищ из государственного жилищного фонда | F98: =SUM(G98:R98) -> 0
A99: 3 | B99: 3 | E99: Продажа земли и нематериальных активов | F99: =F100+F102 -> 108000 | G99: =G100+G102 -> 3337.2 | H99: =H100+H102 -> 8226.8 | I99: =I100+I102 -> 10000 | J99: =J100+J102 -> 8000 | K99: =K100+K102 -> 8000 | L99: =L100+L102 -> 0 | M99: =M100+M102 -> 10436 | ... R99: =R100+R102 -> 17500
A100: 3 | B100: 3 | C100: 1 | E100: Продажа земли | F100: =F101 -> 98000 | G100: =G101 -> 1773.2 | H100: =H101 -> 8226.8 | I100: =I101 -> 10000 | J100: =J101 -> 8000 | K100: =K101 -> 8000 | L100: =L101 -> 0 | M100: =M101 -> 10000 | ... R100: =R101 -> 16000
A101: 3 | B101: 3 | C101: 1 | D101: 1 | E101: Поступления от продажи земельных участков | F101: =SUM(G101:R101) -> 98000 | G101: 1773.2 | H101: 8226.8 | I101: 10000 | J101: 8000 | K101: 8000 | L101: 0 | M101: 10000 | N101: 10000 | O101: 10000 | P101: 8000 | Q101: 8000 | R101: 16000
...

Sheet всего по с.о
D1: ФОРМУ НЕ ИЗМЕНЯТЬ. СТРОКИ, СТОЛБЦЫ, ФОРМУЛЫ НЕ СКРЫВАТЬ, НЕ УДАЛЯТЬ
P2: Приложение № 1
E3: Распределение доходов бюджета на 2020 год по 11-ти сельским округам Бурабайского района
F4: по состоянию на 31.01.2020 г.
A6: КАТЕГОРИЯ | F6: План года | G6: План года по месяцам
B7: КЛАСС
C8: ПОДКЛАСС
D9: СПЕЦИФИКА | G9: январь | H9: февраль | I9: март | J9: апрель | K9: май | L9: июнь | M9: июль | N9: август | O9: сентябрь | P9: октябрь | Q9: ноябрь | R9: декабрь
E10: ДОХОДЫ | F10: =F11+F25+F54 -> 381927 | G10: =G11+G25+G54 -> 14860 | H10: =H11+H25+H54 -> 53257 | I10: =I11+I25+I54 -> 27293 | J10: =J11+J25+J54 -> 36179 | K10: =K11+K25+K54 -> 26853 | L10: =L11+L25+L54 -> 26749 | M10: =M11+M25+M54 -> 32530 | ... R10: =R11+R25+R54 -> 21485 | S10: =SUM(Щучинск:Успеноюрьевский!F10:F10)=F10 -> TRUE
A11: 1 | E11: HАЛОГОВЫЕ ПОСТУПЛЕHИЯ | F11: =F12+F15+F23 -> 372022 | G11: =G12+G15+G23 -> 14556 | H11: =H12+H15+H23 -> 52953 | I11: =I12+I15+I23 -> 26924 | J11: =J12+J15+J23 -> 35608 | K11: =K12+K15+K23 -> 25590 | L11: =L12+L15+L23 -> 25092 | M11: =M12+M15+M23 -> 30557 | ... R11: =R12+R15+R23 -> 21101 | S11: =SUM(Щучинск:Успеноюрьевский!F11:F11)=F11 -> TRUE
A12: 1 | B12: 1 | E12: Подоходный налог | F12: =F13 -> 184843 | G12: =G13 -> 5743 | H12: =H13 -> 36864 | I12: =I13 -> 15059 | J12: =J13 -> 15978 | K12: =K13 -> 10229 | L12: =L13 -> 12076 | M12: =M13 -> 15862 | ... R12: =R13 -> 12338 | S12: =SUM(Щучинск:Успеноюрьевский!F12:F12)=F12 -> TRUE
A13: 1 | B13: 1 | C13: 2 | E13: Индивидуальный подоходный налог | F13: =SUM(F14:F14) -> 184843 | G13: =SUM(G14:G14) -> 5743 | H13: =SUM(H14) -> 36864 | I13: =SUM(I14:I14) -> 15059 | J13: =SUM(J14:J14) -> 15978 | K13: =SUM(K14:K14) -> 10229 | L13: =SUM(L14:L14) -> 12076 | M13: =SUM(M14:M14) -> 15862 | N13: =SUM(N14:N14) -> 26197 | O13: =SUM(O14:O14) -> 18035 | P13: =SUM(P14:P14) -> 6065 | ... R13: =SUM(R14:R14) -> 12338 | S13: =SUM(Щучинск:Успеноюрьевский!F13:F13)=F13 -> TRUE
A14: 1 | B14: 1 | C14: 2 | D14: 2 | E14: Индивидуальный подоходный налог с доходов, не облагаемых у источника выплаты | F14: =SUM(G14:R14) -> 184843 | G14: =SUM(Щучинск:Успеноюрьевский!G14:G14) -> 5743 | H14: =SUM(Щучинск:Успеноюрьевский!H14:H14) -> 36864 | I14: =SUM(Щучинск:Успеноюрьевский!I14:I14) -> 15059 | J14: =SUM(Щучинск:Успеноюрьевский!J14:J14) -> 15978 | K14: =SUM(Щучинск:Успеноюрьевский!K14:K14) -> 10229 | L14: =SUM(Щучинск:Успеноюрьевский!L14:L14) -> 12076 | M14: =SUM(Щучинск:Успеноюрьевский!M14:M14) -> 15862 | N14: =SUM(Щучинск:Успеноюрьевский!N14:N14) -> 26197 | ... R14: =SUM(Щучинск:Успеноюрьевский!R14:R14) -> 12338 | S14: =SUM(Щучинск:Успеноюрьевский!F14:F14)=F14 -> TRUE
A15: 1 | B15: 4 | E15: Налоги на собственность | F15: =F16+F18+F20 -> 179991 | G15: =G16+G18+G20 -> 8328 | H15: =H16+H18+H20 -> 15438 | I15: =I16+I18+I20 -> 11762 | J15: =J16+J18+J20 -> 19556 | K15: =K16+K18+K20 -> 14526 | L15: =L16+L18+L20 -> 11586 | M15: =M16+M18+M20 -> 14431 | ... R15: =R16+R18+R20 -> 8604 | S15: =SUM(Щучинск:Успеноюрьевский!F15:F15)=F15 -> TRUE
A16: 1 | B16: 4 | C16: 1 | E16: Налоги на имущество | F16: =SUM(F17:F17) -> 15469 | G16: =SUM(G17:G17) -> 729 | H16: =SUM(H17:H17) -> 682 | I16: =SUM(I17:I17) -> 1086 | J16: =SUM(J17:J17) -> 2634 | K16: =SUM(K17:K17) -> 902 | L16: =SUM(L17:L17) -> 846 | M16: =SUM(M17:M17) -> 1156 | ... R16: =SUM(R17:R17) -> 571 | S16: =SUM(Щучинск:Успеноюрьевский!F16:F16)=F16 -> TRUE
A17: 1 | B17: 4 | C17: 1 | D17: 2 | E17: Налог на имущество физических лиц | F17: =SUM(G17:R17) -> 15469 | G17: =SUM(Щучинск:Успеноюрьевский!G17:G17) -> 729 | H17: =SUM(Щучинск:Успеноюрьевский!H17:H17) -> 682 | I17: =SUM(Щучинск:Успеноюрьевский!I17:I17) -> 1086 | J17: =SUM(Щучинск:Успеноюрьевский!J17:J17) -> 2634 | K17: =SUM(Щучинск:Успеноюрьевский!K17:K17) -> 902 | L17: =SUM(Щучинск:Успеноюрьевский!L17:L17) -> 846 | M17: =SUM(Щучинск:Успеноюрьевский!M17:M17) -> 1156 | N17: =SUM(Щучинск:Успеноюрьевский!N17:N17) -> 1540 | ... R17: =SUM(Щучинск:Успеноюрьевский!R17:R17) -> 571 | S17: =SUM(Щучинск:Успеноюрьевский!F17:F17)=F17 -> TRUE
A18: 1 | B18: 4 | C18: 3 | E18: Земельный налог | F18: =SUM(F19:F19) -> 80979 | G18: =SUM(G19:G19) -> 2167 | H18: =SUM(H19:H19) -> 10348 | I18: =SUM(I19:I19) -> 2683 | J18: =SUM(J19:J19) -> 9146 | K18: =SUM(K19:K19) -> 9337 | L18: =SUM(L19:L19) -> 2347 | M18: =SUM(M19:M19) -> 4533 | ... R18: =SUM(R19:R19) -> 3337 | S18: =SUM(Щучинск:Успеноюрьевский!F18:F18)=F18 -> TRUE
A19: 16 | B19: 4 | C19: 3 | D19: 2 | E19: Земельный налог | F19: =SUM(G19:R19) -> 80979 | G19: =SUM(Щучинск:Успеноюрьевский!G19:G19) -> 2167 | H19: =SUM(Щучинск:Успеноюрьевский!H19:H19) -> 10348 | I19: =SUM(Щучинск:Успеноюрьевский!I19:I19) -> 2683 | J19: =SUM(Щучинск:Успеноюрьевский!J19:J19) -> 9146 | K19: =SUM(Щучинск:Успеноюрьевский!K19:K19) -> 9337 | L19: =SUM(Щучинск:Успеноюрьевский!L19:L19) -> 2347 | M19: =SUM(Щучинск:Успеноюрьевский!M19:M19) -> 4533 | N19: =SUM(Щучинск:Успеноюрьевский!N19:N19) -> 6585 | ... R19: =SUM(Щучинск:Успеноюрьевский!R19:R19) -> 3337 | S19: =SUM(Щучинск:Успеноюрьевский!F19:F19)=F19 -> TRUE
A20: 1 | B20: 4 | C20: 4 | E20: Налог на транспортные средства | F20: =SUM(F21:F22) -> 83543 | G20: =G21+G22 -> 5432 | H20: =H21+H22 -> 4408 | I20: =I21+I22 -> 7993 | J20: =J21+J22 -> 7776 | K20: =K21+K22 -> 4287 | L20: =L21+L22 -> 8393 | M20: =M21+M22 -> 8742 | N20: =N21+N22 -> 13854 | ... R20: =R21+R22 -> 4696 | S20: =SUM(Щучинск:Успеноюрьевский!F20:F20)=F20 -> TRUE
A21: 1 | B21: 4 | C21: 4 | D21: 1 | E21: Налог на транспортные средства с юридических лиц | F21: =SUM(G21:R21) -> 38275 | G21: =SUM(Щучинск:Успеноюрьевский!G21:G21) -> 1950 | H21: =SUM(Щучинск:Успеноюрьевский!H21:H21) -> 1713 | I21: =SUM(Щучинск:Успеноюрьевский!I21:I21) -> 3732 | J21: =SUM(Щучинск:Успеноюрьевский!J21:J21) -> 1440 | K21: =SUM(Щучинск:Успеноюрьевский!K21:K21) -> 1380 | L21: =SUM(Щучинск:Успеноюрьевский!L21:L21) -> 5034 | M21: =SUM(Щучинск:Успеноюрьевский!M21:M21) -> 6530 | N21: =SUM(Щучинск:Успеноюрьевский!N21:N21) -> 10614 | ... R21: =SUM(Щучинск:Успеноюрьевский!R21:R21) -> 674 | S21: =SUM(Щучинск:Успеноюрьевский!F21:F21)=F21 -> TRUE
A22: 1 | B22: 4 | C22: 4 | D22: 2 | E22: Налог на транспортные средства с физических лиц | F22: =SUM(G22:R22) -> 45268 | G22: =SUM(Щучинск:Успеноюрьевский!G22:G22) -> 3482 | H22: =SUM(Щучинск:Успеноюрьевский!H22:H22) -> 2695 | I22: =SUM(Щучинск:Успеноюрьевский!I22:I22) -> 4261 | J22: =SUM(Щучинск:Успеноюрьевский!J22:J22) -> 6336 | K22: =SUM(Щучинск:Успеноюрьевский!K22:K22) -> 2907 | L22: =SUM(Щучинск:Успеноюрьевский!L22:L22) -> 3359 | M22: =SUM(Щучинск:Успеноюрьевский!M22:M22) -> 2212 | N22: =SUM(Щучинск:Успеноюрьевский!N22:N22) -> 3240 | ... R22: =SUM(Щучинск:Успеноюрьевский!R22:R22) -> 4022 | S22: =SUM(Щучинск:Успеноюрьевский!F22:F22)=F22 -> TRUE
A23: 1 | B23: 5 | C23: 4 | E23: Сборы за ведение предпринимательской и профессиональной деятельности | F23: =SUM(G23:R23) -> 7188 | G23: =SUM(G24:G24) -> 485 | H23: =SUM(H24:H24) -> 651 | I23: =SUM(I24:I24) -> 103 | J23: =SUM(J24:J24) -> 74 | K23: =SUM(K24:K24) -> 835 | L23: =SUM(L24:L24) -> 1430 | M23: =SUM(M24:M24) -> 264 | N23: =SUM(N24:N24) -> 1218 | ... R23: =SUM(R24:R24) -> 159 | S23: =SUM(Щучинск:Успеноюрьевский!F23:F23)=F23 -> TRUE
A24: 1 | B24: 5 | C24: 4 | D24: 30 | E24: Плата за размещение наружной (визуальной) рекламы на объектах стационарного размещения рекламы в полосе отвода автомобильных дорог общего пользования республиканского, областного и районного значения, проходящих через территории городов районного значения, сел, поселков, сельских округов и на открытом пространстве за пределами помещений в городе районного значения, селе, поселке | F24: =SUM(G24:R24) -> 7188 | G24: =SUM(Щучинск:Успеноюрьевский!G24:G24) -> 485 | H24: =SUM(Щучинск:Успеноюрьевский!H24:H24) -> 651 | I24: =SUM(Щучинск:Успеноюрьевский!I24:I24) -> 103 | J24: =SUM(Щучинск:Успеноюрьевский!J24:J24) -> 74 | K24: =SUM(Щучинск:Успеноюрьевский!K24:K24) -> 835 | L24: =SUM(Щучинск:Успеноюрьевский!L24:L24) -> 1430 | M24: =SUM(Щучинск:Успеноюрьевский!M24:M24) -> 264 | N24: =SUM(Щучинск:Успеноюрьевский!N24:N24) -> 1218 | ... R24: =SUM(Щучинск:Успеноюрьевский!R24:R24) -> 159 | S24: =SUM(Щучинск:Успеноюрьевский!F24:F24)=F24 -> TRUE
A25: 2 | E25: НЕHАЛОГОВЫЕ ПОСТУПЛЕHИЯ | F25: =F26+F37+F40+F43+F47 -> 9905 | G25: =G26+G37+G40+G43+G47 -> 304 | H25: =H26+H37+H40+H43+H47 -> 304 | I25: =I26+I37+I40+I43+I47 -> 369 | J25: =J26+J37+J40+J43+J47 -> 571 | K25: =K26+K37+K40+K43+K47 -> 1263 | L25: =L26+L37+L40+L43+L47 -> 1657 | M25: =M26+M37+M40+M43+M47 -> 1973 | ... R25: =R26+R37+R40+R43+R47 -> 384 | S25: =SUM(Щучинск:Успеноюрьевский!F25:F25)=F25 -> TRUE
A26: 2 | B26: 1 | E26: Доходы от государственной собственности | F26: =F27+F29+F31+F33 -> 97 | G26: =G27+G29+G31+G33 -> 9 | H26: =H27+H29+H31+H33 -> 9 | I26: =I27+I29+I31+I33 -> 9 | J26: =J27+J29+J31+J33 -> 6 | K26: =K27+K29+K31+K33 -> 9 | L26: =L27+L29+L31+L33 -> 8 | M26: =M27+M29+M31+M33 -> 7 | ... R26: =R27+R29+R31+R33 -> 9 | S26: =SUM(Щучинск:Успеноюрьевский!F26:F26)=F26 -> TRUE
A27: 2 | B27: 1 | C27: 1 | E27: Поступления части чистого дохода государственных предприятий | F27: =F28 -> 0 | G27: =G28 -> 0 | H27: =H28 -> 0 | I27: =I28 -> 0 | J27: =J28 -> 0 | K27: =K28 -> 0 | L27: =L28 -> 0 | M27: =M28 -> 0 | ... R27: =R28 -> 0 | S27: =SUM(Щучинск:Успеноюрьевский!F27:F27)=F27 -> TRUE
A28: 2 | B28: 1 | C28: 1 | D28: 2 | E28: Поступления части чистого дохода коммунальных государственных предприятий | F28: =SUM(G28:R28) -> 0 | G28: =SUM(Щучинск:Успеноюрьевский!G28:G28) -> 0 | H28: =SUM(Щучинск:Успеноюрьевский!H28:H28) -> 0 | I28: =SUM(Щучинск:Успеноюрьевский!I28:I28) -> 0 | J28: =SUM(Щучинск:Успеноюрьевский!J28:J28) -> 0 | K28: =SUM(Щучинск:Успеноюрьевский!K28:K28) -> 0 | L28: =SUM(Щучинск:Успеноюрьевский!L28:L28) -> 0 | M28: =SUM(Щучинск:Успеноюрьевский!M28:M28) -> 0 | N28: =SUM(Щучинск:Успеноюрьевский!N28:N28) -> 0 | ... R28: =SUM(Щучинск:Успеноюрьевский!R28:R28) -> 0 | S28: =SUM(Щучинск:Успеноюрьевский!F28:F28)=F28 -> TRUE
A29: 2 | B29: 1 | C29: 4 | E29: Доходы на доли участия в юридических лицах, находящиеся в государственной собственности | F29: =F30 -> 0 | G29: =G30 -> 0 | H29: =H30 -> 0 | I29: =I30 -> 0 | J29: =J30 -> 0 | K29: =K30 -> 0 | L29: =L30 -> 0 | M29: =M30 -> 0 | ... R29: =R30 -> 0 | S29: =SUM(Щучинск:Успеноюрьевский!F29:F29)=F29 -> TRUE
A30: 2 | B30: 1 | C30: 4 | D30: 2 | E30: Доходы на доли участия в юридических лицах, находящиеся в коммунальной собственности | F30: =SUM(G30:R30) -> 0 | G30: =SUM(Щучинск:Успеноюрьевский!G30:G30) -> 0 | H30: =SUM(Щучинск:Успеноюрьевский!H30:H30) -> 0 | I30: =SUM(Щучинск:Успеноюрьевский!I30:I30) -> 0 | J30: =SUM(Щучинск:Успеноюрьевский!J30:J30) -> 0 | K30: =SUM(Щучинск:Успеноюрьевский!K30:K30) -> 0 | L30: =SUM(Щучинск:Успеноюрьевский!L30:L30) -> 0 | M30: =SUM(Щучинск:Успеноюрьевский!M30:M30) -> 0 | N30: =SUM(Щучинск:Успеноюрьевский!N30:N30) -> 0 | ... R30: =SUM(Щучинск:Успеноюрьевский!R30:R30) -> 0 | S30: =SUM(Щучинск:Успеноюрьевский!F30:F30)=F30 -> TRUE
A31: 2 | B31: 1 | C31: 5 | E31: Доходы от аренды имущества, находящегося в государственной собственности | F31: =F32 -> 97 | G31: =G32 -> 9 | H31: =H32 -> 9 | I31: =I32 -> 9 | J31: =J32 -> 6 | K31: =K32 -> 9 | L31: =L32 -> 8 | M31: =M32 -> 7 | ... R31: =R32 -> 9 | S31: =SUM(Щучинск:Успеноюрьевский!F31:F31)=F31 -> TRUE
A32: 2 | B32: 1 | C32: 5 | D32: 10 | E32: Доходы от аренды имущества коммунальной собственности города районного значения, села, поселка, сельского округа | F32: =SUM(G32:R32) -> 97 | G32: =SUM(Щучинск:Успеноюрьевский!G32:G32) -> 9 | H32: =SUM(Щучинск:Успеноюрьевский!H32:H32) -> 9 | I32: =SUM(Щучинск:Успеноюрьевский!I32:I32) -> 9 | J32: =SUM(Щучинск:Успеноюрьевский!J32:J32) -> 6 | K32: =SUM(Щучинск:Успеноюрьевский!K32:K32) -> 9 | L32: =SUM(Щучинск:Успеноюрьевский!L32:L32) -> 8 | M32: =SUM(Щучинск:Успеноюрьевский!M32:M32) -> 7 | N32: =SUM(Щучинск:Успеноюрьевский!N32:N32) -> 8 | ... R32: =SUM(Щучинск:Успеноюрьевский!R32:R32) -> 9 | S32: =SUM(Щучинск:Успеноюрьевский!F32:F32)=F32 -> TRUE
A33: 2 | B33: 1 | C33: 7 | E33: Вознаграждения (интересы) по кредитам,выданным из государственного бюджета | F33: =SUM(F34:F36) -> 0 | G33: =SUM(G34:G36) -> 0 | H33: =SUM(H34:H36) -> 0 | I33: =SUM(I34:I36) -> 0 | J33: =SUM(J34:J36) -> 0 | K33: =SUM(K34:K36) -> 0 | L33: =SUM(L34:L36) -> 0 | M33: =SUM(M34:M36) -> 0 | ... R33: =SUM(R34:R36) -> 0 | S33: =SUM(Щучинск:Успеноюрьевский!F33:F33)=F33 -> TRUE
A34: 2 | B34: 1 | C34: 7 | D34: 6 | E34: Вознаграждения по бюджетным кредитам, выданным из местного бюджета специализированным организациям | F34: =SUM(G34:R34) -> 0 | G34: =SUM(Щучинск:Успеноюрьевский!G34:G34) -> 0 | H34: =SUM(Щучинск:Успеноюрьевский!H34:H34) -> 0 | I34: =SUM(Щучинск:Успеноюрьевский!I34:I34) -> 0 | J34: =SUM(Щучинск:Успеноюрьевский!J34:J34) -> 0 | K34: =SUM(Щучинск:Успеноюрьевский!K34:K34) -> 0 | L34: =SUM(Щучинск:Успеноюрьевский!L34:L34) -> 0 | M34: =SUM(Щучинск:Успеноюрьевский!M34:M34) -> 0 | N34: =SUM(Щучинск:Успеноюрьевский!N34:N34) -> 0 | ... R34: =SUM(Щучинск:Успеноюрьевский!R34:R34) -> 0 | S34: =SUM(Щучинск:Успеноюрьевский!F34:F34)=F34 -> TRUE
A35: 2 | B35: 1 | C35: 7 | D35: 13 | E35: Вознаграждения по бюджетным кредитам, выданным из местного бюджета физическим лицам | F35: =SUM(G35:R35) -> 0 | G35: =SUM(Щучинск:Успеноюрьевский!G35:G35) -> 0 | H35: =SUM(Щучинск:Успеноюрьевский!H35:H35) -> 0 | I35: =SUM(Щучинск:Успеноюрьевский!I35:I35) -> 0 | J35: =SUM(Щучинск:Успеноюрьевский!J35:J35) -> 0 | K35: =SUM(Щучинск:Успеноюрьевский!K35:K35) -> 0 | L35: =SUM(Щучинск:Успеноюрьевский!L35:L35) -> 0 | M35: =SUM(Щучинск:Успеноюрьевский!M35:M35) -> 0 | N35: =SUM(Щучинск:Успеноюрьевский!N35:N35) -> 0 | ... R35: =SUM(Щучинск:Успеноюрьевский!R35:R35) -> 0 | S35: =SUM(Щучинск:Успеноюрьевский!F35:F35)=F35 -> TRUE
A36: 2 | B36: 1 | C36: 7 | D36: 18 | E36: Вознаграждения по бюджетным кредитам, выданным из местного бюджета юридическим лицам, за исключением специализированных организаций | F36: =SUM(G36:R36) -> 0 | G36: =SUM(Щучинск:Успеноюрьевский!G36:G36) -> 0 | H36: =SUM(Щучинск:Успеноюрьевский!H36:H36) -> 0 | I36: =SUM(Щучинск:Успеноюрьевский!I36:I36) -> 0 | J36: =SUM(Щучинск:Успеноюрьевский!J36:J36) -> 0 | K36: =SUM(Щучинск:Успеноюрьевский!K36:K36) -> 0 | L36: =SUM(Щучинск:Успеноюрьевский!L36:L36) -> 0 | M36: =SUM(Щучинск:Успеноюрьевский!M36:M36) -> 0 | N36: =SUM(Щучинск:Успеноюрьевский!N36:N36) -> 0 | ... R36: =SUM(Щучинск:Успеноюрьевский!R36:R36) -> 0 | S36: =SUM(Щучинск:Успеноюрьевский!F36:F36)=F36 -> TRUE
A37: 2 | B37: 2 | E37: Поступления от реализации товаров (работ, услуг) государственными учреждениями, финансируемыми из государственного бюджета | F37: =F38 -> 0 | G37: =G38 -> 0 | H37: =H38 -> 0 | I37: =I38 -> 0 | J37: =J38 -> 0 | K37: =K38 -> 0 | L37: =L38 -> 0 | M37: =M38 -> 0 | ... R37: =R38 -> 0 | S37: =SUM(Щучинск:Успеноюрьевский!F37:F37)=F37 -> TRUE
A38: 2 | B38: 2 | C38: 1 | E38: Поступления от реализации товаров (работ, услуг) государственными учреждениями, финансируемыми из государственного бюджета | F38: =F39 -> 0 | G38: =G39 -> 0 | H38: =H39 -> 0 | I38: =I39 -> 0 | J38: =J39 -> 0 | K38: =K39 -> 0 | L38: =L39 -> 0 | M38: =M39 -> 0 | ... R38: =R39 -> 0 | S38: =SUM(Щучинск:Успеноюрьевский!F38:F38)=F38 -> TRUE
A39: 2 | B39: 2 | C39: 1 | D39: 2 | E39: Поступления от реализации товаров (работ, услуг) государственными учреждениями, финансируемыми из республиканского бюджета | F39: =G39+H39+I39+J39+K39+L39+M39+N39+O39+P39+Q39+R39 -> 0 | G39: =SUM(Щучинск:Успеноюрьевский!G39:G39) -> 0 | H39: =SUM(Щучинск:Успеноюрьевский!H39:H39) -> 0 | I39: =SUM(Щучинск:Успеноюрьевский!I39:I39) -> 0 | J39: =SUM(Щучинск:Успеноюрьевский!J39:J39) -> 0 | K39: =SUM(Щучинск:Успеноюрьевский!K39:K39) -> 0 | L39: =SUM(Щучинск:Успеноюрьевский!L39:L39) -> 0 | M39: =SUM(Щучинск:Успеноюрьевский!M39:M39) -> 0 | N39: =SUM(Щучинск:Успеноюрьевский!N39:N39) -> 0 | ... R39: =SUM(Щучинск:Успеноюрьевский!R39:R39) -> 0 | S39: =SUM(Щучинск:Успеноюрьевский!F39:F39)=F39 -> TRUE
A40: 2 | B40: 3 | E40: Поступления денег от проведения государственных закупок, организуемых государственными учреждениями, финансируемыми из государственного бюджета | F40: =F41 -> 0 | G40: =G41 -> 0 | H40: =H41 -> 0 | I40: =I41 -> 0 | J40: =J41 -> 0 | K40: =K41 -> 0 | L40: =L41 -> 0 | M40: =M41 -> 0 | ... R40: =R41 -> 0 | S40: =SUM(Щучинск:Успеноюрьевский!F40:F40)=F40 -> TRUE
A41: 2 | B41: 3 | C41: 1 | E41: Поступления денег от проведения государственных закупок, организуемых государственными учреждениями, финансируемыми из государственного бюджета | F41: =F42 -> 0 | G41: =G42 -> 0 | H41: =H42 -> 0 | I41: =I42 -> 0 | J41: =J42 -> 0 | K41: =K42 -> 0 | L41: =L42 -> 0 | M41: =M42 -> 0 | ... R41: =R42 -> 0 | S41: =SUM(Щучинск:Успеноюрьевский!F41:F41)=F41 -> TRUE
A42: 2 | B42: 3 | C42: 1 | D42: 2 | E42: Поступления денег от проведения государственных закупок, организуемых государственными учреждениями, финансируемыми из местного бюджета | F42: =SUM(G42:R42) -> 0 | G42: =SUM(Щучинск:Успеноюрьевский!G42:G42) -> 0 | H42: =SUM(Щучинск:Успеноюрьевский!H42:H42) -> 0 | I42: =SUM(Щучинск:Успеноюрьевский!I42:I42) -> 0 | J42: =SUM(Щучинск:Успеноюрьевский!J42:J42) -> 0 | K42: =SUM(Щучинск:Успеноюрьевский!K42:K42) -> 0 | L42: =SUM(Щучинск:Успеноюрьевский!L42:L42) -> 0 | M42: =SUM(Щучинск:Успеноюрьевский!M42:M42) -> 0 | N42: =SUM(Щучинск:Успеноюрьевский!N42:N42) -> 0 | ... R42: =SUM(Щучинск:Успеноюрьевский!R42:R42) -> 0 | S42: =SUM(Щучинск:Успеноюрьевский!F42:F42)=F42 -> TRUE
A43: 2 | B43: 4 | E43: Штрафы, пени, санкции, взыскания, налагаемые государственными учреждениями, финансируемыми из государственного бюджета, а также содержащимися и финансируемыми из бюджета (сметы расходов) Национального Банка Республики Казахстан | F43: =F44 -> 7736 | G43: =G44 -> 295 | H43: =H44 -> 295 | I43: =I44 -> 360 | J43: =J44 -> 565 | K43: =K44 -> 954 | L43: =L44 -> 1149 | M43: =M44 -> 1016 | ... R43: =R44 -> 375 | S43: =SUM(Щучинск:Успеноюрьевский!F43:F43)=F43 -> TRUE
A44: 2 | B44: 4 | C44: 1 | E44: Штрафы, пени, санкции, взыскания, налагаемые государственными учреждениями, финансируемыми из государственного бюджета, а также содержащимися и финансируемыми из бюджета (сметы расходов) Национального Банка Республики Казахстан, за исключением поступлений от организаций нефтяного сектора | F44: =SUM(F45:F46) -> 7736 | G44: =SUM(G45:G46) -> 295 | H44: =SUM(H45:H46) -> 295 | I44: =SUM(I45:I46) -> 360 | J44: =SUM(J45:J46) -> 565 | K44: =SUM(K45:K46) -> 954 | L44: =SUM(L45:L46) -> 1149 | M44: =SUM(M45:M46) -> 1016 | ... R44: =SUM(R45:R46) -> 375 | S44: =SUM(Щучинск:Успеноюрьевский!F44:F44)=F44 -> TRUE
A45: 2 | B45: 4 | C45: 1 | D45: 14 | E45: Прочие штрафы, пени, санкции, взыскания, налагаемые государственными учреждениями, финансируемыми из местного бюджета | F45: =SUM(G45:R45) -> 0 | G45: =SUM(Щучинск:Успеноюрьевский!G45:G45) -> 0 | H45: =SUM(Щучинск:Успеноюрьевский!H45:H45) -> 0 | I45: =SUM(Щучинск:Успеноюрьевский!I45:I45) -> 0 | J45: =SUM(Щучинск:Успеноюрьевский!J45:J45) -> 0 | K45: =SUM(Щучинск:Успеноюрьевский!K45:K45) -> 0 | L45: =SUM(Щучинск:Успеноюрьевский!L45:L45) -> 0 | M45: =SUM(Щучинск:Успеноюрьевский!M45:M45) -> 0 | N45: =SUM(Щучинск:Успеноюрьевский!N45:N45) -> 0 | ... R45: =SUM(Щучинск:Успеноюрьевский!R45:R45) -> 0 | S45: =SUM(Щучинск:Успеноюрьевский!F45:F45)=F45 -> TRUE
A46: 2 | B46: 4 | C46: 1 | D46: 70 | E46: Административные штрафы, пени, санкции, взыскания, налагаемые акимами города районного значения, села, поселка, сельского округа | F46: =SUM(G46:R46) -> 7736 | G46: =SUM(Щучинск:Успеноюрьевский!G46:G46) -> 295 | H46: =SUM(Щучинск:Успеноюрьевский!H46:H46) -> 295 | I46: =SUM(Щучинск:Успеноюрьевский!I46:I46) -> 360 | J46: =SUM(Щучинск:Успеноюрьевский!J46:J46) -> 565 | K46: =SUM(Щучинск:Успеноюрьевский!K46:K46) -> 954 | L46: =SUM(Щучинск:Успеноюрьевский!L46:L46) -> 1149 | M46: =SUM(Щучинск:Успеноюрьевский!M46:M46) -> 1016 | N46: =SUM(Щучинск:Успеноюрьевский!N46:N46) -> 860 | ... R46: =SUM(Щучинск:Успеноюрьевский!R46:R46) -> 375 | S46: =SUM(Щучинск:Успеноюрьевский!F46:F46)=F46 -> TRUE
A47: 2 | B47: 6 | E47: Прочие неналоговые поступления | F47: =F48 -> 2072 | G47: =G48 -> 0 | H47: =H48 -> 0 | I47: =I48 -> 0 | J47: =J48 -> 0 | K47: =K48 -> 300 | L47: =L48 -> 500 | M47: =M48 -> 950 | ... R47: =R48 -> 0 | S47: =SUM(Щучинск:Успеноюрьевский!F47:F47)=F47 -> TRUE
A48: 2 | B48: 6 | C48: 1 | E48: Прочие неналоговые поступления | F48: =SUM(F50:F53) -> 2072 | G48: =SUM(G51:G53) -> 0 | H48: =SUM(H51:H53) -> 0 | I48: =SUM(I51:I53) -> 0 | J48: =SUM(J51:J53) -> 0 | K48: =SUM(K51:K53) -> 300 | L48: =SUM(L51:L53) -> 500 | M48: =SUM(M50:M53) -> 950 | N48: =SUM(N50:N53) -> 322 | O48: =SUM(O50:O53) -> 0 | P48: =SUM(P50:P53) -> 0 | Q48: =SUM(Q50:Q53) -> 0 | R48: =SUM(R50:R53) -> 0 | S48: =SUM(Щучинск:Успеноюрьевский!F48:F48)=F48 -> TRUE
A49: 2 | B49: 6 | C49: 1 | D49: 5 | E49: Поступления дебиторской, депонентской задолженности государственных учреждений, финансируемых из местного бюджета | F49: =SUM(G49:R49) -> 0 | G49: =SUM(Щучинск:Успеноюрьевский!G49:G49) -> 0 | H49: =SUM(Щучинск:Успеноюрьевский!H49:H49) -> 0 | I49: =SUM(Щучинск:Успеноюрьевский!I49:I49) -> 0 | J49: =SUM(Щучинск:Успеноюрьевский!J49:J49) -> 0 | K49: =SUM(Щучинск:Успеноюрьевский!K49:K49) -> 0 | L49: =SUM(Щучинск:Успеноюрьевский!L49:L49) -> 0 | M49: =SUM(Щучинск:Успеноюрьевский!M49:M49) -> 0 | N49: =SUM(Щучинск:Успеноюрьевский!N49:N49) -> 0 | ... R49: =SUM(Щучинск:Успеноюрьевский!R49:R49) -> 0 | S49: =SUM(Щучинск:Успеноюрьевский!F49:F49)=F49 -> TRUE
A50: 2 | B50: 6 | C50: 1 | D50: 7 | E50: Возврат неиспользованных средств, ранее полученных из местного бюджета | F50: =SUM(G50:R50) -> 0 | G50: =SUM(Щучинск:Успеноюрьевский!G50:G50) -> 0 | H50: =SUM(Щучинск:Успеноюрьевский!H50:H50) -> 0 | I50: =SUM(Щучинск:Успеноюрьевский!I50:I50) -> 0 | J50: =SUM(Щучинск:Успеноюрьевский!J50:J50) -> 0 | K50: =SUM(Щучинск:Успеноюрьевский!K50:K50) -> 0 | L50: =SUM(Щучинск:Успеноюрьевский!L50:L50) -> 0 | M50: =SUM(Щучинск:Успеноюрьевский!M50:M50) -> 0 | N50: =SUM(Щучинск:Успеноюрьевский!N50:N50) -> 0 | ... R50: =SUM(Щучинск:Успеноюрьевский!R50:R50) -> 0 | S50: =SUM(Щучинск:Успеноюрьевский!F50:F50)=F50 -> TRUE
A51: 2 | B51: 6 | C51: 1 | D51: 9 | E51: Другие неналоговые поступления в местный бюджет | F51: =SUM(G51:R51) -> 0 | G51: =SUM(Щучинск:Успеноюрьевский!G51:G51) -> 0 | H51: =SUM(Щучинск:Успеноюрьевский!H51:H51) -> 0 | I51: =SUM(Щучинск:Успеноюрьевский!I51:I51) -> 0 | J51: =SUM(Щучинск:Успеноюрьевский!J51:J51) -> 0 | K51: =SUM(Щучинск:Успеноюрьевский!K51:K51) -> 0 | L51: =SUM(Щучинск:Успеноюрьевский!L51:L51) -> 0 | M51: =SUM(Щучинск:Успеноюрьевский!M51:M51) -> 0 | N51: =SUM(Щучинск:Успеноюрьевский!N51:N51) -> 0 | ... R51: =SUM(Щучинск:Успеноюрьевский!R51:R51) -> 0 | S51: =SUM(Щучинск:Успеноюрьевский!F51:F51)=F51 -> TRUE
A52: 2 | B52: 6 | C52: 1 | D52: 15 | E52: Добровольные сборы физических и юридических лиц | F52: =SUM(G52:R52) -> 2072 | G52: =SUM(Щучинск:Успеноюрьевский!G52:G52) -> 0 | H52: =SUM(Щучинск:Успеноюрьевский!H52:H52) -> 0 | I52: =SUM(Щучинск:Успеноюрьевский!I52:I52) -> 0 | J52: =SUM(Щучинск:Успеноюрьевский!J52:J52) -> 0 | K52: =SUM(Щучинск:Успеноюрьевский!K52:K52) -> 300 | L52: =SUM(Щучинск:Успеноюрьевский!L52:L52) -> 500 | M52: =SUM(Щучинск:Успеноюрьевский!M52:M52) -> 950 | N52: =SUM(Щучинск:Успеноюрьевский!N52:N52) -> 322 | ... R52: =SUM(Щучинск:Успеноюрьевский!R52:R52) -> 0 | S52: =SUM(Щучинск:Успеноюрьевский!F52:F52)=F52 -> TRUE
A53: 2 | B53: 6 | C53: 1 | D53: 17 | E53: Поступления остатков средств с контрольного счета наличности местного самоуправления | F53: =SUM(G53:R53) -> 0 | G53: =SUM(Щучинск:Успеноюрьевский!G53:G53) -> 0 | H53: =SUM(Щучинск:Успеноюрьевский!H53:H53) -> 0 | I53: =SUM(Щучинск:Успеноюрьевский!I53:I53) -> 0 | J53: =SUM(Щучинск:Успеноюрьевский!J53:J53) -> 0 | K53: =SUM(Щучинск:Успеноюрьевский!K53:K53) -> 0 | L53: =SUM(Щучинск:Успеноюрьевский!L53:L53) -> 0 | M53: =SUM(Щучинск:Успеноюрьевский!M53:M53) -> 0 | N53: =SUM(Щучинск:Успеноюрьевский!N53:N53) -> 0 | ... R53: =SUM(Щучинск:Успеноюрьевский!R53:R53) -> 0 | S53: =SUM(Щучинск:Успеноюрьевский!F53:F53)=F53 -> TRUE
A54: Поступления от продажи основного капитала | F54: =F55 -> 0 | G54: =G55 -> 0 | H54: =H55 -> 0 | I54: =I55 -> 0 | J54: =J55 -> 0 | K54: =K55 -> 0 | L54: =L55 -> 0 | M54: =M55 -> 0 | ... R54: =R55 -> 0 | S54: =SUM(Щучинск:Успеноюрьевский!F54:F54)=F54 -> TRUE
A55: 3 | B55: 1 | E55: Продажа государственного имущества, закрепленного за государственными учреждениями | F55: =F56 -> 0 | G55: =G56 -> 0 | H55: =H56 -> 0 | I55: =I56 -> 0 | J55: =J56 -> 0 | K55: =K56 -> 0 | L55: =L56 -> 0 | M55: =M56 -> 0 | ... R55: =R56 -> 0 | S55: =SUM(Щучинск:Успеноюрьевский!F55:F55)=F55 -> TRUE
A56: 3 | B56: 1 | C56: 1 | E56: Продажа государственного имущества, закрепленного за государственными учреждениями | F56: =SUM(F57:F57) -> 0 | G56: =SUM(G57:G57) -> 0 | H56: =SUM(H57:H57) -> 0 | I56: =SUM(I57:I57) -> 0 | J56: =SUM(J57:J57) -> 0 | K56: =SUM(K57:K57) -> 0 | L56: =SUM(L57:L57) -> 0 | M56: =SUM(M57:M57) -> 0 | ... R56: =SUM(R57:R57) -> 0 | S56: =SUM(Щучинск:Успеноюрьевский!F56:F56)=F56 -> TRUE
A57: 3 | B57: 1 | C57: 1 | D57: 2 | E57: Поступления от продажи имущества, закрепленного за государственными учреждениями, финансируемыми из местного бюджета | F57: =SUM(G57:R57) -> 0 | G57: =SUM(Щучинск:Успеноюрьевский!G57:G57) -> 0 | H57: =SUM(Щучинск:Успеноюрьевский!H57:H57) -> 0 | I57: =SUM(Щучинск:Успеноюрьевский!I57:I57) -> 0 | J57: =SUM(Щучинск:Успеноюрьевский!J57:J57) -> 0 | K57: =SUM(Щучинск:Успеноюрьевский!K57:K57) -> 0 | L57: =SUM(Щучинск:Успеноюрьевский!L57:L57) -> 0 | M57: =SUM(Щучинск:Успеноюрьевский!M57:M57) -> 0 | N57: =SUM(Щучинск:Успеноюрьевский!N57:N57) -> 0 | ... R57: =SUM(Щучинск:Успеноюрьевский!R57:R57) -> 0 | S57: =SUM(Щучинск:Успеноюрьевский!F57:F57)=F57 -> TRUE

Sheet Щучинск
D1: ФОРМУ НЕ ИЗМЕНЯТЬ. СТРОКИ, СТОЛБЦЫ, ФОРМУЛЫ НЕ СКРЫВАТЬ, НЕ УДАЛЯТЬ
P2: Приложение № 1
E3: Распределение доходов бюджета на 2020 год по КГУ Аппарат акима города Щучинск Бурабайского района
F4: по состоянию на 31.01.2020 г.
A6: КАТЕГОРИЯ | F6: План года | G6: План года по месяцам
B7: КЛАСС
C8: ПОДКЛАСС
D9: СПЕЦИФИКА | G9: январь | H9: февраль | I9: март | J9: апрель | K9: май | L9: июнь | M9: июль | N9: август | O9: сентябрь | P9: октябрь | Q9: ноябрь | R9: декабрь
E10: ДОХОДЫ | F10: =F11+F25+F54 -> 309198 | G10: =G11+G25+G54 -> 11770 | H10: =H11+H25+H54 -> 49133 | I10: =I11+I25+I54 -> 19814 | J10: =J11+J25+J54 -> 32219 | K10: =K11+K25+K54 -> 21790 | L10: =L11+L25+L54 -> 17491 | M10: =M11+M25+M54 -> 26585 | ... R10: =R11+R25+R54 -> 16936
A11: 1 | E11: HАЛОГОВЫЕ ПОСТУПЛЕHИЯ | F11: =F12+F15+F23 -> 305607 | G11: =G12+G15+G23 -> 11471 | H11: =H12+H15+H23 -> 48834 | I11: =I12+I15+I23 -> 19515 | J11: =J12+J15+J23 -> 31921 | K11: =K12+K15+K23 -> 21491 | L11: =L12+L15+L23 -> 17191 | M11: =M12+M15+M23 -> 26286 | ... R11: =R12+R15+R23 -> 16637
A12: 1 | B12: 1 | E12: Подоходный налог | F12: =F13 -> 167323 | G12: =G13 -> 3674 | H12: =H13 -> 34877 | I12: =I13 -> 10434 | J12: =J13 -> 15461 | K12: =K13 -> 10000 | L12: =L13 -> 8604 | M12: =M13 -> 15709 | ... R12: =R13 -> 10674
A13: 1 | B13: 1 | C13: 2 | E13: Индивидуальный подоходный налог | F13: =SUM(F14:F14) -> 167323 | G13: =SUM(G14:G14) -> 3674 | H13: =SUM(H14) -> 34877 | I13: =SUM(I14:I14) -> 10434 | J13: =SUM(J14:J14) -> 15461 | K13: =SUM(K14:K14) -> 10000 | L13: =SUM(L14:L14) -> 8604 | M13: =SUM(M14:M14) -> 15709 | N13: =SUM(N14:N14) -> 25971 | O13: =SUM(O14:O14) -> 15974 | P13: =SUM(P14:P14) -> 5944 | ... R13: =SUM(R14:R14) -> 10674
A14: 1 | B14: 1 | C14: 2 | D14: 2 | E14: Индивидуальный подоходный налог с доходов, не облагаемых у источника выплаты | F14: =SUM(G14:R14) -> 167323 | G14: 3674 | H14: 34877 | I14: 10434 | J14: 15461 | K14: 10000 | L14: 8604 | M14: 15709 | N14: 25971 | O14: 15974 | P14: 5944 | Q14: 10001 | R14: 10674
A15: 1 | B15: 4 | E15: Налоги на собственность | F15: =F16+F18+F20 -> 132476 | G15: =G16+G18+G20 -> 7359 | H15: =H16+H18+H20 -> 13373 | I15: =I16+I18+I20 -> 9045 | J15: =J16+J18+J20 -> 16453 | K15: =K16+K18+K20 -> 10843 | L15: =L16+L18+L20 -> 7439 | M15: =M16+M18+M20 -> 10415 | ... R15: =R16+R18+R20 -> 5863
A16: 1 | B16: 4 | C16: 1 | E16: Налоги на имущество | F16: =SUM(F17:F17) -> 12481 | G16: =SUM(G17:G17) -> 709 | H16: =SUM(H17:H17) -> 650 | I16: =SUM(I17:I17) -> 1045 | J16: =SUM(J17:J17) -> 2564 | K16: =SUM(K17:K17) -> 750 | L16: =SUM(L17:L17) -> 540 | M16: =SUM(M17:M17) -> 945 | ... R16: =SUM(R17:R17) -> 504
A17: 1 | B17: 4 | C17: 1 | D17: 2 | E17: Налог на имущество физических лиц | F17: =SUM(G17:R17) -> 12481 | G17: 709 | H17: 650 | I17: 1045 | J17: 2564 | K17: 750 | L17: 540 | M17: 945 | N17: 1084 | O17: 1597 | P17: 1409 | Q17: 684 | R17: 504
A18: 1 | B18: 4 | C18: 3 | E18: Земельный налог | F18: =SUM(F19:F19) -> 64712 | G18: =SUM(G19:G19) -> 2045 | H18: =SUM(H19:H19) -> 9540 | I18: =SUM(I19:I19) -> 1543 | J18: =SUM(J19:J19) -> 8043 | K18: =SUM(K19:K19) -> 8093 | L18: =SUM(L19:L19) -> 941 | M18: =SUM(M19:M19) -> 3055 | ... R18: =SUM(R19:R19) -> 2405
A19: 16 | B19: 4 | C19: 3 | D19: 2 | E19: Земельный налог | F19: =SUM(G19:R19) -> 64712 | G19: 2045 | H19: 9540 | I19: 1543 | J19: 8043 | K19: 8093 | L19: 941 | M19: 3055 | N19: 5035 | O19: 5940 | P19: 6401 | Q19: 11671 | R19: 2405
A20: 1 | B20: 4 | C20: 4 | E20: Налог на транспортные средства | F20: =SUM(F21:F22) -> 55283 | G20: =G21+G22 -> 4605 | H20: =H21+H22 -> 3183 | I20: =I21+I22 -> 6457 | J20: =J21+J22 -> 5846 | K20: =K21+K22 -> 2000 | L20: =L21+L22 -> 5958 | M20: =M21+M22 -> 6415 | N20: =N21+N22 -> 11505 | ... R20: =R21+R22 -> 2954
A21: 1 | B21: 4 | C21: 4 | D21: 1 | E21: Налог на транспортные средства с юридических лиц | F21: =SUM(G21:R21) -> 30651 | G21: 1950 | H21: 1543 | I21: 3412 | J21: 905 | K21: 600 | L21: 4454 | M21: 5406 | N21: 10054 | O21: 1504 | P21: 100 | Q21: 219 | R21: 504
A22: 1 | B22: 4 | C22: 4 | D22: 2 | E22: Налог на транспортные средства с физических лиц | F22: =SUM(G22:R22) -> 24632 | G22: 2655 | H22: 1640 | I22: 3045 | J22: 4941 | K22: 1400 | L22: 1504 | M22: 1009 | N22: 1451 | O22: 1450 | P22: 1044 | Q22: 2043 | R22: 2450
A23: 1 | B23: 5 | C23: 4 | E23: Сборы за ведение предпринимательской и профессиональной деятельности | F23: =SUM(G23:R23) -> 5808 | G23: =SUM(G24:G24) -> 438 | H23: =SUM(H24:H24) -> 584 | I23: =SUM(I24:I24) -> 36 | J23: =SUM(J24:J24) -> 7 | K23: =SUM(K24:K24) -> 648 | L23: =SUM(L24:L24) -> 1148 | M23: =SUM(M24:M24) -> 162 | N23: =SUM(N24:N24) -> 1123 | ... R23: =SUM(R24:R24) -> 100
A24: 1 | B24: 5 | C24: 4 | D24: 30 | E24: Плата за размещение наружной (визуальной) рекламы на объектах стационарного размещения рекламы в полосе отвода автомобильных дорог общего пользования республиканского, областного и районного значения, проходящих через территории городов районного значения, сел, поселков, сельских округов и на открытом пространстве за пределами помещений в городе районного значения, селе, поселке | F24: =SUM(G24:R24) -> 5808 | G24: 438 | H24: 584 | I24: 36 | J24: 7 | K24: 648 | L24: 1148 | M24: 162 | N24: 1123 | O24: 145 | P24: 733 | Q24: 684 | R24: 100
A25: 2 | E25: НЕHАЛОГОВЫЕ ПОСТУПЛЕHИЯ | F25: =F26+F37+F40+F43+F47 -> 3591 | G25: =G26+G37+G40+G43+G47 -> 299 | H25: =H26+H37+H40+H43+H47 -> 299 | I25: =I26+I37+I40+I43+I47 -> 299 | J25: =J26+J37+J40+J43+J47 -> 298 | K25: =K26+K37+K40+K43+K47 -> 299 | L25: =L26+L37+L40+L43+L47 -> 300 | M25: =M26+M37+M40+M43+M47 -> 299 | ... R25: =R26+R37+R40+R43+R47 -> 299
A26: 2 | B26: 1 | E26: Доходы от государственной собственности | F26: =F27+F29+F31+F33 -> 51 | G26: =G27+G29+G31+G33 -> 4 | H26: =H27+H29+H31+H33 -> 4 | I26: =I27+I29+I31+I33 -> 4 | J26: =J27+J29+J31+J33 -> 3 | K26: =K27+K29+K31+K33 -> 4 | L26: =L27+L29+L31+L33 -> 5 | M26: =M27+M29+M31+M33 -> 4 | ... R26: =R27+R29+R31+R33 -> 4
A27: 2 | B27: 1 | C27: 1 | E27: Поступления части чистого дохода государственных предприятий | F27: =F28 -> 0 | G27: =G28 -> 0 | H27: =H28 -> 0 | I27: =I28 -> 0 | J27: =J28 -> 0 | K27: =K28 -> 0 | L27: =L28 -> 0 | M27: =M28 -> 0 | ... R27: =R28 -> 0
A28: 2 | B28: 1 | C28: 1 | D28: 2 | E28: Поступления части чистого дохода коммунальных государственных предприятий | F28: =SUM(G28:R28) -> 0
A29: 2 | B29: 1 | C29: 4 | E29: Доходы на доли участия в юридических лицах, находящиеся в государственной собственности | F29: =F30 -> 0 | G29: =G30 -> 0 | H29: =H30 -> 0 | I29: =I30 -> 0 | J29: =J30 -> 0 | K29: =K30 -> 0 | L29: =L30 -> 0 | M29: =M30 -> 0 | ... R29: =R30 -> 0
A30: 2 | B30: 1 | C30: 4 | D30: 2 | E30: Доходы на доли участия в юридических лицах, находящиеся в коммунальной собственности | F30: =SUM(G30:R30) -> 0
A31: 2 | B31: 1 | C31: 5 | E31: Доходы от аренды имущества, находящегося в государственной собственности | F31: =F32 -> 51 | G31: =G32 -> 4 | H31: =H32 -> 4 | I31: =I32 -> 4 | J31: =J32 -> 3 | K31: =K32 -> 4 | L31: =L32 -> 5 | M31: =M32 -> 4 | ... R31: =R32 -> 4
A32: 2 | B32: 1 | C32: 5 | D32: 10 | E32: Доходы от аренды имущества коммунальной собственности города районного значения, села, поселка, сельского округа | F32: =SUM(G32:R32) -> 51 | G32: 4 | H32: 4 | I32: 4 | J32: 3 | K32: 4 | L32: 5 | M32: 4 | N32: 5 | O32: 5 | P32: 5 | Q32: 4 | R32: 4
A33: 2 | B33: 1 | C33: 7 | E33: Вознаграждения (интересы) по кредитам,выданным из государственного бюджета | F33: =SUM(F34:F36) -> 0 | G33: =SUM(G34:G36) -> 0 | H33: =SUM(H34:H36) -> 0 | I33: =SUM(I34:I36) -> 0 | J33: =SUM(J34:J36) -> 0 | K33: =SUM(K34:K36) -> 0 | L33: =SUM(L34:L36) -> 0 | M33: =SUM(M34:M36) -> 0 | ... R33: =SUM(R34:R36) -> 0
A34: 2 | B34: 1 | C34: 7 | D34: 6 | E34: Вознаграждения по бюджетным кредитам, выданным из местного бюджета специализированным организациям | F34: =SUM(G34:R34) -> 0
A35: 2 | B35: 1 | C35: 7 | D35: 13 | E35: Вознаграждения по бюджетным кредитам, выданным из местного бюджета физическим лицам | F35: =SUM(G35:R35) -> 0
A36: 2 | B36: 1 | C36: 7 | D36: 18 | E36: Вознаграждения по бюджетным кредитам, выданным из местного бюджета юридическим лицам, за исключением специализированных организаций | F36: =SUM(G36:R36) -> 0
A37: 2 | B37: 2 | E37: Поступления от реализации товаров (работ, услуг) государственными учреждениями, финансируемыми из государственного бюджета | F37: =F38 -> 0 | G37: =G38 -> 0 | H37: =H38 -> 0 | I37: =I38 -> 0 | J37: =J38 -> 0 | K37: =K38 -> 0 | L37: =L38 -> 0 | M37: =M38 -> 0 | ... R37: =R38 -> 0
A38: 2 | B38: 2 | C38: 1 | E38: Поступления от реализации товаров (работ, услуг) государственными учреждениями, финансируемыми из государственного бюджета | F38: =F39 -> 0 | G38: =G39 -> 0 | H38: =H39 -> 0 | I38: =I39 -> 0 | J38: =J39 -> 0 | K38: =K39 -> 0 | L38: =L39 -> 0 | M38: =M39 -> 0 | ... R38: =R39 -> 0
A39: 2 | B39: 2 | C39: 1 | D39: 2 | E39: Поступления от реализации товаров (работ, услуг) государственными учреждениями, финансируемыми из республиканского бюджета | F39: =G39+H39+I39+J39+K39+L39+M39+N39+O39+P39+Q39+R39 -> 0
A40: 2 | B40: 3 | E40: Поступления денег от проведения государственных закупок, организуемых государственными учреждениями, финансируемыми из государственного бюджета | F40: =F41 -> 0 | G40: =G41 -> 0 | H40: =H41 -> 0 | I40: =I41 -> 0 | J40: =J41 -> 0 | K40: =K41 -> 0 | L40: =L41 -> 0 | M40: =M41 -> 0 | ... R40: =R41 -> 0
A41: 2 | B41: 3 | C41: 1 | E41: Поступления денег от проведения государственных закупок, организуемых государственными учреждениями, финансируемыми из государственного бюджета | F41: =F42 -> 0 | G41: =G42 -> 0 | H41: =H42 -> 0 | I41: =I42 -> 0 | J41: =J42 -> 0 | K41: =K42 -> 0 | L41: =L42 -> 0 | M41: =M42 -> 0 | ... R41: =R42 -> 0
A42: 2 | B42: 3 | C42: 1 | D42: 2 | E42: Поступления денег от проведения государственных закупок, организуемых государственными учреждениями, финансируемыми из местного бюджета | F42: =SUM(G42:R42) -> 0
A43: 2 | B43: 4 | E43: Штрафы, пени, санкции, взыскания, налагаемые государственными учреждениями, финансируемыми из государственного бюджета, а также содержащимися и финансируемыми из бюджета (сметы расходов) Национального Банка Республики Казахстан | F43: =F44 -> 3540 | G43: =G44 -> 295 | H43: =H44 -> 295 | I43: =I44 -> 295 | J43: =J44 -> 295 | K43: =K44 -> 295 | L43: =L44 -> 295 | M43: =M44 -> 295 | ... R43: =R44 -> 295
A44: 2 | B44: 4 | C44: 1 | E44: Штрафы, пени, санкции, взыскания, налагаемые государственными учреждениями, финансируемыми из государственного бюджета, а также содержащимися и финансируемыми из бюджета (сметы расходов) Национального Банка Республики Казахстан, за исключением поступлений от организаций нефтяного сектора | F44: =SUM(F45:F46) -> 3540 | G44: =SUM(G45:G46) -> 295 | H44: =SUM(H45:H46) -> 295 | I44: =SUM(I45:I46) -> 295 | J44: =SUM(J45:J46) -> 295 | K44: =SUM(K45:K46) -> 295 | L44: =SUM(L45:L46) -> 295 | M44: =SUM(M45:M46) -> 295 | ... R44: =SUM(R45:R46) -> 295
A45: 2 | B45: 4 | C45: 1 | D45: 14 | E45: Прочие штрафы, пени, санкции, взыскания, налагаемые государственными учреждениями, финансируемыми из местного бюджета | F45: =SUM(G45:R45) -> 0
A46: 2 | B46: 4 | C46: 1 | D46: 70 | E46: Административные штрафы, пени, санкции, взыскания, налагаемые акимами города районного значения, села, поселка, сельского округа | F46: =SUM(G46:R46) -> 3540 | G46: 295 | H46: 295 | I46: 295 | J46: 295 | K46: 295 | L46: 295 | M46: 295 | N46: 295 | O46: 295 | P46: 295 | Q46: 295 | R46: 295
A47: 2 | B47: 6 | E47: Прочие неналоговые поступления | F47: =F48 -> 0 | G47: =G48 -> 0 | H47: =H48 -> 0 | I47: =I48 -> 0 | J47: =J48 -> 0 | K47: =K48 -> 0 | L47: =L48 -> 0 | M47: =M48 -> 0 | ... R47: =R48 -> 0
A48: 2 | B48: 6 | C48: 1 | E48: Прочие неналоговые поступления | F48: =SUM(F50:F53) -> 0 | G48: =SUM(G51:G53) -> 0 | H48: =SUM(H51:H53) -> 0 | I48: =SUM(I51:I53) -> 0 | J48: =SUM(J51:J53) -> 0 | K48: =SUM(K51:K53) -> 0 | L48: =SUM(L51:L53) -> 0 | M48: =SUM(M50:M53) -> 0 | N48: =SUM(N50:N53) -> 0 | O48: =SUM(O50:O53) -> 0 | P48: =SUM(P50:P53) -> 0 | Q48: =SUM(Q50:Q53) -> 0 | R48: =SUM(R50:R53) -> 0
A49: 2 | B49: 6 | C49: 1 | D49: 5 | E49: Поступления дебиторской, депонентской задолженности государственных учреждений, финансируемых из местного бюджета | F49: =SUM(G49:R49) -> 0
A50: 2 | B50: 6 | C50: 1 | D50: 7 | E50: Возврат неиспользованных средств, ранее полученных из местного бюджета | F50: =SUM(G50:R50) -> 0
A51: 2 | B51: 6 | C51: 1 | D51: 9 | E51: Другие неналоговые поступления в местный бюджет | F51: =SUM(G51:R51) -> 0
A52: 2 | B52: 6 | C52: 1 | D52: 15 | E52: Добровольные сборы физических и юридических лиц | F52: =SUM(G52:R52) -> 0
A53: 2 | B53: 6 | C53: 1 | D53: 17 | E53: Поступления остатков средств с контрольного счета наличности местного самоуправления | F53: =SUM(G53:R53) -> 0
A54: Поступления от продажи основного капитала | F54: =F55 -> 0 | G54: =G55 -> 0 | H54: =H55 -> 0 | I54: =I55 -> 0 | J54: =J55 -> 0 | K54: =K55 -> 0 | L54: =L55 -> 0 | M54: =M55 -> 0 | ... R54: =R55 -> 0
A55: 3 | B55: 1 | E55: Продажа государственного имущества, закрепленного за государственными учреждениями | F55: =F56 -> 0 | G55: =G56 -> 0 | H55: =H56 -> 0 | I55: =I56 -> 0 | J55: =J56 -> 0 | K55: =K56 -> 0 | L55: =L56 -> 0 | M55: =M56 -> 0 | ... R55: =R56 -> 0
A56: 3 | B56: 1 | C56: 1 | E56: Продажа государственного имущества, закрепленного за государственными учреждениями | F56: =SUM(F57:F57) -> 0 | G56: =SUM(G57:G57) -> 0 | H56: =SUM(H57:H57) -> 0 | I56: =SUM(I57:I57) -> 0 | J56: =SUM(J57:J57) -> 0 | K56: =SUM(K57:K57) -> 0 | L56: =SUM(L57:L57) -> 0 | M56: =SUM(M57:M57) -> 0 | ... R56: =SUM(R57:R57) -> 0
A57: 3 | B57: 1 | C57: 1 | D57: 2 | E57: Поступления от продажи имущества, закрепленного за государственными учреждениями, финансируемыми из местного бюджета | F57: =SUM(G57:R57) -> 0
E59: Аким города Щучинск | F59: Махметов Б.С.
E60: Исп. | F60: Камбаров Т.

Sheet п. Бурабай 
D1: ФОРМУ НЕ ИЗМЕНЯТЬ. СТРОКИ, СТОЛБЦЫ, ФОРМУЛЫ НЕ СКРЫВАТЬ, НЕ УДАЛЯТЬ
P2: Приложение № 1
E3: Распределение доходов бюджета на 2020 год по поселку Бурабай Бурабайского района
F4: по состоянию на 31.01.2020 г.
A6: КАТЕГОРИЯ | F6: План года | G6: План года по месяцам
B7: КЛАСС
C8: ПОДКЛАСС
D9: СПЕЦИФИКА | G9: январь | H9: февраль | I9: март | J9: апрель | K9: май | L9: июнь | M9: июль | N9: август | O9: сентябрь | P9: октябрь | Q9: ноябрь | R9: декабрь
E10: ДОХОДЫ | F10: =F11+F25+F54 -> 32271 | G10: =G11+G25+G54 -> 1144 | H10: =H11+H25+H54 -> 1681 | I10: =I11+I25+I54 -> 4856 | J10: =J11+J25+J54 -> 1104 | K10: =K11+K25+K54 -> 1138 | L10: =L11+L25+L54 -> 5728 | M10: =M11+M25+M54 -> 1581 | ... R10: =R11+R25+R54 -> 1748 | S10: =G10+H10+I10+J10+K10+L10+M10+N10+O10+P10+Q10+R10 -> 32271
A11: 1 | E11: HАЛОГОВЫЕ ПОСТУПЛЕHИЯ | F11: =F12+F15+F23 -> 28689 | G11: =G12+G15+G23 -> 1144 | H11: =H12+H15+H23 -> 1681 | I11: =I12+I15+I23 -> 4856 | J11: =J12+J15+J23 -> 904 | K11: =K12+K15+K23 -> 638 | L11: =L12+L15+L23 -> 4878 | M11: =M12+M15+M23 -> 331 | ... R11: =R12+R15+R23 -> 1748
A12: 1 | B12: 1 | E12: Подоходный налог | F12: 12000 | G12: =G13 -> 854 | H12: =H13 -> 687 | I12: =I13 -> 3749 | J12: =J13 -> 174 | K12: =K13 -> 0 | L12: =L13 -> 3038 | M12: =M13 -> 0 | N12: =N13 -> 0 | ... R12: =R13 -> 1418
A13: 1 | B13: 1 | C13: 2 | E13: Индивидуальный подоходный налог | F13: =SUM(F14:F14) -> 12000 | G13: =SUM(G14:G14) -> 854 | H13: =SUM(H14:H14) -> 687 | I13: =SUM(I14:I14) -> 3749 | J13: =SUM(J14:J14) -> 174 | K13: =SUM(K14:K14) -> 0 | L13: =SUM(L14:L14) -> 3038 | M13: =SUM(M14:M14) -> 0 | ... R13: =SUM(R14:R14) -> 1418
A14: 1 | B14: 1 | C14: 2 | D14: 2 | E14: Индивидуальный подоходный налог с доходов, не облагаемых у источника выплаты | F14: =SUM(G14:R14) -> 12000 | G14: 854 | H14: 687 | I14: 3749 | J14: 174 | K14: 0 | L14: 3038 | M14: 0 | N14: 0 | O14: 1766 | P14: 0 | Q14: 314 | R14: 1418
A15: 1 | B15: 4 | E15: Налоги на собственность | F15: =F16+F18+F20 -> 15754 | G15: =G16+G18+G20 -> 280 | H15: =H16+H18+H20 -> 964 | I15: =I16+I18+I20 -> 1077 | J15: =J16+J18+J20 -> 700 | K15: =K16+K18+K20 -> 488 | L15: =L16+L18+L20 -> 1595 | M15: =M16+M18+M20 -> 266 | ... R15: =R16+R18+R20 -> 308
A16: 1 | B16: 4 | C16: 1 | E16: Налоги на имущество | F16: =SUM(F17:F17) -> 2332 | G16: =SUM(G17:G17) -> 20 | H16: =SUM(H17:H17) -> 30 | I16: =SUM(I17:I17) -> 35 | J16: =SUM(J17:J17) -> 50 | K16: =SUM(K17:K17) -> 100 | L16: =SUM(L17:L17) -> 230 | M16: =SUM(M17:M17) -> 100 | ... R16: =SUM(R17:R17) -> 50
A17: 1 | B17: 4 | C17: 1 | D17: 2 | E17: Налог на имущество физических лиц | F17: =SUM(G17:R17) -> 2332 | G17: 20 | H17: 30 | I17: 35 | J17: 50 | K17: 100 | L17: 230 | M17: 100 | N17: 300 | O17: 497 | P17: 700 | Q17: 220 | R17: 50
A18: 1 | B18: 4 | C18: 3 | E18: Земельный налог | F18: =SUM(F19:F19) -> 5600 | G18: =SUM(G19:G19) -> 60 | H18: =SUM(H19) -> 500 | I18: =I19 -> 742 | J18: =SUM(J19:J19) -> 350 | K18: =SUM(K19:K19) -> 208 | L18: =SUM(L19:L19) -> 350 | M18: =SUM(M19:M19) -> 100 | N18: =SUM(N19:N19) -> 153 | O18: =SUM(O19:O19) -> 1516 | P18: =SUM(P19:P19) -> 735 | Q18: =SUM(Q19:Q19) -> 836 | R18: =SUM(R19:R19) -> 50
A19: 1 | B19: 4 | C19: 3 | D19: 2 | E19: Земельный налог | F19: =SUM(G19:R19) -> 5600 | G19: 60 | H19: 500 | I19: 742 | J19: 350 | K19: 208 | L19: 350 | M19: 100 | N19: 153 | O19: 1516 | P19: 735 | Q19: 836 | R19: 50
A20: 1 | B20: 4 | C20: 4 | E20: Налог на транспортные средства | F20: =SUM(F21:F22) -> 7822 | G20: =G21+G22 -> 200 | H20: =H21+H22 -> 434 | I20: =I21+I22 -> 300 | J20: =J21+J22 -> 300 | K20: =K21+K22 -> 180 | L20: =L22+L21 -> 1015 | M20: =M21+M22 -> 66 | N20: =N21+N22 -> 430 | O20: =O21+O22 -> 2093 | P20: =P21+P22 -> 1284 | Q20: =Q21+Q22 -> 1312 | R20: =R21+R22 -> 208
A21: 1 | B21: 4 | C21: 4 | D21: 1 | E21: Налог на транспортные средства с юридических лиц | F21: =SUM(G21:R21) -> 2924 | G21: 0 | H21: 150 | I21: 100 | J21: 100 | K21: 180 | L21: 285 | M21: 66 | N21: 150 | O21: 886 | P21: 468 | Q21: 479 | R21: 60
A22: 1 | B22: 4 | C22: 4 | D22: 2 | E22: Налог на транспортные средства с физических лиц | F22: =SUM(G22:R22) -> 4898 | G22: 200 | H22: 284 | I22: 200 | J22: 200 | K22: 0 | L22: 730 | M22: 0 | N22: 280 | O22: 1207 | P22: 816 | Q22: 833 | R22: 148
A23: 1 | B23: 5 | C23: 4 | E23: Сборы за ведение предпринимательской и профессиональной деятельности | F23: =SUM(G23:R23) -> 935 | G23: =SUM(G24:G24) -> 10 | H23: =SUM(H24:H24) -> 30 | I23: =SUM(I24:I24) -> 30 | J23: =SUM(J24:J24) -> 30 | K23: =SUM(K24:K24) -> 150 | L23: =SUM(L24:L24) -> 245 | M23: =SUM(M24:M24) -> 65 | N23: =SUM(N24:N24) -> 58 | ... R23: =SUM(R24:R24) -> 22
A24: 1 | B24: 5 | C24: 4 | D24: 30 | E24: Плата за размещение наружной (визуальной) рекламы на объектах стационарного размещения рекламы в полосе отвода автомобильных дорог общего пользования республиканского, областного и районного значения, проходящих через территории городов районного значения, сел, поселков, сельских округов и на открытом пространстве за пределами помещений в городе районного значения, селе, поселке | F24: =SUM(G24:R24) -> 935 | G24: 10 | H24: 30 | I24: 30 | J24: 30 | K24: 150 | L24: 245 | M24: 65 | N24: 58 | O24: 185 | P24: 40 | Q24: 70 | R24: 22
A25: 2 | E25: НЕHАЛОГОВЫЕ ПОСТУПЛЕHИЯ | F25: =F26+F37+F40+F43+F47 -> 3582 | G25: =G26+G37+G40+G43+G47 -> 0 | H25: =H26+H37+H40+H43+H47 -> 0 | I25: =I26+I37+I40+I43+I47 -> 0 | J25: =J26+J37+J40+J43+J47 -> 200 | K25: =K26+K37+K40+K43+K47 -> 500 | L25: =L26+L37+L40+L43+L47 -> 850 | M25: =M26+M37+M40+M43+M47 -> 1250 | ... R25: =R26+R37+R40+R43+R47 -> 0
A26: 2 | B26: 1 | E26: Доходы от государственной собственности | F26: =F27+F29+F31+F33 -> 0 | G26: =G27+G29+G31+G33 -> 0 | H26: =H27+H29+H31+H33 -> 0 | I26: =I27+I29+I31+I33 -> 0 | J26: =J27+J29+J31+J33 -> 0 | K26: =K27+K29+K31+K33 -> 0 | L26: =L27+L29+L31+L33 -> 0 | M26: =M27+M29+M31+M33 -> 0 | ... R26: =R27+R29+R31+R33 -> 0
A27: 2 | B27: 1 | C27: 1 | E27: Поступления части чистого дохода государственных предприятий | F27: =F28 -> 0 | G27: =G28 -> 0 | H27: =H28 -> 0 | I27: =I28 -> 0 | J27: =J28 -> 0 | K27: =K28 -> 0 | L27: =L28 -> 0 | M27: =M28 -> 0 | ... R27: =R28 -> 0
A28: 2 | B28: 1 | C28: 1 | D28: 2 | E28: Поступления части чистого дохода коммунальных государственных предприятий | F28: =SUM(G28:R28) -> 0
A29: 2 | B29: 1 | C29: 4 | E29: Доходы на доли участия в юридических лицах, находящиеся в государственной собственности | F29: =F30 -> 0 | G29: =G30 -> 0 | H29: =H30 -> 0 | I29: =I30 -> 0 | J29: =J30 -> 0 | K29: =K30 -> 0 | L29: =L30 -> 0 | M29: =M30 -> 0 | ... R29: =R30 -> 0
A30: 2 | B30: 1 | C30: 4 | D30: 2 | E30: Доходы на доли участия в юридических лицах, находящиеся в коммунальной собственности | F30: =SUM(G30:R30) -> 0
A31: 2 | B31: 1 | C31: 5 | E31: Доходы от аренды имущества, находящегося в государственной собственности | F31: =F32 -> 0 | G31: =G32 -> 0 | H31: =H32 -> 0 | I31: =I32 -> 0 | J31: =J32 -> 0 | K31: =K32 -> 0 | L31: =L32 -> 0 | M31: =M32 -> 0 | ... R31: =R32 -> 0
A32: 2 | B32: 1 | C32: 5 | D32: 10 | E32: Доходы от аренды имущества коммунальной собственности города районного значения, села, поселка, сельского округа | F32: =SUM(G32:R32) -> 0
A33: 2 | B33: 1 | C33: 7 | E33: Вознаграждения (интересы) по кредитам,выданным из государственного бюджета | F33: =SUM(F34:F36) -> 0 | G33: =SUM(G34:G36) -> 0 | H33: =SUM(H34:H36) -> 0 | I33: =SUM(I34:I36) -> 0 | J33: =SUM(J34:J36) -> 0 | K33: =SUM(K34:K36) -> 0 | L33: =SUM(L34:L36) -> 0 | M33: =SUM(M34:M36) -> 0 | ... R33: =SUM(R34:R36) -> 0
A34: 2 | B34: 1 | C34: 7 | D34: 6 | E34: Вознаграждения по бюджетным кредитам, выданным из местного бюджета специализированным организациям | F34: =SUM(G34:R34) -> 0
A35: 2 | B35: 1 | C35: 7 | D35: 13 | E35: Вознаграждения по бюджетным кредитам, выданным из местного бюджета физическим лицам | F35: =SUM(G35:R35) -> 0
A36: 2 | B36: 1 | C36: 7 | D36: 18 | E36: Вознаграждения по бюджетным кредитам, выданным из местного бюджета юридическим лицам, за исключением специализированных организаций | F36: =SUM(G36:R36) -> 0
A37: 2 | B37: 2 | E37: Поступления от реализации товаров (работ, услуг) государственными учреждениями, финансируемыми из государственного бюджета | F37: =F38 -> 0 | G37: =G38 -> 0 | H37: =H38 -> 0 | I37: =I38 -> 0 | J37: =J38 -> 0 | K37: =K38 -> 0 | L37: =L38 -> 0 | M37: =M38 -> 0 | ... R37: =R38 -> 0
A38: 2 | B38: 2 | C38: 1 | E38: Поступления от реализации товаров (работ, услуг) государственными учреждениями, финансируемыми из государственного бюджета | F38: =F39 -> 0 | G38: =G39 -> 0 | H38: =H39 -> 0 | I38: =I39 -> 0 | J38: =J39 -> 0 | K38: =K39 -> 0 | L38: =L39 -> 0 | M38: =M39 -> 0 | ... R38: =R39 -> 0
A39: 2 | B39: 2 | C39: 1 | D39: 2 | E39: Поступления от реализации товаров (работ, услуг) государственными учреждениями, финансируемыми из республиканского бюджета | F39: =G39+H39+I39+J39+K39+L39+M39+N39+O39+P39+Q39+R39 -> 0
A40: 2 | B40: 3 | E40: Поступления денег от проведения государственных закупок, организуемых государственными учреждениями, финансируемыми из государственного бюджета | F40: =F41 -> 0 | G40: =G41 -> 0 | H40: =H41 -> 0 | I40: =I41 -> 0 | J40: =J41 -> 0 | K40: =K41 -> 0 | L40: =L41 -> 0 | M40: =M41 -> 0 | ... R40: =R41 -> 0
A41: 2 | B41: 3 | C41: 1 | E41: Поступления денег от проведения государственных закупок, организуемых государственными учреждениями, финансируемыми из государственного бюджета | F41: =F42 -> 0 | G41: =G42 -> 0 | H41: =H42 -> 0 | I41: =I42 -> 0 | J41: =J42 -> 0 | K41: =K42 -> 0 | L41: =L42 -> 0 | M41: =M42 -> 0 | ... R41: =R42 -> 0
A42: 2 | B42: 3 | C42: 1 | D42: 2 | E42: Поступления денег от проведения государственных закупок, организуемых государственными учреждениями, финансируемыми из местного бюджета | F42: =SUM(G42:R42) -> 0
A43: 2 | B43: 4 | E43: Штрафы, пени, санкции, взыскания, налагаемые государственными учреждениями, финансируемыми из государственного бюджета, а также содержащимися и финансируемыми из бюджета (сметы расходов) Национального Банка Республики Казахстан | F43: =F44 -> 1510 | G43: =G44 -> 0 | H43: =H44 -> 0 | I43: =I44 -> 0 | J43: =J44 -> 200 | K43: =K44 -> 200 | L43: =L44 -> 350 | M43: =M44 -> 300 | ... R43: =R44 -> 0
A44: 2 | B44: 4 | C44: 1 | E44: Штрафы, пени, санкции, взыскания, налагаемые государственными учреждениями, финансируемыми из государственного бюджета, а также содержащимися и финансируемыми из бюджета (сметы расходов) Национального Банка Республики Казахстан, за исключением поступлений от организаций нефтяного сектора | F44: =SUM(F45:F46) -> 1510 | G44: =SUM(G45:G46) -> 0 | H44: =SUM(H45:H46) -> 0 | I44: =SUM(I45:I46) -> 0 | J44: =SUM(J45:J46) -> 200 | K44: =SUM(K45:K46) -> 200 | L44: =SUM(L45:L46) -> 350 | M44: =SUM(M45:M46) -> 300 | ... R44: =SUM(R45:R46) -> 0
A45: 2 | B45: 4 | C45: 1 | D45: 14 | E45: Прочие штрафы, пени, санкции, взыскания, налагаемые государственными учреждениями, финансируемыми из местного бюджета | F45: =SUM(G45:R45) -> 0
A46: 2 | B46: 4 | C46: 1 | D46: 70 | E46: Административные штрафы, пени, санкции, взыскания, налагаемые акимами города районного значения, села, поселка, сельского округа | F46: 1510 | G46: 0 | H46: 0 | I46: 0 | J46: 200 | K46: 200 | L46: 350 | M46: 300 | N46: 300 | O46: 160 | P46: 0 | Q46: 0 | R46: 0
A47: 2 | B47: 6 | E47: Прочие неналоговые поступления | F47: =F48 -> 2072 | G47: =G48 -> 0 | H47: =H48 -> 0 | I47: =I48 -> 0 | J47: =J48 -> 0 | K47: =K48 -> 300 | L47: =L48 -> 500 | M47: =M48 -> 950 | ... R47: =R48 -> 0
A48: 2 | B48: 6 | C48: 1 | E48: Прочие неналоговые поступления | F48: =SUM(F50:F53) -> 2072 | G48: =SUM(G51:G53) -> 0 | H48: =SUM(H51:H53) -> 0 | I48: =SUM(I51:I53) -> 0 | J48: =SUM(J51:J53) -> 0 | K48: =SUM(K51:K53) -> 300 | L48: =SUM(L51:L53) -> 500 | M48: =SUM(M50:M53) -> 950 | N48: =SUM(N50:N53) -> 322 | O48: =SUM(O50:O53) -> 0 | P48: =SUM(P50:P53) -> 0 | Q48: =SUM(Q50:Q53) -> 0 | R48: =SUM(R50:R53) -> 0
A49: 2 | B49: 6 | C49: 1 | D49: 5 | E49: Поступления дебиторской, депонентской задолженности государственных учреждений, финансируемых из местного бюджета | F49: =SUM(G49:R49) -> 0
A50: 2 | B50: 6 | C50: 1 | D50: 7 | E50: Возврат неиспользованных средств, ранее полученных из местного бюджета | F50: =SUM(G50:R50) -> 0
A51: 2 | B51: 6 | C51: 1 | D51: 9 | E51: Другие неналоговые поступления в местный бюджет | F51: =SUM(G51:R51) -> 0
A52: 2 | B52: 6 | C52: 1 | D52: 15 | E52: Добровольные сборы физических и юридических лиц | F52: 2072 | G52: 0 | H52: 0 | I52: 0 | J52: 0 | K52: 300 | L52: 500 | M52: 950 | N52: 322 | O52: 0 | P52: 0 | Q52: 0 | R52: 0
A53: 2 | B53: 6 | C53: 1 | D53: 17 | E53: Поступления остатков средств с контрольного счета наличности местного самоуправления | F53: =SUM(G53:R53) -> 0
A54: Поступления от продажи основного капитала | F54: =F55 -> 0 | G54: =G55 -> 0 | H54: =H55 -> 0 | I54: =I55 -> 0 | J54: =J55 -> 0 | K54: =K55 -> 0 | L54: =L55 -> 0 | M54: =M55 -> 0 | ... R54: =R55 -> 0
A55: 3 | B55: 1 | E55: Продажа государственного имущества, закрепленного за государственными учреждениями | F55: =F56 -> 0 | G55: =G56 -> 0 | H55: =H56 -> 0 | I55: =I56 -> 0 | J55: =J56 -> 0 | K55: =K56 -> 0 | L55: =L56 -> 0 | M55: =M56 -> 0 | ... R55: =R56 -> 0
A56: 3 | B56: 1 | C56: 1 | E56: Продажа государственного имущества, закрепленного за государственными учреждениями | F56: =SUM(F57:F57) -> 0 | G56: =SUM(G57:G57) -> 0 | H56: =SUM(H57:H57) -> 0 | I56: =SUM(I57:I57) -> 0 | J56: =SUM(J57:J57) -> 0 | K56: =SUM(K57:K57) -> 0 | L56: =SUM(L57:L57) -> 0 | M56: =SUM(M57:M57) -> 0 | ... R56: =SUM(R57:R57) -> 0
A57: 3 | B57: 1 | C57: 1 | D57: 2 | E57: Поступления от продажи имущества, закрепленного за государственными учреждениями, финансируемыми из местного бюджета | F57: =SUM(G57:R57) -> 0
E59: Аким поселка Бурабай
E60: Исп.

Sheet Абылайханский
D1: ФОРМУ НЕ ИЗМЕНЯТЬ. СТРОКИ, СТОЛБЦЫ, ФОРМУЛЫ НЕ СКРЫВАТЬ, НЕ УДАЛЯТЬ
P2: Приложение № 1
E3: Распределение доходов бюджета на 2020 год по Абылайханскому сельскому округу Бурабайского района
F4: по состоянию на 31.01.2020 г.
A6: КАТЕГОРИЯ | F6: План года | G6: План года по месяцам
B7: КЛАСС
C8: ПОДКЛАСС
D9: СПЕЦИФИКА | G9: январь | H9: февраль | I9: март | J9: апрель | K9: май | L9: июнь | M9: июль | N9: август | O9: сентябрь | P9: октябрь | Q9: ноябрь | R9: декабрь
E10: ДОХОДЫ | F10: =F11+F25+F54 -> 3098 | G10: =G11+G25+G54 -> 80 | H10: =H11+H25+H54 -> 82 | I10: =I11+I25+I54 -> 78 | J10: =J11+J25+J54 -> 104 | K10: =K11+K25+K54 -> 164 | L10: =L11+L25+L54 -> 240 | M10: =M11+M25+M54 -> 243 | ... R10: =R11+R25+R54 -> 580
A11: 1 | E11: HАЛОГОВЫЕ ПОСТУПЛЕHИЯ | F11: =F12+F15+F23 -> 2833 | G11: =G12+G15+G23 -> 80 | H11: =H12+H15+H23 -> 82 | I11: =I12+I15+I23 -> 78 | J11: =J12+J15+J23 -> 99 | K11: =K12+K15+K23 -> 114 | L11: =L12+L15+L23 -> 190 | M11: =M12+M15+M23 -> 223 | ... R11: =R12+R15+R23 -> 530
A12: 1 | B12: 1 | E12: Подоходный налог | F12: =F13 -> 500 | G12: =G13 -> 60 | H12: =H13 -> 60 | I12: =I13 -> 50 | J12: =J13 -> 50 | K12: =K13 -> 50 | L12: =L13 -> 50 | M12: =M13 -> 30 | ... R12: =R13 -> 20
A13: 1 | B13: 1 | C13: 2 | E13: Индивидуальный подоходный налог | F13: 500 | G13: 60 | H13: 60 | I13: 50 | J13: 50 | K13: 50 | L13: 50 | M13: 30 | N13: 30 | O13: 40 | P13: 40 | Q13: 20 | R13: 20
A14: 1 | B14: 1 | C14: 2 | D14: 2 | E14: Индивидуальный подоходный налог с доходов, не облагаемых у источника выплаты | F14: =SUM(G14:R14) -> 500 | G14: 60 | H14: 60 | I14: 50 | J14: 50 | K14: 50 | L14: 50 | M14: 30 | N14: 30 | O14: 40 | P14: 40 | Q14: 20 | R14: 20
A15: 1 | B15: 4 | E15: Налоги на собственность | F15: =F16+F18+F20 -> 2333 | G15: =G16+G18+G20 -> 20 | H15: =H16+H18+H20 -> 22 | I15: =I16+I18+I20 -> 28 | J15: =J16+J18+J20 -> 49 | K15: =K16+K18+K20 -> 64 | L15: =L16+L18+L20 -> 140 | M15: =M16+M18+M20 -> 193 | ... R15: =R16+R18+R20 -> 510
A16: 1 | B16: 4 | C16: 1 | E16: Налоги на имущество | F16: =SUM(G16:R16) -> 68 | G16: =SUM(G17) -> 0 | H16: =SUM(H17) -> 0 | I16: =SUM(I17) -> 1 | J16: =SUM(J17) -> 2 | K16: =SUM(K17) -> 2 | L16: =SUM(L17) -> 5 | M16: =SUM(M17) -> 8 | N16: =SUM(N17) -> 10 | ... R16: =SUM(R17) -> 10
A17: 1 | B17: 4 | C17: 1 | D17: 2 | E17: Налог на имущество физических лиц | F17: =SUM(G17:R17) -> 68 | G17: 0 | H17: 0 | I17: 1 | J17: 2 | K17: 2 | L17: 5 | M17: 8 | N17: 10 | O17: 10 | P17: 10 | Q17: 10 | R17: 10
A18: 1 | B18: 4 | C18: 3 | E18: Земельный налог | F18: 840 | G18: =SUM(G19:G19) -> 0 | H18: =SUM(H19:H19) -> 2 | I18: =SUM(I19:I19) -> 2 | J18: =SUM(J19:J19) -> 2 | K18: =SUM(K19:K19) -> 2 | L18: =SUM(L19:L19) -> 50 | M18: =SUM(M19:M19) -> 60 | N18: =SUM(N19:N19) -> 120 | ... R18: =SUM(R19:R19) -> 225
A19: 1 | B19: 4 | C19: 3 | D19: 2 | E19: Земельный налог | F19: =SUM(G19:R19) -> 840 | G19: 0 | H19: 2 | I19: 2 | J19: 2 | K19: 2 | L19: 50 | M19: 60 | N19: 120 | O19: 120 | P19: 120 | Q19: 137 | R19: 225
A20: 1 | B20: 4 | C20: 4 | E20: Налог на транспортные средства | F20: =SUM(F21:F22) -> 1425 | G20: =SUM(G21:G22) -> 20 | H20: =SUM(H21:H22) -> 20 | I20: =SUM(I21:I22) -> 25 | J20: =SUM(J21:J22) -> 45 | K20: =SUM(K21:K22) -> 60 | L20: =SUM(L21:L22) -> 85 | M20: =SUM(M21:M22) -> 125 | ... R20: =SUM(R21:R22) -> 275
A21: 1 | B21: 4 | C21: 4 | D21: 1 | E21: Налог на транспортные средства с юридических лиц | F21: =SUM(G21:R21) -> 0 | G21: 0 | H21: 0 | I21: 0 | J21: 0 | K21: 0 | L21: 0 | M21: 0 | N21: 0 | O21: 0 | P21: 0 | Q21: 0 | R21: 0
A22: 1 | B22: 4 | C22: 4 | D22: 2 | E22: Налог на транспортные средства с физических лиц | F22: 1425 | G22: 20 | H22: 20 | I22: 25 | J22: 45 | K22: 60 | L22: 85 | M22: 125 | N22: 150 | O22: 195 | P22: 200 | Q22: 225 | R22: 275
A23: 1 | B23: 5 | C23: 4 | E23: Сборы за ведение предпринимательской и профессиональной деятельности | F23: =SUM(G23:R23) -> 0 | G23: =SUM(G24:G24) -> 0 | H23: =SUM(H24:H24) -> 0 | I23: =SUM(I24:I24) -> 0 | J23: =SUM(J24:J24) -> 0 | K23: =SUM(K24:K24) -> 0 | L23: =SUM(L24:L24) -> 0 | M23: =SUM(M24:M24) -> 0 | N23: =SUM(N24:N24) -> 0 | ... R23: =SUM(R24:R24) -> 0
A24: 1 | B24: 5 | C24: 4 | D24: 30 | E24: Плата за размещение наружной (визуальной) рекламы на объектах стационарного размещения рекламы в полосе отвода автомобильных дорог общего пользования республиканского, областного и районного значения, проходящих через территории городов районного значения, сел, поселков, сельских округов и на открытом пространстве за пределами помещений в городе районного значения, селе, поселке | F24: =SUM(G24:R24) -> 0 | G24: 0 | H24: 0 | I24: 0 | J24: 0 | K24: 0 | L24: 0 | M24: 0 | N24: 0 | O24: 0 | P24: 0 | Q24: 0 | R24: 0
A25: 2 | E25: НЕHАЛОГОВЫЕ ПОСТУПЛЕHИЯ | F25: 265 | G25: =G26+G37+G40+G43+G47 -> 0 | H25: =H26+H37+H40+H43+H47 -> 0 | I25: =I26+I37+I40+I43+I47 -> 0 | J25: 5 | K25: 50 | L25: 50 | M25: 20 | N25: 10 | O25: 20 | P25: 50 | Q25: 10 | R25: 50
A26: 2 | B26: 1 | E26: Доходы от государственной собственности | F26: =F27+F29+F31+F33 -> 0 | G26: =G27+G29+G31+G33 -> 0 | H26: =H27+H29+H31+H33 -> 0 | I26: =I27+I29+I31+I33 -> 0 | J26: =J27+J29+J31+J33 -> 0 | K26: =K27+K29+K31+K33 -> 0 | L26: =L27+L29+L31+L33 -> 0 | M26: =M27+M29+M31+M33 -> 0 | ... R26: =R27+R29+R31+R33 -> 0
A27: 2 | B27: 1 | C27: 1 | E27: Поступления части чистого дохода государственных предприятий | F27: =F28 -> 0 | G27: =G28 -> 0 | H27: =H28 -> 0 | I27: =I28 -> 0 | J27: =J28 -> 0 | K27: =K28 -> 0 | L27: =L28 -> 0 | M27: =M28 -> 0 | ... R27: =R28 -> 0
A28: 2 | B28: 1 | C28: 1 | D28: 2 | E28: Поступления части чистого дохода коммунальных государственных предприятий | F28: =SUM(G28:R28) -> 0 | G28: 0 | H28: 0 | I28: 0 | J28: 0 | K28: 0 | L28: 0 | M28: 0 | N28: 0 | O28: 0 | P28: 0 | Q28: 0 | R28: 0
A29: 2 | B29: 1 | C29: 4 | E29: Доходы на доли участия в юридических лицах, находящиеся в государственной собственности | F29: =F30 -> 0 | G29: =G30 -> 0 | H29: =H30 -> 0 | I29: =I30 -> 0 | J29: =J30 -> 0 | K29: =K30 -> 0 | L29: =L30 -> 0 | M29: =M30 -> 0 | ... R29: =R30 -> 0
A30: 2 | B30: 1 | C30: 4 | D30: 2 | E30: Доходы на доли участия в юридических лицах, находящиеся в коммунальной собственности | F30: =SUM(G30:R30) -> 0 | G30: 0 | H30: 0 | I30: 0 | J30: 0 | K30: 0 | L30: 0 | M30: 0 | N30: 0 | O30: 0 | P30: 0 | Q30: 0 | R30: 0
A31: 2 | B31: 1 | C31: 5 | E31: Доходы от аренды имущества, находящегося в государственной собственности | F31: =F32 -> 0 | G31: =G32 -> 0 | H31: =H32 -> 0 | I31: =I32 -> 0 | J31: =J32 -> 0 | K31: =K32 -> 0 | L31: =L32 -> 0 | M31: =M32 -> 0 | ... R31: =R32 -> 0
A32: 2 | B32: 1 | C32: 5 | D32: 10 | E32: Доходы от аренды имущества коммунальной собственности города районного значения, села, поселка, сельского округа | F32: =SUM(G32:R32) -> 0 | G32: 0 | H32: 0 | I32: 0 | J32: 0 | K32: 0 | L32: 0 | M32: 0 | N32: 0 | O32: 0 | P32: 0 | Q32: 0 | R32: 0
A33: 2 | B33: 1 | C33: 7 | E33: Вознаграждения (интересы) по кредитам,выданным из государственного бюджета | F33: =SUM(F34:F36) -> 0 | G33: =SUM(G34:G36) -> 0 | H33: =SUM(H34:H36) -> 0 | I33: =SUM(I34:I36) -> 0 | J33: =SUM(J34:J36) -> 0 | K33: =SUM(K34:K36) -> 0 | L33: =SUM(L34:L36) -> 0 | M33: =SUM(M34:M36) -> 0 | ... R33: =SUM(R34:R36) -> 0
A34: 2 | B34: 1 | C34: 7 | D34: 6 | E34: Вознаграждения по бюджетным кредитам, выданным из местного бюджета специализированным организациям | F34: =SUM(G34:R34) -> 0 | G34: 0 | H34: 0 | I34: 0 | J34: 0 | K34: 0 | L34: 0 | M34: 0 | N34: 0 | O34: 0 | P34: 0 | Q34: 0 | R34: 0
A35: 2 | B35: 1 | C35: 7 | D35: 13 | E35: Вознаграждения по бюджетным кредитам, выданным из местного бюджета физическим лицам | F35: =SUM(G35:R35) -> 0 | G35: 0 | H35: 0 | I35: 0 | J35: 0 | K35: 0 | L35: 0 | M35: 0 | N35: 0 | O35: 0 | P35: 0 | Q35: 0 | R35: 0
A36: 2 | B36: 1 | C36: 7 | D36: 18 | E36: Вознаграждения по бюджетным кредитам, выданным из местного бюджета юридическим лицам, за исключением специализированных организаций | F36: =SUM(G36:R36) -> 0 | G36: 0 | H36: 0 | I36: 0 | J36: 0 | K36: 0 | L36: 0 | M36: 0 | N36: 0 | O36: 0 | P36: 0 | Q36: 0 | R36: 0
A37: 2 | B37: 2 | E37: Поступления от реализации товаров (работ, услуг) государственными учреждениями, финансируемыми из государственного бюджета | F37: =F38 -> 0 | G37: =G38 -> 0 | H37: =H38 -> 0 | I37: =I38 -> 0 | J37: =J38 -> 0 | K37: =K38 -> 0 | L37: =L38 -> 0 | M37: =M38 -> 0 | ... R37: =R38 -> 0
A38: 2 | B38: 2 | C38: 1 | E38: Поступления от реализации товаров (работ, услуг) государственными учреждениями, финансируемыми из государственного бюджета | F38: =F39 -> 0 | G38: =G39 -> 0 | H38: =H39 -> 0 | I38: =I39 -> 0 | J38: =J39 -> 0 | K38: =K39 -> 0 | L38: =L39 -> 0 | M38: =M39 -> 0 | ... R38: =R39 -> 0
A39: 2 | B39: 2 | C39: 1 | D39: 2 | E39: Поступления от реализации товаров (работ, услуг) государственными учреждениями, финансируемыми из республиканского бюджета | F39: =G39+H39+I39+J39+K39+L39+M39+N39+O39+P39+Q39+R39 -> 0 | G39: 0 | H39: 0 | I39: 0 | J39: 0 | K39: 0 | L39: 0 | M39: 0 | N39: 0 | O39: 0 | P39: 0 | Q39: 0 | R39: 0
A40: 2 | B40: 3 | E40: Поступления денег от проведения государственных закупок, организуемых государственными учреждениями, финансируемыми из государственного бюджета | F40: =F41 -> 0 | G40: =G41 -> 0 | H40: =H41 -> 0 | I40: =I41 -> 0 | J40: =J41 -> 0 | K40: =K41 -> 0 | L40: =L41 -> 0 | M40: =M41 -> 0 | ... R40: =R41 -> 0
A41: 2 | B41: 3 | C41: 1 | E41: Поступления денег от проведения государственных закупок, организуемых государственными учреждениями, финансируемыми из государственного бюджета | F41: =F42 -> 0 | G41: =G42 -> 0 | H41: =H42 -> 0 | I41: =I42 -> 0 | J41: =J42 -> 0 | K41: =K42 -> 0 | L41: =L42 -> 0 | M41: =M42 -> 0 | ... R41: =R42 -> 0
A42: 2 | B42: 3 | C42: 1 | D42: 2 | E42: Поступления денег от проведения государственных закупок, организуемых государственными учреждениями, финансируемыми из местного бюджета | F42: =SUM(G42:R42) -> 0 | G42: 0 | H42: 0 | I42: 0 | J42: 0 | K42: 0 | L42: 0 | M42: 0 | N42: 0 | O42: 0 | P42: 0 | Q42: 0 | R42: 0
A43: 2 | B43: 4 | E43: Штрафы, пени, санкции, взыскания, налагаемые государственными учреждениями, финансируемыми из государственного бюджета, а также содержащимися и финансируемыми из бюджета (сметы расходов) Национального Банка Республики Казахстан | F43: =F44 -> 265 | G43: =G44 -> 0 | H43: =H44 -> 0 | I43: =I44 -> 0 | J43: =J44 -> 5 | K43: =K44 -> 50 | L43: =L44 -> 50 | M43: =M44 -> 20 | ... R43: =R44 -> 50
A44: 2 | B44: 4 | C44: 1 | E44: Штрафы, пени, санкции, взыскания, налагаемые государственными учреждениями, финансируемыми из государственного бюджета, а также содержащимися и финансируемыми из бюджета (сметы расходов) Национального Банка Республики Казахстан, за исключением поступлений от организаций нефтяного сектора | F44: =SUM(F45:F46) -> 265 | G44: =SUM(G45:G46) -> 0 | H44: =SUM(H45:H46) -> 0 | I44: =SUM(I45:I46) -> 0 | J44: =SUM(J45:J46) -> 5 | K44: =SUM(K45:K46) -> 50 | L44: =SUM(L45:L46) -> 50 | M44: =SUM(M45:M46) -> 20 | ... R44: =SUM(R45:R46) -> 50
A45: 2 | B45: 4 | C45: 1 | D45: 14 | E45: Прочие штрафы, пени, санкции, взыскания, налагаемые государственными учреждениями, финансируемыми из местного бюджета | F45: =SUM(G45:R45) -> 0 | G45: 0 | H45: 0 | I45: 0 | J45: 0 | K45: 0 | L45: 0 | M45: 0 | N45: 0 | O45: 0 | P45: 0 | Q45: 0 | R45: 0
A46: 2 | B46: 4 | C46: 1 | D46: 70 | E46: Административные штрафы, пени, санкции, взыскания, налагаемые акимами города районного значения, села, поселка, сельского округа | F46: 265 | G46: 0 | H46: 0 | I46: 0 | J46: 5 | K46: 50 | L46: 50 | M46: 20 | N46: 10 | O46: 20 | P46: 50 | Q46: 10 | R46: 50
A47: 2 | B47: 6 | E47: Прочие неналоговые поступления | F47: =F48 -> 0 | G47: =G48 -> 0 | H47: =H48 -> 0 | I47: =I48 -> 0 | J47: =J48 -> 0 | K47: =K48 -> 0 | L47: =L48 -> 0 | M47: =M48 -> 0 | ... R47: =R48 -> 0
A48: 2 | B48: 6 | C48: 1 | E48: Прочие неналоговые поступления | F48: =SUM(F50:F53) -> 0 | G48: =SUM(G51:G53) -> 0 | H48: =SUM(H51:H53) -> 0 | I48: =SUM(I51:I53) -> 0 | J48: =SUM(J51:J53) -> 0 | K48: =SUM(K51:K53) -> 0 | L48: =SUM(L51:L53) -> 0 | M48: =SUM(M50:M53) -> 0 | N48: =SUM(N50:N53) -> 0 | O48: =SUM(O50:O53) -> 0 | P48: =SUM(P50:P53) -> 0 | Q48: =SUM(Q50:Q53) -> 0 | R48: =SUM(R50:R53) -> 0
A49: 2 | B49: 6 | C49: 1 | D49: 5 | E49: Поступления дебиторской, депонентской задолженности государственных учреждений, финансируемых из местного бюджета | F49: =SUM(G49:R49) -> 0
A50: 2 | B50: 6 | C50: 1 | D50: 7 | E50: Возврат неиспользованных средств, ранее полученных из местного бюджета | F50: =SUM(G50:R50) -> 0
A51: 2 | B51: 6 | C51: 1 | D51: 9 | E51: Другие неналоговые поступления в местный бюджет | F51: =SUM(G51:R51) -> 0
A52: 2 | B52: 6 | C52: 1 | D52: 15 | E52: Добровольные сборы физических и юридических лиц | F52: =SUM(G52:R52) -> 0
A53: 2 | B53: 6 | C53: 1 | D53: 17 | E53: Поступления остатков средств с контрольного счета наличности местного самоуправления | F53: =SUM(G53:R53) -> 0
A54: Поступления от продажи основного капитала | F54: =F55 -> 0 | G54: =G55 -> 0 | H54: =H55 -> 0 | I54: =I55 -> 0 | J54: =J55 -> 0 | K54: =K55 -> 0 | L54: =L55 -> 0 | M54: =M55 -> 0 | ... R54: =R55 -> 0
A55: 3 | B55: 1 | E55: Продажа государственного имущества, закрепленного за государственными учреждениями | F55: =F56 -> 0 | G55: =G56 -> 0 | H55: =H56 -> 0 | I55: =I56 -> 0 | J55: =J56 -> 0 | K55: =K56 -> 0 | L55: =L56 -> 0 | M55: =M56 -> 0 | ... R55: =R56 -> 0
A56: 3 | B56: 1 | C56: 1 | E56: Продажа государственного имущества, закрепленного за государственными учреждениями | F56: =SUM(F57:F57) -> 0 | G56: =SUM(G57:G57) -> 0 | H56: =SUM(H57:H57) -> 0 | I56: =SUM(I57:I57) -> 0 | J56: =SUM(J57:J57) -> 0 | K56: =SUM(K57:K57) -> 0 | L56: =SUM(L57:L57) -> 0 | M56: =SUM(M57:M57) -> 0 | ... R56: =SUM(R57:R57) -> 0
A57: 3 | B57: 1 | C57: 1 | D57: 2 | E57: Поступления от продажи имущества, закрепленного за государственными учреждениями, финансируемыми из местного бюджета | F57: =SUM(G57:R57) -> 0
E59: Вр.и.о.акима Абылайханского сельского округа | I59: Ж. Кубенов
E60: Исп. Главный специалист М.Кураганова

Sheet Зеленоборский
D1: ФОРМУ НЕ ИЗМЕНЯТЬ. СТРОКИ, СТОЛБЦЫ, ФОРМУЛЫ НЕ СКРЫВАТЬ, НЕ УДАЛЯТЬ
P2: Приложение № 1
E3: Распределение доходов бюджета на 2020 год по Зеленоборского сельского округа Бурабайского района
F4: по состоянию на 31.01.2020 г.
A6: КАТЕГОРИЯ | F6: План года | G6: План года по месяцам
B7: КЛАСС
C8: ПОДКЛАСС
D9: СПЕЦИФИКА | G9: январь | H9: февраль | I9: март | J9: апрель | K9: май | L9: июнь | M9: июль | N9: август | O9: сентябрь | P9: октябрь | Q9: ноябрь | R9: декабрь
E10: ДОХОДЫ | F10: =F11+F25+F54 -> 9611 | G10: =G11+G25+G54 -> 750 | H10: =H11+H25+H54 -> 850 | I10: =I11+I25+I54 -> 980 | J10: =J11+J25+J54 -> 585 | K10: =K11+K25+K54 -> 1080 | L10: =L11+L25+L54 -> 1025 | M10: =M11+M25+M54 -> 985 | ... R10: =R11+R25+R54 -> 550
A11: 1 | E11: HАЛОГОВЫЕ ПОСТУПЛЕHИЯ | F11: =F12+F15+F23 -> 9081 | G11: =G12+G15+G23 -> 750 | H11: =H12+H15+H23 -> 850 | I11: =I12+I15+I23 -> 980 | J11: =J12+J15+J23 -> 585 | K11: =K12+K15+K23 -> 880 | L11: =L12+L15+L23 -> 825 | M11: =M12+M15+M23 -> 855 | ... R11: =R12+R15+R23 -> 550
A12: 1 | B12: 1 | E12: Подоходный налог | F12: =F13 -> 1500 | G12: =G13 -> 500 | H12: =H13 -> 500 | I12: =I13 -> 500 | J12: =J13 -> 0 | K12: =K13 -> 0 | L12: =L13 -> 0 | M12: =M13 -> 0 | ... R12: =R13 -> 0
A13: 1 | B13: 1 | C13: 2 | E13: Индивидуальный подоходный налог | F13: =SUM(F14:F14) -> 1500 | G13: =SUM(G14:G14) -> 500 | H13: =SUM(H14:H14) -> 500 | I13: =SUM(I14:I14) -> 500 | J13: =SUM(J14:J14) -> 0 | K13: =SUM(K14:K14) -> 0 | L13: =SUM(L14:L14) -> 0 | M13: =SUM(M14:M14) -> 0 | ... R13: =SUM(R14:R14) -> 0
A14: 1 | B14: 1 | C14: 2 | D14: 2 | E14: Индивидуальный подоходный налог с доходов, не облагаемых у источника выплаты | F14: =SUM(G14:R14) -> 1500 | G14: 500 | H14: 500 | I14: 500 | J14: 0 | K14: 0 | L14: 0 | M14: 0 | N14: 0 | O14: 0 | P14: 0 | Q14: 0 | R14: 0
A15: 1 | B15: 4 | E15: Налоги на собственность | F15: =F16+F18+F20 -> 7581 | G15: =G16+G18+G20 -> 250 | H15: =H16+H18+H20 -> 350 | I15: =I16+I18+I20 -> 480 | J15: =J16+J18+J20 -> 585 | K15: =K16+K18+K20 -> 880 | L15: =L16+L18+L20 -> 825 | M15: =M16+M18+M20 -> 855 | ... R15: =R16+R18+R20 -> 550
A16: 1 | B16: 4 | C16: 1 | E16: Налоги на имущество | F16: =SUM(F17:F17) -> 232 | G16: =SUM(G17:G17) -> 0 | H16: =SUM(H17:H17) -> 0 | I16: =SUM(I17:I17) -> 0 | J16: =SUM(J17:J17) -> 0 | K16: =SUM(K17:K17) -> 30 | L16: =SUM(L17:L17) -> 30 | M16: =SUM(M17:M17) -> 55 | ... R16: =SUM(R17:R17) -> 0
A17: 1 | B17: 4 | C17: 1 | D17: 2 | E17: Налог на имущество физических лиц | F17: =SUM(G17:R17) -> 232 | G17: 0 | H17: 0 | I17: 0 | J17: 0 | K17: 30 | L17: 30 | M17: 55 | N17: 71 | O17: 36 | P17: 10 | Q17: 0 | R17: 0
A18: 1 | B18: 4 | C18: 3 | E18: Земельный налог | F18: =SUM(F19:F19) -> 3572 | G18: =SUM(G19:G19) -> 50 | H18: =SUM(H19:H19) -> 150 | I18: =SUM(I19:I19) -> 280 | J18: =SUM(J19:J19) -> 400 | K18: =SUM(K19:K19) -> 500 | L18: =SUM(L19:L19) -> 500 | M18: =SUM(M19:M19) -> 550 | ... R18: =SUM(R19:R19) -> 50
A19: 16 | B19: 4 | C19: 3 | D19: 2 | E19: Земельный налог | F19: =SUM(G19:R19) -> 3572 | G19: 50 | H19: 150 | I19: 280 | J19: 400 | K19: 500 | L19: 500 | M19: 550 | N19: 400 | O19: 320 | P19: 320 | Q19: 52 | R19: 50
A20: 1 | B20: 4 | C20: 4 | E20: Налог на транспортные средства | F20: =SUM(F21:F22) -> 3777 | G20: =G21+G22 -> 200 | H20: =H21+H22 -> 200 | I20: =I21+I22 -> 200 | J20: =J21+J22 -> 185 | K20: =K21+K22 -> 350 | L20: =L21+L22 -> 295 | M20: =M21+M22 -> 250 | N20: =N21+N22 -> 300 | ... R20: =R21+R22 -> 500
A21: 1 | B21: 4 | C21: 4 | D21: 1 | E21: Налог на транспортные средства с юридических лиц | F21: =SUM(G21:R21) -> 147 | G21: 0 | H21: 0 | I21: 0 | J21: 35 | K21: 0 | L21: 45 | M21: 40 | N21: 0 | O21: 27 | P21: 0 | Q21: 0 | R21: 0
A22: 1 | B22: 4 | C22: 4 | D22: 2 | E22: Налог на транспортные средства с физических лиц | F22: =SUM(G22:R22) -> 3630 | G22: 200 | H22: 200 | I22: 200 | J22: 150 | K22: 350 | L22: 250 | M22: 210 | N22: 300 | O22: 400 | P22: 400 | Q22: 470 | R22: 500
A23: 1 | B23: 5 | C23: 4 | E23: Сборы за ведение предпринимательской и профессиональной деятельности | F23: =SUM(G23:R23) -> 0 | G23: =SUM(G24:G24) -> 0 | H23: =SUM(H24:H24) -> 0 | I23: =SUM(I24:I24) -> 0 | J23: =SUM(J24:J24) -> 0 | K23: =SUM(K24:K24) -> 0 | L23: =SUM(L24:L24) -> 0 | M23: =SUM(M24:M24) -> 0 | N23: =SUM(N24:N24) -> 0 | ... R23: =SUM(R24:R24) -> 0
A24: 1 | B24: 5 | C24: 4 | D24: 30 | E24: Плата за размещение наружной (визуальной) рекламы на объектах стационарного размещения рекламы в полосе отвода автомобильных дорог общего пользования республиканского, областного и районного значения, проходящих через территории городов районного значения, сел, поселков, сельских округов и на открытом пространстве за пределами помещений в городе районного значения, селе, поселке | F24: =SUM(G24:R24) -> 0 | G24: 0 | H24: 0 | I24: 0 | J24: 0 | K24: 0 | L24: 0 | M24: 0 | N24: 0 | O24: 0 | P24: 0 | Q24: 0 | R24: 0
A25: 2 | E25: НЕHАЛОГОВЫЕ ПОСТУПЛЕHИЯ | F25: =F26+F37+F40+F43+F47 -> 530 | G25: =G26+G37+G40+G43+G47 -> 0 | H25: =H26+H37+H40+H43+H47 -> 0 | I25: =I26+I37+I40+I43+I47 -> 0 | J25: =J26+J37+J40+J43+J47 -> 0 | K25: =K26+K37+K40+K43+K47 -> 200 | L25: =L26+L37+L40+L43+L47 -> 200 | M25: =M26+M37+M40+M43+M47 -> 130 | ... R25: =R26+R37+R40+R43+R47 -> 0
A26: 2 | B26: 1 | E26: Доходы от государственной собственности | F26: =F27+F29+F31+F33 -> 0 | G26: =G27+G29+G31+G33 -> 0 | H26: =H27+H29+H31+H33 -> 0 | I26: =I27+I29+I31+I33 -> 0 | J26: =J27+J29+J31+J33 -> 0 | K26: =K27+K29+K31+K33 -> 0 | L26: =L27+L29+L31+L33 -> 0 | M26: =M27+M29+M31+M33 -> 0 | ... R26: =R27+R29+R31+R33 -> 0
A27: 2 | B27: 1 | C27: 1 | E27: Поступления части чистого дохода государственных предприятий | F27: =F28 -> 0 | G27: =G28 -> 0 | H27: =H28 -> 0 | I27: =I28 -> 0 | J27: =J28 -> 0 | K27: =K28 -> 0 | L27: =L28 -> 0 | M27: =M28 -> 0 | ... R27: =R28 -> 0
A28: 2 | B28: 1 | C28: 1 | D28: 2 | E28: Поступления части чистого дохода коммунальных государственных предприятий | F28: =SUM(G28:R28) -> 0
A29: 2 | B29: 1 | C29: 4 | E29: Доходы на доли участия в юридических лицах, находящиеся в государственной собственности | F29: =F30 -> 0 | G29: =G30 -> 0 | H29: =H30 -> 0 | I29: =I30 -> 0 | J29: =J30 -> 0 | K29: =K30 -> 0 | L29: =L30 -> 0 | M29: =M30 -> 0 | ... R29: =R30 -> 0
A30: 2 | B30: 1 | C30: 4 | D30: 2 | E30: Доходы на доли участия в юридических лицах, находящиеся в коммунальной собственности | F30: =SUM(G30:R30) -> 0
A31: 2 | B31: 1 | C31: 5 | E31: Доходы от аренды имущества, находящегося в государственной собственности | F31: =F32 -> 0 | G31: =G32 -> 0 | H31: =H32 -> 0 | I31: =I32 -> 0 | J31: =J32 -> 0 | K31: =K32 -> 0 | L31: =L32 -> 0 | M31: =M32 -> 0 | ... R31: =R32 -> 0
A32: 2 | B32: 1 | C32: 5 | D32: 10 | E32: Доходы от аренды имущества коммунальной собственности города районного значения, села, поселка, сельского округа | F32: =SUM(G32:R32) -> 0
A33: 2 | B33: 1 | C33: 7 | E33: Вознаграждения (интересы) по кредитам,выданным из государственного бюджета | F33: =SUM(F34:F36) -> 0 | G33: =SUM(G34:G36) -> 0 | H33: =SUM(H34:H36) -> 0 | I33: =SUM(I34:I36) -> 0 | J33: =SUM(J34:J36) -> 0 | K33: =SUM(K34:K36) -> 0 | L33: =SUM(L34:L36) -> 0 | M33: =SUM(M34:M36) -> 0 | ... R33: =SUM(R34:R36) -> 0
A34: 2 | B34: 1 | C34: 7 | D34: 6 | E34: Вознаграждения по бюджетным кредитам, выданным из местного бюджета специализированным организациям | F34: =SUM(G34:R34) -> 0
A35: 2 | B35: 1 | C35: 7 | D35: 13 | E35: Вознаграждения по бюджетным кредитам, выданным из местного бюджета физическим лицам | F35: =SUM(G35:R35) -> 0
A36: 2 | B36: 1 | C36: 7 | D36: 18 | E36: Вознаграждения по бюджетным кредитам, выданным из местного бюджета юридическим лицам, за исключением специализированных организаций | F36: =SUM(G36:R36) -> 0
A37: 2 | B37: 2 | E37: Поступления от реализации товаров (работ, услуг) государственными учреждениями, финансируемыми из государственного бюджета | F37: =F38 -> 0 | G37: =G38 -> 0 | H37: =H38 -> 0 | I37: =I38 -> 0 | J37: =J38 -> 0 | K37: =K38 -> 0 | L37: =L38 -> 0 | M37: =M38 -> 0 | ... R37: =R38 -> 0
A38: 2 | B38: 2 | C38: 1 | E38: Поступления от реализации товаров (работ, услуг) государственными учреждениями, финансируемыми из государственного бюджета | F38: =F39 -> 0 | G38: =G39 -> 0 | H38: =H39 -> 0 | I38: =I39 -> 0 | J38: =J39 -> 0 | K38: =K39 -> 0 | L38: =L39 -> 0 | M38: =M39 -> 0 | ... R38: =R39 -> 0
A39: 2 | B39: 2 | C39: 1 | D39: 2 | E39: Поступления от реализации товаров (работ, услуг) государственными учреждениями, финансируемыми из республиканского бюджета | F39: =G39+H39+I39+J39+K39+L39+M39+N39+O39+P39+Q39+R39 -> 0
A40: 2 | B40: 3 | E40: Поступления денег от проведения государственных закупок, организуемых государственными учреждениями, финансируемыми из государственного бюджета | F40: =F41 -> 0 | G40: =G41 -> 0 | H40: =H41 -> 0 | I40: =I41 -> 0 | J40: =J41 -> 0 | K40: =K41 -> 0 | L40: =L41 -> 0 | M40: =M41 -> 0 | ... R40: =R41 -> 0
A41: 2 | B41: 3 | C41: 1 | E41: Поступления денег от проведения государственных закупок, организуемых государственными учреждениями, финансируемыми из государственного бюджета | F41: =F42 -> 0 | G41: =G42 -> 0 | H41: =H42 -> 0 | I41: =I42 -> 0 | J41: =J42 -> 0 | K41: =K42 -> 0 | L41: =L42 -> 0 | M41: =M42 -> 0 | ... R41: =R42 -> 0
A42: 2 | B42: 3 | C42: 1 | D42: 2 | E42: Поступления денег от проведения государственных закупок, организуемых государственными учреждениями, финансируемыми из местного бюджета | F42: =SUM(G42:R42) -> 0
A43: 2 | B43: 4 | E43: Штрафы, пени, санкции, взыскания, налагаемые государственными учреждениями, финансируемыми из государственного бюджета, а также содержащимися и финансируемыми из бюджета (сметы расходов) Национального Банка Республики Казахстан | F43: =F44 -> 530 | G43: =G44 -> 0 | H43: =H44 -> 0 | I43: =I44 -> 0 | J43: =J44 -> 0 | K43: =K44 -> 200 | L43: =L44 -> 200 | M43: =M44 -> 130 | ... R43: =R44 -> 0
A44: 2 | B44: 4 | C44: 1 | E44: Штрафы, пени, санкции, взыскания, налагаемые государственными учреждениями, финансируемыми из государственного бюджета, а также содержащимися и финансируемыми из бюджета (сметы расходов) Национального Банка Республики Казахстан, за исключением поступлений от организаций нефтяного сектора | F44: =SUM(F45:F46) -> 530 | G44: =SUM(G45:G46) -> 0 | H44: =SUM(H45:H46) -> 0 | I44: =SUM(I45:I46) -> 0 | J44: =SUM(J45:J46) -> 0 | K44: =SUM(K45:K46) -> 200 | L44: =SUM(L45:L46) -> 200 | M44: =SUM(M45:M46) -> 130 | ... R44: =SUM(R45:R46) -> 0
A45: 2 | B45: 4 | C45: 1 | D45: 14 | E45: Прочие штрафы, пени, санкции, взыскания, налагаемые государственными учреждениями, финансируемыми из местного бюджета | F45: =SUM(G45:R45) -> 0
A46: 2 | B46: 4 | C46: 1 | D46: 70 | E46: Административные штрафы, пени, санкции, взыскания, налагаемые акимами города районного значения, села, поселка, сельского округа | F46: =SUM(G46:R46) -> 530 | G46: 0 | H46: 0 | I46: 0 | J46: 0 | K46: 200 | L46: 200 | M46: 130 | N46: 0 | O46: 0 | P46: 0 | Q46: 0 | R46: 0
A47: 2 | B47: 6 | E47: Прочие неналоговые поступления | F47: =F48 -> 0 | G47: =G48 -> 0 | H47: =H48 -> 0 | I47: =I48 -> 0 | J47: =J48 -> 0 | K47: =K48 -> 0 | L47: =L48 -> 0 | M47: =M48 -> 0 | ... R47: =R48 -> 0
A48: 2 | B48: 6 | C48: 1 | E48: Прочие неналоговые поступления | F48: =SUM(F50:F53) -> 0 | G48: =SUM(G51:G53) -> 0 | H48: =SUM(H51:H53) -> 0 | I48: =SUM(I51:I53) -> 0 | J48: =SUM(J51:J53) -> 0 | K48: =SUM(K51:K53) -> 0 | L48: =SUM(L51:L53) -> 0 | M48: =SUM(M50:M53) -> 0 | N48: =SUM(N50:N53) -> 0 | O48: =SUM(O50:O53) -> 0 | P48: =SUM(P50:P53) -> 0 | Q48: =SUM(Q50:Q53) -> 0 | R48: =SUM(R50:R53) -> 0
A49: 2 | B49: 6 | C49: 1 | D49: 5 | E49: Поступления дебиторской, депонентской задолженности государственных учреждений, финансируемых из местного бюджета | F49: =SUM(G49:R49) -> 0
A50: 2 | B50: 6 | C50: 1 | D50: 7 | E50: Возврат неиспользованных средств, ранее полученных из местного бюджета | F50: =SUM(G50:R50) -> 0
A51: 2 | B51: 6 | C51: 1 | D51: 9 | E51: Другие неналоговые поступления в местный бюджет | F51: =SUM(G51:R51) -> 0
A52: 2 | B52: 6 | C52: 1 | D52: 15 | E52: Добровольные сборы физических и юридических лиц | F52: =SUM(G52:R52) -> 0
A53: 2 | B53: 6 | C53: 1 | D53: 17 | E53: Поступления остатков средств с контрольного счета наличности местного самоуправления | F53: =SUM(G53:R53) -> 0
A54: Поступления от продажи основного капитала | F54: =F55 -> 0 | G54: =G55 -> 0 | H54: =H55 -> 0 | I54: =I55 -> 0 | J54: =J55 -> 0 | K54: =K55 -> 0 | L54: =L55 -> 0 | M54: =M55 -> 0 | ... R54: =R55 -> 0
A55: 3 | B55: 1 | E55: Продажа государственного имущества, закрепленного за государственными учреждениями | F55: =F56 -> 0 | G55: =G56 -> 0 | H55: =H56 -> 0 | I55: =I56 -> 0 | J55: =J56 -> 0 | K55: =K56 -> 0 | L55: =L56 -> 0 | M55: =M56 -> 0 | ... R55: =R56 -> 0
A56: 3 | B56: 1 | C56: 1 | E56: Продажа государственного имущества, закрепленного за государственными учреждениями | F56: =SUM(F57:F57) -> 0 | G56: =SUM(G57:G57) -> 0 | H56: =SUM(H57:H57) -> 0 | I56: =SUM(I57:I57) -> 0 | J56: =SUM(J57:J57) -> 0 | K56: =SUM(K57:K57) -> 0 | L56: =SUM(L57:L57) -> 0 | M56: =SUM(M57:M57) -> 0 | ... R56: =SUM(R57:R57) -> 0
A57: 3 | B57: 1 | C57: 1 | D57: 2 | E57: Поступления от продажи имущества, закрепленного за государственными учреждениями, финансируемыми из местного бюджета | F57: =SUM(G57:R57) -> 0
E59: Аким Зеленоборского сельского округа | F59: Баженов М.А.
E60: Исп.

Sheet Златопольский
D1: ФОРМУ НЕ ИЗМЕНЯТЬ. СТРОКИ, СТОЛБЦЫ, ФОРМУЛЫ НЕ СКРЫВАТЬ, НЕ УДАЛЯТЬ
P2: Приложение № 1
E3: Распределение доходов бюджета на 2020 год по Златопольскому сельскому округу Бурабайского района
F4: по состоянию на 31.01.2020 г.
A6: КАТЕГОРИЯ | F6: План года | G6: План года по месяцам
B7: КЛАСС
C8: ПОДКЛАСС
D9: СПЕЦИФИКА | G9: январь | H9: февраль | I9: март | J9: апрель | K9: май | L9: июнь | M9: июль | N9: август | O9: сентябрь | P9: октябрь | Q9: ноябрь | R9: декабрь
E10: ДОХОДЫ | F10: =G10+H10+I10+J10+K10+L10+M10+N10+O10+P10+Q10++R10 -> 4468 | G10: =G11+G25+G54 -> 57 | H10: =H11+H25+H54 -> 83 | I10: =I11+I25+I54 -> 63 | J10: =J11+J25+J54 -> 163 | K10: =K11+K25+K54 -> 341 | L10: =L11+L25+L54 -> 466 | M10: =M11+M25+M54 -> 583 | N10: =N11+N25+N54 -> 564 | ... R10: =R11+R25+R54 -> 477
A11: 1 | E11: HАЛОГОВЫЕ ПОСТУПЛЕHИЯ | F11: =F12+F15+F23 -> 4137 | G11: =G12+G15+G23 -> 57 | H11: =H12+H15+H23 -> 83 | I11: =I12+I15+I23 -> 63 | J11: =J12+J15+J23 -> 163 | K11: =K12+K15+K23 -> 311 | L11: =L12+L15+L23 -> 433 | M11: =M12+M15+M23 -> 533 | ... R11: =R12+R15+R23 -> 447
A12: 1 | B12: 1 | E12: Подоходный налог | F12: =F13 -> 300 | G12: =G13 -> 5 | H12: =H13 -> 10 | I12: =I13 -> 10 | J12: =J13 -> 10 | K12: =K13 -> 10 | L12: =L13 -> 10 | M12: =M13 -> 40 | ... R12: =R13 -> 38
A13: 1 | B13: 1 | C13: 2 | E13: Индивидуальный подоходный налог | F13: 300 | G13: =G14 -> 5 | H13: =H14 -> 10 | I13: =I14 -> 10 | J13: =J14 -> 10 | K13: =K14 -> 10 | L13: =L14 -> 10 | M13: =M14 -> 40 | N13: =N14 -> 40 | ... R13: =R14 -> 38
A14: 1 | B14: 1 | C14: 2 | D14: 2 | E14: Индивидуальный подоходный налог с доходов, не облагаемых у источника выплаты | F14: 300 | G14: 5 | H14: 10 | I14: 10 | J14: 10 | K14: 10 | L14: 10 | M14: 40 | N14: 40 | O14: 41 | P14: 43 | Q14: 43 | R14: 38
A15: 1 | B15: 4 | E15: Налоги на собственность | F15: =F16+F18+F20 -> 3837 | G15: =G16+G18+G20 -> 52 | H15: =H16+H18+H20 -> 73 | I15: =I16+I18+I20 -> 53 | J15: =J16+J18+J20 -> 153 | K15: =K16+K18+K20 -> 301 | L15: =L16+L18+L20 -> 423 | M15: =M16+M18+M20 -> 493 | ... R15: =R16+R18+R20 -> 409
A16: 1 | B16: 4 | C16: 1 | E16: Налоги на имущество | F16: 48 | G16: =G17 -> 0 | H16: =H17 -> 0 | I16: =I17 -> 0 | J16: =J17 -> 0 | K16: =K17 -> 1 | L16: =L17 -> 3 | M16: =M17 -> 10 | N16: =N17 -> 9 | ... R16: =R17 -> 1
A17: 1 | B17: 4 | C17: 1 | D17: 2 | E17: Налог на имущество физических лиц | F17: =SUM(G17:R17) -> 48 | G17: 0 | H17: 0 | I17: 0 | J17: 0 | K17: 1 | L17: 3 | M17: 10 | N17: 9 | O17: 9 | P17: 13 | Q17: 2 | R17: 1
A18: 1 | B18: 4 | C18: 3 | E18: Земельный налог | F18: 550 | G18: =G19 -> 2 | H18: =H19 -> 3 | I18: =I19 -> 3 | J18: =J19 -> 3 | K18: =K19 -> 50 | L18: =L19 -> 70 | M18: =M19 -> 100 | N18: =N19 -> 100 | ... R18: =R19 -> 30
A19: 1 | B19: 4 | C19: 3 | D19: 2 | E19: Земельный налог | F19: =SUM(G19:R19) -> 550 | G19: 2 | H19: 3 | I19: 3 | J19: 3 | K19: 50 | L19: 70 | M19: 100 | N19: 100 | O19: 80 | P19: 65 | Q19: 44 | R19: 30
A20: 1 | B20: 4 | C20: 4 | E20: Налог на транспортные средства | F20: =F22+F21 -> 3239 | G20: =G22+G21 -> 50 | H20: =H22+H21 -> 70 | I20: =I22+I21 -> 50 | J20: =J22+J21 -> 150 | K20: =K22+K21 -> 250 | L20: =L22+L21 -> 350 | M20: =M22+M21 -> 383 | ... R20: =R22+R21 -> 378
A21: 1 | B21: 4 | C21: 4 | D21: 1 | E21: Налог на транспортные средства с юридических лиц | F21: 1003 | G21: 0 | H21: 20 | I21: 0 | J21: 100 | K21: 100 | L21: 100 | M21: 133 | N21: 110 | O21: 110 | P21: 110 | Q21: 110 | R21: 110
A22: 1 | B22: 4 | C22: 4 | D22: 2 | E22: Налог на транспортные средства с физических лиц | F22: 2236 | G22: 50 | H22: 50 | I22: 50 | J22: 50 | K22: 150 | L22: 250 | M22: 250 | N22: 250 | O22: 250 | P22: 300 | Q22: 318 | R22: 268
A23: 1 | B23: 5 | C23: 4 | E23: Сборы за ведение предпринимательской и профессиональной деятельности | F23: =SUM(G23:R23) -> 0 | G23: =SUM(G24:G24) -> 0 | H23: =SUM(H24:H24) -> 0 | I23: =SUM(I24:I24) -> 0 | J23: =SUM(J24:J24) -> 0 | K23: =SUM(K24:K24) -> 0 | L23: =SUM(L24:L24) -> 0 | M23: =SUM(M24:M24) -> 0 | N23: =SUM(N24:N24) -> 0 | ... R23: =SUM(R24:R24) -> 0
A24: 1 | B24: 5 | C24: 4 | D24: 30 | E24: Плата за размещение наружной (визуальной) рекламы на объектах стационарного размещения рекламы в полосе отвода автомобильных дорог общего пользования республиканского, областного и районного значения, проходящих через территории городов районного значения, сел, поселков, сельских округов и на открытом пространстве за пределами помещений в городе районного значения, селе, поселке | F24: =SUM(G24:R24) -> 0 | G24: 0 | H24: 0 | I24: 0 | J24: 0 | K24: 0 | L24: 0 | M24: 0 | N24: 0 | O24: 0 | P24: 0 | Q24: 0 | R24: 0
A25: 2 | E25: НЕHАЛОГОВЫЕ ПОСТУПЛЕHИЯ | F25: =SUM(G25:R25) -> 331 | G25: =G26+G37+G40+G43+G47 -> 0 | H25: =H26+H37+H40+H43+H47 -> 0 | I25: =I26+I37+I40+I43+I47 -> 0 | J25: =J26+J37+J40+J43+J47 -> 0 | K25: =K26+K37+K40+K43+K47 -> 30 | L25: =L26+L37+L40+L43+L47 -> 33 | M25: =M26+M37+M40+M43+M47 -> 50 | N25: =N26+N37+N40+N43+N47 -> 55 | ... R25: =R26+R37+R40+R43+R47 -> 30
A26: 2 | B26: 1 | E26: Доходы от государственной собственности | F26: =F27+F29+F31+F33 -> 0 | G26: =G27+G29+G31+G33 -> 0 | H26: =H27+H29+H31+H33 -> 0 | I26: =I27+I29+I31+I33 -> 0 | J26: =J27+J29+J31+J33 -> 0 | K26: =K27+K29+K31+K33 -> 0 | L26: =L27+L29+L31+L33 -> 0 | M26: =M27+M29+M31+M33 -> 0 | ... R26: =R27+R29+R31+R33 -> 0
A27: 2 | B27: 1 | C27: 1 | E27: Поступления части чистого дохода государственных предприятий | F27: =F28 -> 0 | G27: =G28 -> 0 | H27: =H28 -> 0 | I27: =I28 -> 0 | J27: =J28 -> 0 | K27: =K28 -> 0 | L27: =L28 -> 0 | M27: =M28 -> 0 | ... R27: =R28 -> 0
A28: 2 | B28: 1 | C28: 1 | D28: 2 | E28: Поступления части чистого дохода коммунальных государственных предприятий | F28: =SUM(G28:R28) -> 0
A29: 2 | B29: 1 | C29: 4 | E29: Доходы на доли участия в юридических лицах, находящиеся в государственной собственности | F29: =F30 -> 0 | G29: =G30 -> 0 | H29: =H30 -> 0 | I29: =I30 -> 0 | J29: =J30 -> 0 | K29: =K30 -> 0 | L29: =L30 -> 0 | M29: =M30 -> 0 | ... R29: =R30 -> 0
A30: 2 | B30: 1 | C30: 4 | D30: 2 | E30: Доходы на доли участия в юридических лицах, находящиеся в коммунальной собственности | F30: =SUM(G30:R30) -> 0
A31: 2 | B31: 1 | C31: 5 | E31: Доходы от аренды имущества, находящегося в государственной собственности | F31: =F32 -> 0 | G31: =G32 -> 0 | H31: =H32 -> 0 | I31: =I32 -> 0 | J31: =J32 -> 0 | K31: =K32 -> 0 | L31: =L32 -> 0 | M31: =M32 -> 0 | ... R31: =R32 -> 0
A32: 2 | B32: 1 | C32: 5 | D32: 10 | E32: Доходы от аренды имущества коммунальной собственности города районного значения, села, поселка, сельского округа | F32: =SUM(G32:R32) -> 0
A33: 2 | B33: 1 | C33: 7 | E33: Вознаграждения (интересы) по кредитам,выданным из государственного бюджета | F33: =SUM(F34:F36) -> 0 | G33: =SUM(G34:G36) -> 0 | H33: =SUM(H34:H36) -> 0 | I33: =SUM(I34:I36) -> 0 | J33: =SUM(J34:J36) -> 0 | K33: =SUM(K34:K36) -> 0 | L33: =SUM(L34:L36) -> 0 | M33: =SUM(M34:M36) -> 0 | ... R33: =SUM(R34:R36) -> 0
A34: 2 | B34: 1 | C34: 7 | D34: 6 | E34: Вознаграждения по бюджетным кредитам, выданным из местного бюджета специализированным организациям | F34: =SUM(G34:R34) -> 0
A35: 2 | B35: 1 | C35: 7 | D35: 13 | E35: Вознаграждения по бюджетным кредитам, выданным из местного бюджета физическим лицам | F35: =SUM(G35:R35) -> 0
A36: 2 | B36: 1 | C36: 7 | D36: 18 | E36: Вознаграждения по бюджетным кредитам, выданным из местного бюджета юридическим лицам, за исключением специализированных организаций | F36: =SUM(G36:R36) -> 0
A37: 2 | B37: 2 | E37: Поступления от реализации товаров (работ, услуг) государственными учреждениями, финансируемыми из государственного бюджета | F37: =F38 -> 0 | G37: =G38 -> 0 | H37: =H38 -> 0 | I37: =I38 -> 0 | J37: =J38 -> 0 | K37: =K38 -> 0 | L37: =L38 -> 0 | M37: =M38 -> 0 | ... R37: =R38 -> 0
A38: 2 | B38: 2 | C38: 1 | E38: Поступления от реализации товаров (работ, услуг) государственными учреждениями, финансируемыми из государственного бюджета | F38: =F39 -> 0 | G38: =G39 -> 0 | H38: =H39 -> 0 | I38: =I39 -> 0 | J38: =J39 -> 0 | K38: =K39 -> 0 | L38: =L39 -> 0 | M38: =M39 -> 0 | ... R38: =R39 -> 0
A39: 2 | B39: 2 | C39: 1 | D39: 2 | E39: Поступления от реализации товаров (работ, услуг) государственными учреждениями, финансируемыми из республиканского бюджета | F39: =G39+H39+I39+J39+K39+L39+M39+N39+O39+P39+Q39+R39 -> 0
A40: 2 | B40: 3 | E40: Поступления денег от проведения государственных закупок, организуемых государственными учреждениями, финансируемыми из государственного бюджета | F40: =F41 -> 0 | G40: =G41 -> 0 | H40: =H41 -> 0 | I40: =I41 -> 0 | J40: =J41 -> 0 | K40: =K41 -> 0 | L40: =L41 -> 0 | M40: =M41 -> 0 | ... R40: =R41 -> 0
A41: 2 | B41: 3 | C41: 1 | E41: Поступления денег от проведения государственных закупок, организуемых государственными учреждениями, финансируемыми из государственного бюджета | F41: =F42 -> 0 | G41: =G42 -> 0 | H41: =H42 -> 0 | I41: =I42 -> 0 | J41: =J42 -> 0 | K41: =K42 -> 0 | L41: =L42 -> 0 | M41: =M42 -> 0 | ... R41: =R42 -> 0
A42: 2 | B42: 3 | C42: 1 | D42: 2 | E42: Поступления денег от проведения государственных закупок, организуемых государственными учреждениями, финансируемыми из местного бюджета | F42: =SUM(G42:R42) -> 0
A43: 2 | B43: 4 | E43: Штрафы, пени, санкции, взыскания, налагаемые государственными учреждениями, финансируемыми из государственного бюджета, а также содержащимися и финансируемыми из бюджета (сметы расходов) Национального Банка Республики Казахстан | F43: =F44 -> 331 | G43: =G44 -> 0 | H43: =H44 -> 0 | I43: =I44 -> 0 | J43: =J44 -> 0 | K43: =K44 -> 30 | L43: =L44 -> 33 | M43: =M44 -> 50 | ... R43: =R44 -> 30
A44: 2 | B44: 4 | C44: 1 | E44: Штрафы, пени, санкции, взыскания, налагаемые государственными учреждениями, финансируемыми из государственного бюджета, а также содержащимися и финансируемыми из бюджета (сметы расходов) Национального Банка Республики Казахстан, за исключением поступлений от организаций нефтяного сектора | F44: =SUM(F45:F46) -> 331 | G44: =SUM(G45:G46) -> 0 | H44: =SUM(H45:H46) -> 0 | I44: =SUM(I45:I46) -> 0 | J44: =SUM(J45:J46) -> 0 | K44: =SUM(K45:K46) -> 30 | L44: =SUM(L45:L46) -> 33 | M44: =SUM(M45:M46) -> 50 | ... R44: =SUM(R45:R46) -> 30
A45: 2 | B45: 4 | C45: 1 | D45: 14 | E45: Прочие штрафы, пени, санкции, взыскания, налагаемые государственными учреждениями, финансируемыми из местного бюджета | F45: =SUM(G45:R45) -> 0 | G45: 0 | H45: 0 | I45: 0 | J45: 0 | K45: 0 | L45: 0 | M45: 0 | N45: 0 | O45: 0 | P45: 0 | Q45: 0 | R45: 0
A46: 2 | B46: 4 | C46: 1 | D46: 70 | E46: Административные штрафы, пени, санкции, взыскания, налагаемые акимами города районного значения, села, поселка, сельского округа | F46: =SUM(G46:R46) -> 331 | G46: 0 | H46: 0 | I46: 0 | J46: 0 | K46: 30 | L46: 33 | M46: 50 | N46: 55 | O46: 63 | P46: 40 | Q46: 30 | R46: 30
A47: 2 | B47: 6 | E47: Прочие неналоговые поступления | F47: =F48 -> 0 | G47: =G48 -> 0 | H47: =H48 -> 0 | I47: =I48 -> 0 | J47: =J48 -> 0 | K47: =K48 -> 0 | L47: =L48 -> 0 | M47: =M48 -> 0 | ... R47: =R48 -> 0
A48: 2 | B48: 6 | C48: 1 | E48: Прочие неналоговые поступления | F48: =SUM(F50:F53) -> 0 | G48: =SUM(G51:G53) -> 0 | H48: =SUM(H51:H53) -> 0 | I48: =SUM(I51:I53) -> 0 | J48: =SUM(J51:J53) -> 0 | K48: =SUM(K51:K53) -> 0 | L48: =SUM(L51:L53) -> 0 | M48: =SUM(M50:M53) -> 0 | N48: =SUM(N50:N53) -> 0 | O48: =SUM(O50:O53) -> 0 | P48: =SUM(P50:P53) -> 0 | Q48: =SUM(Q50:Q53) -> 0 | R48: =SUM(R50:R53) -> 0
A49: 2 | B49: 6 | C49: 1 | D49: 5 | E49: Поступления дебиторской, депонентской задолженности государственных учреждений, финансируемых из местного бюджета | F49: =SUM(G49:R49) -> 0
A50: 2 | B50: 6 | C50: 1 | D50: 7 | E50: Возврат неиспользованных средств, ранее полученных из местного бюджета | F50: =SUM(G50:R50) -> 0
A51: 2 | B51: 6 | C51: 1 | D51: 9 | E51: Другие неналоговые поступления в местный бюджет | F51: =SUM(G51:R51) -> 0
A52: 2 | B52: 6 | C52: 1 | D52: 15 | E52: Добровольные сборы физических и юридических лиц | F52: =SUM(G52:R52) -> 0
A53: 2 | B53: 6 | C53: 1 | D53: 17 | E53: Поступления остатков средств с контрольного счета наличности местного самоуправления | F53: =SUM(G53:R53) -> 0
A54: Поступления от продажи основного капитала | F54: =F55 -> 0 | G54: =G55 -> 0 | H54: =H55 -> 0 | I54: =I55 -> 0 | J54: =J55 -> 0 | K54: =K55 -> 0 | L54: =L55 -> 0 | M54: =M55 -> 0 | ... R54: =R55 -> 0
A55: 3 | B55: 1 | E55: Продажа государственного имущества, закрепленного за государственными учреждениями | F55: =F56 -> 0 | G55: =G56 -> 0 | H55: =H56 -> 0 | I55: =I56 -> 0 | J55: =J56 -> 0 | K55: =K56 -> 0 | L55: =L56 -> 0 | M55: =M56 -> 0 | ... R55: =R56 -> 0
A56: 3 | B56: 1 | C56: 1 | E56: Продажа государственного имущества, закрепленного за государственными учреждениями | F56: =SUM(F57:F57) -> 0 | G56: =SUM(G57:G57) -> 0 | H56: =SUM(H57:H57) -> 0 | I56: =SUM(I57:I57) -> 0 | J56: =SUM(J57:J57) -> 0 | K56: =SUM(K57:K57) -> 0 | L56: =SUM(L57:L57) -> 0 | M56: =SUM(M57:M57) -> 0 | ... R56: =SUM(R57:R57) -> 0
A57: 3 | B57: 1 | C57: 1 | D57: 2 | E57: Поступления от продажи имущества, закрепленного за государственными учреждениями, финансируемыми из местного бюджета | F57: =SUM(G57:R57) -> 0
E59: Аким Златопольского сельского округа | F59: Сипульдин С.С.
E60: Исп. | F60: Умиртасова Р.

Sheet Катаркольский
D1: ФОРМУ НЕ ИЗМЕНЯТЬ. СТРОКИ, СТОЛБЦЫ, ФОРМУЛЫ НЕ СКРЫВАТЬ, НЕ УДАЛЯТЬ
P2: Приложение № 1
E3: Распределение доходов бюджета на 2020 год по Катаркольскому сельскому округу Бурабайского района
F4: по состоянию на 31.01.2020 г.
A6: КАТЕГОРИЯ | F6: План года | G6: План года по месяцам
B7: КЛАСС
C8: ПОДКЛАСС
D9: СПЕЦИФИКА | G9: январь | H9: февраль | I9: март | J9: апрель | K9: май | L9: июнь | M9: июль | N9: август | O9: сентябрь | P9: октябрь | Q9: ноябрь | R9: декабрь
E10: ДОХОДЫ | F10: =F11+F25+F54 -> 10767 | G10: =G11+G25+G54 -> 532 | H10: =H11+H25+H54 -> 845 | I10: =I11+I25+I54 -> 763 | J10: =J11+J25+J54 -> 1213 | K10: =K11+K25+K54 -> 1514 | L10: =L11+L25+L54 -> 612 | M10: =M11+M25+M54 -> 867 | ... R10: =R11+R25+R54 -> 722
A11: 1 | E11: HАЛОГОВЫЕ ПОСТУПЛЕHИЯ | F11: =F12+F15+F23 -> 10326 | G11: =G12+G15+G23 -> 527 | H11: =H12+H15+H23 -> 840 | I11: =I12+I15+I23 -> 708 | J11: =J12+J15+J23 -> 1210 | K11: =K12+K15+K23 -> 1459 | L11: =L12+L15+L23 -> 559 | M11: =M12+M15+M23 -> 814 | ... R11: =R12+R15+R23 -> 717
A12: 1 | B12: 1 | E12: Подоходный налог | F12: =F13 -> 1400 | G12: =G13 -> 500 | H12: =H13 -> 500 | I12: =I13 -> 100 | J12: =J13 -> 200 | K12: =K13 -> 50 | L12: =L13 -> 50 | M12: =M13 -> 0 | ... R12: =R13 -> 0
A13: 1 | B13: 1 | C13: 2 | E13: Индивидуальный подоходный налог | F13: =SUM(F14:F14) -> 1400 | G13: =SUM(G14:G14) -> 500 | H13: =SUM(H14:H14) -> 500 | I13: =SUM(I14:I14) -> 100 | J13: =SUM(J14:J14) -> 200 | K13: =SUM(K14:K14) -> 50 | L13: =SUM(L14:L14) -> 50 | M13: =SUM(M14:M14) -> 0 | ... R13: =SUM(R14:R14) -> 0
A14: 1 | B14: 1 | C14: 2 | D14: 2 | E14: Индивидуальный подоходный налог с доходов, не облагаемых у источника выплаты | F14: 1400 | G14: 500 | H14: 500 | I14: 100 | J14: 200 | K14: 50 | L14: 50 | M14: 0 | N14: 0 | O14: 0 | P14: 0 | Q14: 0 | R14: 0
A15: 1 | B15: 4 | E15: Налоги на собственность | F15: =F16+F18+F20 -> 8926 | G15: =G16+G18+G20 -> 27 | H15: =H16+H18+H20 -> 340 | I15: =I16+I18+I20 -> 608 | J15: =J16+J18+J20 -> 1010 | K15: =K16+K18+K20 -> 1409 | L15: =L16+L18+L20 -> 509 | M15: =M16+M18+M20 -> 814 | ... R15: =R16+R18+R20 -> 717
A16: 1 | B16: 4 | C16: 1 | E16: Налоги на имущество | F16: =SUM(F17:F17) -> 84 | G16: =SUM(G17:G17) -> 0 | H16: =SUM(H17:H17) -> 1 | I16: =SUM(I17:I17) -> 3 | J16: =SUM(J17:J17) -> 10 | K16: =SUM(K17:K17) -> 10 | L16: =SUM(L17:L17) -> 10 | M16: =SUM(M17:M17) -> 10 | ... R16: =SUM(R17:R17) -> 5
A17: 1 | B17: 4 | C17: 1 | D17: 2 | E17: Налог на имущество физических лиц | F17: 84 | G17: 0 | H17: 1 | I17: 3 | J17: 10 | K17: 10 | L17: 10 | M17: 10 | N17: 15 | O17: 10 | P17: 5 | Q17: 5 | R17: 5
A18: 1 | B18: 4 | C18: 3 | E18: Земельный налог | F18: =SUM(F19:F19) -> 4284 | G18: =SUM(G19:G19) -> 10 | H18: =SUM(H19:H19) -> 150 | I18: =SUM(I19:I19) -> 100 | J18: =SUM(J19:J19) -> 300 | K18: =SUM(K19:K19) -> 400 | L18: =SUM(L19:L19) -> 250 | M18: =SUM(M19:M19) -> 500 | ... R18: =SUM(R19:R19) -> 574
A19: 1 | B19: 4 | C19: 3 | D19: 2 | E19: Земельный налог | F19: 4284 | G19: 10 | H19: 150 | I19: 100 | J19: 300 | K19: 400 | L19: 250 | M19: 500 | N19: 500 | O19: 500 | P19: 500 | Q19: 500 | R19: 574
A20: 1 | B20: 4 | C20: 4 | E20: Налог на транспортные средства | F20: =SUM(F21:F22) -> 4558 | G20: =G21+G22 -> 17 | H20: =H21+H22 -> 189 | I20: =I21+I22 -> 505 | J20: =J21+J22 -> 700 | K20: =K21+K22 -> 999 | L20: =L21+L22 -> 249 | M20: =M21+M22 -> 304 | N20: =N21+N22 -> 600 | ... R20: =R21+R22 -> 138
A21: 1 | B21: 4 | C21: 4 | D21: 1 | E21: Налог на транспортные средства с юридических лиц | F21: 2058 | G21: 0 | H21: 0 | I21: 150 | J21: 300 | K21: 500 | L21: 150 | M21: 200 | N21: 300 | O21: 300 | P21: 50 | Q21: 108 | R21: 0
A22: 1 | B22: 4 | C22: 4 | D22: 2 | E22: Налог на транспортные средства с физических лиц | F22: 2500 | G22: 17 | H22: 189 | I22: 355 | J22: 400 | K22: 499 | L22: 99 | M22: 104 | N22: 300 | O22: 100 | P22: 100 | Q22: 199 | R22: 138
A23: 1 | B23: 5 | C23: 4 | E23: Сборы за ведение предпринимательской и профессиональной деятельности | F23: =SUM(G23:R23) -> 0 | G23: =SUM(G24:G24) -> 0 | H23: =SUM(H24:H24) -> 0 | I23: =SUM(I24:I24) -> 0 | J23: =SUM(J24:J24) -> 0 | K23: =SUM(K24:K24) -> 0 | L23: =SUM(L24:L24) -> 0 | M23: =SUM(M24:M24) -> 0 | N23: =SUM(N24:N24) -> 0 | ... R23: =SUM(R24:R24) -> 0
A24: 1 | B24: 5 | C24: 4 | D24: 30 | E24: Плата за размещение наружной (визуальной) рекламы на объектах стационарного размещения рекламы в полосе отвода автомобильных дорог общего пользования республиканского, областного и районного значения, проходящих через территории городов районного значения, сел, поселков, сельских округов и на открытом пространстве за пределами помещений в городе районного значения, селе, поселке | F24: =SUM(G24:R24) -> 0 | G24: 0 | H24: 0 | I24: 0 | J24: 0 | K24: 0 | L24: 0 | M24: 0 | N24: 0 | O24: 0 | P24: 0 | Q24: 0 | R24: 0
A25: 2 | E25: НЕHАЛОГОВЫЕ ПОСТУПЛЕHИЯ | F25: =F26+F37+F40+F43+F47 -> 441 | G25: =G31+G44 -> 5 | H25: =H31+H44 -> 5 | I25: =I31+I44 -> 55 | J25: =J31+J44 -> 3 | K25: =K31+K44 -> 55 | L25: =L31+L44 -> 53 | M25: =M31+M44 -> 53 | N25: =N31+N44 -> 53 | ... R25: =R31+R44 -> 5
A26: 2 | B26: 1 | E26: Доходы от государственной собственности | F26: =F27+F29+F31+F33 -> 46 | G26: =G27+G29+G31+G33 -> 5 | H26: =H27+H29+H31+H33 -> 5 | I26: =I27+I29+I31+I33 -> 5 | J26: =J27+J29+J31+J33 -> 3 | K26: =K27+K29+K31+K33 -> 5 | L26: =L27+L29+L31+L33 -> 3 | M26: =M27+M29+M31+M33 -> 3 | ... R26: =R27+R29+R31+R33 -> 5
A27: 2 | B27: 1 | C27: 1 | E27: Поступления части чистого дохода государственных предприятий | F27: =F28 -> 0 | G27: =G28 -> 0 | H27: =H28 -> 0 | I27: =I28 -> 0 | J27: =J28 -> 0 | K27: =K28 -> 0 | L27: =L28 -> 0 | M27: =M28 -> 0 | ... R27: =R28 -> 0
A28: 2 | B28: 1 | C28: 1 | D28: 2 | E28: Поступления части чистого дохода коммунальных государственных предприятий | F28: =SUM(G28:R28) -> 0
A29: 2 | B29: 1 | C29: 4 | E29: Доходы на доли участия в юридических лицах, находящиеся в государственной собственности | F29: =F30 -> 0 | G29: =G30 -> 0 | H29: =H30 -> 0 | I29: =I30 -> 0 | J29: =J30 -> 0 | K29: =K30 -> 0 | L29: =L30 -> 0 | M29: =M30 -> 0 | ... R29: =R30 -> 0
A30: 2 | B30: 1 | C30: 4 | D30: 2 | E30: Доходы на доли участия в юридических лицах, находящиеся в коммунальной собственности | F30: =SUM(G30:R30) -> 0
A31: 2 | B31: 1 | C31: 5 | E31: Доходы от аренды имущества, находящегося в государственной собственности | F31: =F32 -> 46 | G31: =G32 -> 5 | H31: =H32 -> 5 | I31: =I32 -> 5 | J31: =J32 -> 3 | K31: =K32 -> 5 | L31: =L32 -> 3 | M31: =M32 -> 3 | ... R31: =R32 -> 5
A32: 2 | B32: 1 | C32: 5 | D32: 10 | E32: Доходы от аренды имущества коммунальной собственности города районного значения, села, поселка, сельского округа | F32: 46 | G32: 5 | H32: 5 | I32: 5 | J32: 3 | K32: 5 | L32: 3 | M32: 3 | N32: 3 | O32: 3 | P32: 3 | Q32: 3 | R32: 5
A33: 2 | B33: 1 | C33: 7 | E33: Вознаграждения (интересы) по кредитам,выданным из государственного бюджета | F33: =SUM(F34:F36) -> 0 | G33: =SUM(G34:G36) -> 0 | H33: =SUM(H34:H36) -> 0 | I33: =SUM(I34:I36) -> 0 | J33: =SUM(J34:J36) -> 0 | K33: =SUM(K34:K36) -> 0 | L33: =SUM(L34:L36) -> 0 | M33: =SUM(M34:M36) -> 0 | ... R33: =SUM(R34:R36) -> 0
A34: 2 | B34: 1 | C34: 7 | D34: 6 | E34: Вознаграждения по бюджетным кредитам, выданным из местного бюджета специализированным организациям | F34: =SUM(G34:R34) -> 0
A35: 2 | B35: 1 | C35: 7 | D35: 13 | E35: Вознаграждения по бюджетным кредитам, выданным из местного бюджета физическим лицам | F35: =SUM(G35:R35) -> 0
A36: 2 | B36: 1 | C36: 7 | D36: 18 | E36: Вознаграждения по бюджетным кредитам, выданным из местного бюджета юридическим лицам, за исключением специализированных организаций | F36: =SUM(G36:R36) -> 0
A37: 2 | B37: 2 | E37: Поступления от реализации товаров (работ, услуг) государственными учреждениями, финансируемыми из государственного бюджета | F37: =F38 -> 0 | G37: =G38 -> 0 | H37: =H38 -> 0 | I37: =I38 -> 0 | J37: =J38 -> 0 | K37: =K38 -> 0 | L37: =L38 -> 0 | M37: =M38 -> 0 | ... R37: =R38 -> 0
A38: 2 | B38: 2 | C38: 1 | E38: Поступления от реализации товаров (работ, услуг) государственными учреждениями, финансируемыми из государственного бюджета | F38: =F39 -> 0 | G38: =G39 -> 0 | H38: =H39 -> 0 | I38: =I39 -> 0 | J38: =J39 -> 0 | K38: =K39 -> 0 | L38: =L39 -> 0 | M38: =M39 -> 0 | ... R38: =R39 -> 0
A39: 2 | B39: 2 | C39: 1 | D39: 2 | E39: Поступления от реализации товаров (работ, услуг) государственными учреждениями, финансируемыми из республиканского бюджета | F39: =G39+H39+I39+J39+K39+L39+M39+N39+O39+P39+Q39+R39 -> 0
A40: 2 | B40: 3 | E40: Поступления денег от проведения государственных закупок, организуемых государственными учреждениями, финансируемыми из государственного бюджета | F40: =F41 -> 0 | G40: =G41 -> 0 | H40: =H41 -> 0 | I40: =I41 -> 0 | J40: =J41 -> 0 | K40: =K41 -> 0 | L40: =L41 -> 0 | M40: =M41 -> 0 | ... R40: =R41 -> 0
A41: 2 | B41: 3 | C41: 1 | E41: Поступления денег от проведения государственных закупок, организуемых государственными учреждениями, финансируемыми из государственного бюджета | F41: =F42 -> 0 | G41: =G42 -> 0 | H41: =H42 -> 0 | I41: =I42 -> 0 | J41: =J42 -> 0 | K41: =K42 -> 0 | L41: =L42 -> 0 | M41: =M42 -> 0 | ... R41: =R42 -> 0
A42: 2 | B42: 3 | C42: 1 | D42: 2 | E42: Поступления денег от проведения государственных закупок, организуемых государственными учреждениями, финансируемыми из местного бюджета | F42: =SUM(G42:R42) -> 0
A43: 2 | B43: 4 | E43: Штрафы, пени, санкции, взыскания, налагаемые государственными учреждениями, финансируемыми из государственного бюджета, а также содержащимися и финансируемыми из бюджета (сметы расходов) Национального Банка Республики Казахстан | F43: =F44 -> 395 | G43: =G44 -> 0 | H43: =H44 -> 0 | I43: =I44 -> 50 | J43: =J44 -> 0 | K43: =K44 -> 50 | L43: =L44 -> 50 | M43: =M44 -> 50 | ... R43: =R44 -> 0
A44: 2 | B44: 4 | C44: 1 | E44: Штрафы, пени, санкции, взыскания, налагаемые государственными учреждениями, финансируемыми из государственного бюджета, а также содержащимися и финансируемыми из бюджета (сметы расходов) Национального Банка Республики Казахстан, за исключением поступлений от организаций нефтяного сектора | F44: =SUM(F46+F45) -> 395 | G44: =SUM(G45:G46) -> 0 | H44: =SUM(H45:H46) -> 0 | I44: =SUM(I45:I46) -> 50 | J44: =SUM(J45:J46) -> 0 | K44: =SUM(K45:K46) -> 50 | L44: =SUM(L45:L46) -> 50 | M44: =SUM(M45:M46) -> 50 | N44: =SUM(N45:N46) -> 50 | ... R44: =SUM(R45:R46) -> 0
A45: 2 | B45: 4 | C45: 1 | D45: 14 | E45: Прочие штрафы, пени, санкции, взыскания, налагаемые государственными учреждениями, финансируемыми из местного бюджета | F45: =SUM(G45:R45) -> 0 | G45: 0 | H45: 0 | I45: 0 | J45: 0 | K45: 0 | L45: 0 | M45: 0 | N45: 0 | O45: 0 | P45: 0 | Q45: 0 | R45: 0
A46: 2 | B46: 4 | C46: 1 | D46: 70 | E46: Административные штрафы, пени, санкции, взыскания, налагаемые акимами города районного значения, села, поселка, сельского округа | F46: =SUM(G46:R46) -> 395 | G46: 0 | H46: 0 | I46: 50 | J46: 0 | K46: 50 | L46: 50 | M46: 50 | N46: 50 | O46: 50 | P46: 45 | Q46: 50 | R46: 0
A47: 2 | B47: 6 | E47: Прочие неналоговые поступления | F47: =F48 -> 0 | G47: =G48 -> 0 | H47: =H48 -> 0 | I47: =I48 -> 0 | J47: =J48 -> 0 | K47: =K48 -> 0 | L47: =L48 -> 0 | M47: =M48 -> 0 | ... R47: =R48 -> 0
A48: 2 | B48: 6 | C48: 1 | E48: Прочие неналоговые поступления | F48: =SUM(F50:F53) -> 0 | G48: =SUM(G51:G53) -> 0 | H48: =SUM(H51:H53) -> 0 | I48: =SUM(I51:I53) -> 0 | J48: =SUM(J51:J53) -> 0 | K48: =SUM(K51:K53) -> 0 | L48: =SUM(L51:L53) -> 0 | M48: =SUM(M50:M53) -> 0 | N48: =SUM(N50:N53) -> 0 | O48: =SUM(O50:O53) -> 0 | P48: =SUM(P50:P53) -> 0 | Q48: =SUM(Q50:Q53) -> 0 | R48: =SUM(R50:R53) -> 0
A49: 2 | B49: 6 | C49: 1 | D49: 5 | E49: Поступления дебиторской, депонентской задолженности государственных учреждений, финансируемых из местного бюджета | F49: =SUM(G49:R49) -> 0
A50: 2 | B50: 6 | C50: 1 | D50: 7 | E50: Возврат неиспользованных средств, ранее полученных из местного бюджета | F50: =SUM(G50:R50) -> 0
A51: 2 | B51: 6 | C51: 1 | D51: 9 | E51: Другие неналоговые поступления в местный бюджет | F51: =SUM(G51:R51) -> 0
A52: 2 | B52: 6 | C52: 1 | D52: 15 | E52: Добровольные сборы физических и юридических лиц | F52: =SUM(G52:R52) -> 0
A53: 2 | B53: 6 | C53: 1 | D53: 17 | E53: Поступления остатков средств с контрольного счета наличности местного самоуправления | F53: =SUM(G53:R53) -> 0
A54: Поступления от продажи основного капитала | F54: =F55 -> 0 | G54: =G55 -> 0 | H54: =H55 -> 0 | I54: =I55 -> 0 | J54: =J55 -> 0 | K54: =K55 -> 0 | L54: =L55 -> 0 | M54: =M55 -> 0 | ... R54: =R55 -> 0
A55: 3 | B55: 1 | E55: Продажа государственного имущества, закрепленного за государственными учреждениями | F55: =F56 -> 0 | G55: =G56 -> 0 | H55: =H56 -> 0 | I55: =I56 -> 0 | J55: =J56 -> 0 | K55: =K56 -> 0 | L55: =L56 -> 0 | M55: =M56 -> 0 | ... R55: =R56 -> 0
A56: 3 | B56: 1 | C56: 1 | E56: Продажа государственного имущества, закрепленного за государственными учреждениями | F56: =SUM(F57:F57) -> 0 | G56: =SUM(G57:G57) -> 0 | H56: =SUM(H57:H57) -> 0 | I56: =SUM(I57:I57) -> 0 | J56: =SUM(J57:J57) -> 0 | K56: =SUM(K57:K57) -> 0 | L56: =SUM(L57:L57) -> 0 | M56: =SUM(M57:M57) -> 0 | ... R56: =SUM(R57:R57) -> 0
A57: 3 | B57: 1 | C57: 1 | D57: 2 | E57: Поступления от продажи имущества, закрепленного за государственными учреждениями, финансируемыми из местного бюджета | F57: =SUM(G57:R57) -> 0
E59: Аким Катаркольского сельского округа | F59: Кусаинов М.С.
E60: Исп. | F60: Киласьева Н.В.

Sheet Кенесаринский
D1: ФОРМУ НЕ ИЗМЕНЯТЬ. СТРОКИ, СТОЛБЦЫ, ФОРМУЛЫ НЕ СКРЫВАТЬ, НЕ УДАЛЯТЬ
P2: Приложение № 1
E3: Распределение доходов бюджета на 2020 год по Кенесаринскому сельскому округу Бурабайского района
F4: по состоянию на 31.01.2020 г.
A6: КАТЕГОРИЯ | F6: План года | G6: План года по месяцам
B7: КЛАСС
C8: ПОДКЛАСС
D9: СПЕЦИФИКА | G9: январь | H9: февраль | I9: март | J9: апрель | K9: май | L9: июнь | M9: июль | N9: август | O9: сентябрь | P9: октябрь | Q9: ноябрь | R9: декабрь
E10: ДОХОДЫ | F10: 3225 | G10: =G11+G25+G54 -> 12 | H10: 36 | I10: 65 | J10: 134 | K10: 208 | L10: 342 | M10: 392 | N10: 338 | O10: 809 | P10: 488 | Q10: 150 | R10: 251
A11: 1 | E11: HАЛОГОВЫЕ ПОСТУПЛЕHИЯ | F11: =F12+F15+F23 -> 2960 | G11: 12 | H11: 36 | I11: 65 | J11: 134 | K11: 164 | L11: 281 | M11: 322 | N11: 293 | O11: 764 | P11: 488 | Q11: 150 | R11: 251
A12: 1 | B12: 1 | E12: Подоходный налог | F12: =F13 -> 500 | G12: =G13 -> 0 | H12: =H13 -> 0 | I12: =I13 -> 34 | J12: =J13 -> 16 | K12: =K13 -> 41 | L12: =L13 -> 59 | M12: =M13 -> 18 | ... R12: =R13 -> 172
A13: 1 | B13: 1 | C13: 2 | E13: Индивидуальный подоходный налог | F13: =SUM(F14) -> 500 | G13: =SUM(G14:G14) -> 0 | H13: =SUM(H14:H14) -> 0 | I13: =SUM(I14:I14) -> 34 | J13: =SUM(J14:J14) -> 16 | K13: =SUM(K14:K14) -> 41 | L13: =SUM(L14:L14) -> 59 | M13: =SUM(M14:M14) -> 18 | N13: =SUM(N14:N14) -> 46 | ... R13: =SUM(R14:R14) -> 172
A14: 1 | B14: 1 | C14: 2 | D14: 2 | E14: Индивидуальный подоходный налог с доходов, не облагаемых у источника выплаты | F14: =SUM(G14:R14) -> 500 | G14: 0 | H14: 0 | I14: 34 | J14: 16 | K14: 41 | L14: 59 | M14: 18 | N14: 46 | O14: 104 | P14: 6 | Q14: 4 | R14: 172
A15: 1 | B15: 4 | E15: Налоги на собственность | F15: =F16+F18+F20 -> 2460 | G15: =G16+G18+G20 -> 12 | H15: =H16+H18+H20 -> 72 | I15: =I16+I18+I20 -> 62 | J15: =J16+J18+J20 -> 236 | K15: =K16+K18+K20 -> 246 | L15: =L16+L18+L20 -> 426 | M15: =M16+M18+M20 -> 591 | ... R15: =R16+R18+R20 -> 157
A16: 1 | B16: 4 | C16: 1 | E16: Налоги на имущество | F16: =F17 -> 67 | G16: 0 | H16: 36 | I16: 31 | J16: 118 | K16: 123 | L16: 222 | M16: 304 | N16: 247 | O16: 660 | P16: 482 | Q16: 146 | R16: 79
A17: 1 | B17: 4 | C17: 1 | D17: 2 | E17: Налог на имущество физических лиц | F17: =SUM(G17:R17) -> 67 | G17: 0 | H17: 0 | I17: 0 | J17: 0 | K17: 0 | L17: 18 | M17: 17 | N17: 23 | O17: 4 | P17: 3 | Q17: 1 | R17: 1
A18: 1 | B18: 4 | C18: 3 | E18: Земельный налог | F18: =F19 -> 527 | G18: =G19 -> 0 | H18: =H19 -> 0 | I18: =I19 -> 0 | J18: =J19 -> 0 | K18: =K19 -> 0 | L18: =L19 -> 89 | M18: =M19 -> 77 | ... R18: =R19 -> 0
A19: 1 | B19: 4 | C19: 3 | D19: 2 | E19: Земельный налог на земли населенных пунктов | F19: =SUM(G19:R19) -> 527 | G19: 0 | H19: 0 | I19: 0 | J19: 0 | K19: 0 | L19: 89 | M19: 77 | N19: 119 | O19: 117 | P19: 91 | Q19: 34 | R19: 0
A20: 1 | B20: 4 | C20: 4 | E20: Налог на транспортные средства | F20: =F21+F22 -> 1866 | G20: =G21+G22 -> 12 | H20: =H21+H22 -> 36 | I20: =I21+I22 -> 31 | J20: =J21+J22 -> 118 | K20: =K21+K22 -> 123 | L20: =L21+L22 -> 115 | M20: =M21+M22 -> 210 | ... R20: =R21+R22 -> 78
A21: 1 | B21: 4 | C21: 4 | D21: 1 | E21: Налог на транспортные средства с юридических лиц | F21: =SUM(G21:R21) -> 492 | G21: 0 | H21: 0 | I21: 0 | J21: 0 | K21: 0 | L21: 0 | M21: 0 | N21: 0 | O21: 264 | P21: 228 | Q21: 0 | R21: 0
A22: 1 | B22: 4 | C22: 4 | D22: 2 | E22: Налог на транспортные средства с физических лиц | F22: =SUM(G22:R22) -> 1374 | G22: 12 | H22: 36 | I22: 31 | J22: 118 | K22: 123 | L22: 115 | M22: 210 | N22: 105 | O22: 275 | P22: 160 | Q22: 111 | R22: 78
A23: 1 | B23: 5 | C23: 4 | E23: Сборы за ведение предпринимательской и профессиональной деятельности | F23: =F24 -> 0 | G23: =G24 -> 0 | H23: =H24 -> 0 | I23: =I24 -> 0 | J23: =J24 -> 0 | K23: =K24 -> 0 | L23: =L24 -> 0 | M23: =M24 -> 0 | ... R23: =R24 -> 0
A24: 1 | B24: 5 | C24: 4 | D24: 30 | E24: Плата за размещение наружной (визуальной) рекламы на объектах стационарного размещения рекламы в полосе отвода автомобильных дорог общего пользования республиканского, областного и районного значения, проходящих через территории городов районного значения, сел, поселков, сельских округов и на открытом пространстве за пределами помещений в городе районного значения, селе, поселке | F24: =SUM(G24:R24) -> 0 | G24: 0 | H24: 0 | I24: 0 | J24: 0 | K24: 0 | L24: 0 | M24: 0 | N24: 0 | O24: 0 | P24: 0 | Q24: 0 | R24: 0
A25: 2 | E25: НЕHАЛОГОВЫЕ ПОСТУПЛЕHИЯ | F25: 265 | G25: =G26+G37+G40+G43+G47 -> 0 | H25: =H26+H37+H40+H43+H47 -> 0 | I25: =I26+I37+I40+I43+I47 -> 0 | J25: =J26+J37+J40+J43+J47 -> 0 | K25: 44 | L25: 61 | M25: 70 | N25: 45 | O25: 45 | P25: 0 | Q25: 0 | R25: 0
A26: 2 | B26: 1 | E26: Доходы от государственной собственности | G26: =G27+G29+G31+G33 -> 0 | H26: =H27+H29+H31+H33 -> 0 | I26: =I27+I29+I31+I33 -> 0 | J26: =J27+J29+J31+J33 -> 0
A27: 2 | B27: 1 | C27: 1 | E27: Поступления части чистого дохода государственных предприятий | F27: =F28 -> 0 | G27: =G28 -> 0 | H27: =H28 -> 0 | I27: =I28 -> 0 | J27: =J28 -> 0 | K27: =K28 -> 0 | L27: =L28 -> 0 | M27: =M28 -> 0 | ... R27: =R28 -> 0
A28: 2 | B28: 1 | C28: 1 | D28: 2 | E28: Поступления части чистого дохода коммунальных государственных предприятий | F28: =SUM(G28:R28) -> 0
A29: 2 | B29: 1 | C29: 4 | E29: Доходы на доли участия в юридических лицах, находящиеся в государственной собственности | F29: =F30 -> 0 | G29: =G30 -> 0 | H29: =H30 -> 0 | I29: =I30 -> 0 | J29: =J30 -> 0 | K29: =K30 -> 0 | L29: =L30 -> 0 | M29: =M30 -> 0 | ... R29: =R30 -> 0
A30: 2 | B30: 1 | C30: 4 | D30: 2 | E30: Доходы на доли участия в юридических лицах, находящиеся в коммунальной собственности | F30: =SUM(G30:R30) -> 0
A31: 2 | B31: 1 | C31: 5 | E31: Доходы от аренды имущества, находящегося в государственной собственности | F31: =F32 -> 0 | G31: =G32 -> 0 | H31: =H32 -> 0 | I31: =I32 -> 0 | J31: =J32 -> 0 | K31: =K32 -> 0 | L31: =L32 -> 0 | M31: =M32 -> 0 | ... R31: =R32 -> 0
A32: 2 | B32: 1 | C32: 5 | D32: 10 | E32: Доходы от аренды имущества коммунальной собственности города районного значения, села, поселка, сельского округа | F32: =SUM(G32:R32) -> 0
A33: 2 | B33: 1 | C33: 7 | E33: Вознаграждения (интересы) по кредитам,выданным из государственного бюджета | F33: =SUM(F34:F36) -> 0 | G33: =SUM(G34:G36) -> 0 | H33: =SUM(H34:H36) -> 0 | I33: =SUM(I34:I36) -> 0 | J33: =SUM(J34:J36) -> 0 | K33: =SUM(K34:K36) -> 0 | L33: =SUM(L34:L36) -> 0 | M33: =SUM(M34:M36) -> 0 | ... R33: =SUM(R34:R36) -> 0
A34: 2 | B34: 1 | C34: 7 | D34: 6 | E34: Вознаграждения по бюджетным кредитам, выданным из местного бюджета специализированным организациям | F34: =SUM(G34:R34) -> 0
A35: 2 | B35: 1 | C35: 7 | D35: 13 | E35: Вознаграждения по бюджетным кредитам, выданным из местного бюджета физическим лицам | F35: =SUM(G35:R35) -> 0
A36: 2 | B36: 1 | C36: 7 | D36: 18 | E36: Вознаграждения по бюджетным кредитам, выданным из местного бюджета юридическим лицам, за исключением специализированных организаций | F36: =SUM(G36:R36) -> 0
A37: 2 | B37: 2 | E37: Поступления от реализации товаров (работ, услуг) государственными учреждениями, финансируемыми из государственного бюджета | F37: =F38 -> 0 | G37: =G38 -> 0 | H37: =H38 -> 0 | I37: =I38 -> 0 | J37: =J38 -> 0 | K37: =K38 -> 0 | L37: =L38 -> 0 | M37: =M38 -> 0 | ... R37: =R38 -> 0
A38: 2 | B38: 2 | C38: 1 | E38: Поступления от реализации товаров (работ, услуг) государственными учреждениями, финансируемыми из государственного бюджета | F38: =F39 -> 0 | G38: =G39 -> 0 | H38: =H39 -> 0 | I38: =I39 -> 0 | J38: =J39 -> 0 | K38: =K39 -> 0 | L38: =L39 -> 0 | M38: =M39 -> 0 | ... R38: =R39 -> 0
A39: 2 | B39: 2 | C39: 1 | D39: 2 | E39: Поступления от реализации товаров (работ, услуг) государственными учреждениями, финансируемыми из республиканского бюджета | F39: =G39+H39+I39+J39+K39+L39+M39+N39+O39+P39+Q39+R39 -> 0
A40: 2 | B40: 3 | E40: Поступления денег от проведения государственных закупок, организуемых государственными учреждениями, финансируемыми из государственного бюджета | F40: =F41 -> 0 | G40: =G41 -> 0 | H40: =H41 -> 0 | I40: =I41 -> 0 | J40: =J41 -> 0 | K40: =K41 -> 0 | L40: =L41 -> 0 | M40: =M41 -> 0 | ... R40: =R41 -> 0
A41: 2 | B41: 3 | C41: 1 | E41: Поступления денег от проведения государственных закупок, организуемых государственными учреждениями, финансируемыми из государственного бюджета | F41: =F42 -> 0 | G41: =G42 -> 0 | H41: =H42 -> 0 | I41: =I42 -> 0 | J41: =J42 -> 0 | K41: =K42 -> 0 | L41: =L42 -> 0 | M41: =M42 -> 0 | ... R41: =R42 -> 0
A42: 2 | B42: 3 | C42: 1 | D42: 2 | E42: Поступления денег от проведения государственных закупок, организуемых государственными учреждениями, финансируемыми из местного бюджета | F42: =SUM(G42:R42) -> 0
A43: 2 | B43: 4 | E43: Штрафы, пени, санкции, взыскания, налагаемые государственными учреждениями, финансируемыми из государственного бюджета, а также содержащимися и финансируемыми из бюджета (сметы расходов) Национального Банка Республики Казахстан | F43: =F44 -> 265 | G43: =G44 -> 0 | H43: =H44 -> 0 | I43: =I44 -> 0 | J43: =J44 -> 0 | K43: =K44 -> 44 | L43: =L44 -> 61 | M43: =M44 -> 70 | ... R43: =R44 -> 0
A44: 2 | B44: 4 | C44: 1 | E44: Штрафы, пени, санкции, взыскания, налагаемые государственными учреждениями, финансируемыми из государственного бюджета, а также содержащимися и финансируемыми из бюджета (сметы расходов) Национального Банка Республики Казахстан, за исключением поступлений от организаций нефтяного сектора | F44: 265 | G44: =SUM(G45:G46) -> 0 | H44: =SUM(H45:H46) -> 0 | I44: =SUM(I45:I46) -> 0 | J44: =SUM(J45:J46) -> 0 | K44: =SUM(K45:K46) -> 44 | L44: =SUM(L45:L46) -> 61 | M44: =SUM(M45:M46) -> 70 | N44: =SUM(N45:N46) -> 45 | ... R44: =SUM(R45:R46) -> 0
A45: 2 | B45: 4 | C45: 1 | D45: 14 | E45: Прочие штрафы, пени, санкции, взыскания, налагаемые государственными учреждениями, финансируемыми из местного бюджета | F45: =SUM(G45:R45) -> 0 | G45: 0 | H45: 0 | I45: 0 | J45: 0 | K45: 0 | L45: 0 | M45: 0 | N45: 0 | O45: 0 | P45: 0 | Q45: 0 | R45: 0
A46: 2 | B46: 4 | C46: 1 | D46: 70 | E46: Административные штрафы, пени, санкции, взыскания, налагаемые акимами города районного значения, села, поселка, сельского округа | F46: =SUM(G46:R46) -> 265 | G46: 0 | H46: 0 | I46: 0 | J46: 0 | K46: 44 | L46: 61 | M46: 70 | N46: 45 | O46: 45 | P46: 0 | Q46: 0 | R46: 0
A47: 2 | B47: 6 | E47: Прочие неналоговые поступления | F47: =F48 -> 0 | G47: =G48 -> 0 | H47: =H48 -> 0 | I47: =I48 -> 0 | J47: =J48 -> 0 | K47: =K48 -> 0 | L47: =L48 -> 0 | M47: =M48 -> 0 | ... R47: =R48 -> 0
A48: 2 | B48: 6 | C48: 1 | E48: Прочие неналоговые поступления | F48: =SUM(F50:F53) -> 0 | G48: =SUM(G51:G53) -> 0 | H48: =SUM(H51:H53) -> 0 | I48: =SUM(I51:I53) -> 0 | J48: =SUM(J51:J53) -> 0 | K48: =SUM(K51:K53) -> 0 | L48: =SUM(L51:L53) -> 0 | M48: =SUM(M50:M53) -> 0 | N48: =SUM(N50:N53) -> 0 | O48: =SUM(O50:O53) -> 0 | P48: =SUM(P50:P53) -> 0 | Q48: =SUM(Q50:Q53) -> 0 | R48: =SUM(R50:R53) -> 0
A49: 2 | B49: 6 | C49: 1 | D49: 5 | E49: Поступления дебиторской, депонентской задолженности государственных учреждений, финансируемых из местного бюджета | F49: =SUM(G49:R49) -> 0
A50: 2 | B50: 6 | C50: 1 | D50: 7 | E50: Возврат неиспользованных средств, ранее полученных из местного бюджета | F50: =SUM(G50:R50) -> 0
A51: 2 | B51: 6 | C51: 1 | D51: 9 | E51: Другие неналоговые поступления в местный бюджет | F51: =SUM(G51:R51) -> 0
A52: 2 | B52: 6 | C52: 1 | D52: 15 | E52: Добровольные сборы физических и юридических лиц | F52: =SUM(G52:R52) -> 0
A53: 2 | B53: 6 | C53: 1 | D53: 17 | E53: Поступления остатков средств с контрольного счета наличности местного самоуправления | F53: =SUM(G53:R53) -> 0
A54: Поступления от продажи основного капитала | F54: =F55 -> 0 | G54: =G55 -> 0 | H54: =H55 -> 0 | I54: =I55 -> 0 | J54: =J55 -> 0 | K54: =K55 -> 0 | L54: =L55 -> 0 | M54: =M55 -> 0 | ... R54: =R55 -> 0
A55: 3 | B55: 1 | E55: Продажа государственного имущества, закрепленного за государственными учреждениями | F55: =F56 -> 0 | G55: =G56 -> 0 | H55: =H56 -> 0 | I55: =I56 -> 0 | J55: =J56 -> 0 | K55: =K56 -> 0 | L55: =L56 -> 0 | M55: =M56 -> 0 | ... R55: =R56 -> 0
A56: 3 | B56: 1 | C56: 1 | E56: Продажа государственного имущества, закрепленного за государственными учреждениями | F56: =SUM(F57:F57) -> 0 | G56: =SUM(G57:G57) -> 0 | H56: =SUM(H57:H57) -> 0 | I56: =SUM(I57:I57) -> 0 | J56: =SUM(J57:J57) -> 0 | K56: =SUM(K57:K57) -> 0 | L56: =SUM(L57:L57) -> 0 | M56: =SUM(M57:M57) -> 0 | ... R56: =SUM(R57:R57) -> 0
A57: 3 | B57: 1 | C57: 1 | D57: 2 | E57: Поступления от продажи имущества, закрепленного за государственными учреждениями, финансируемыми из местного бюджета | F57: =SUM(G57:R57) -> 0
E59: Аким сельского округа А.Ахметов
E61: Исп.Рахметова С

Sheet Атамекен
D1: ФОРМУ НЕ ИЗМЕНЯТЬ. СТРОКИ, СТОЛБЦЫ, ФОРМУЛЫ НЕ СКРЫВАТЬ, НЕ УДАЛЯТЬ
P2: Приложение № 1
E3: Распределение доходов бюджета на 2020 год по сельскому округу Атамекен Бурабайского района
F4: по состоянию на 31.01.2020 г.
A6: КАТЕГОРИЯ | F6: План года | G6: План года по месяцам
B7: КЛАСС
C8: ПОДКЛАСС
D9: СПЕЦИФИКА | G9: январь | H9: февраль | I9: март | J9: апрель | K9: май | L9: июнь | M9: июль | N9: август | O9: сентябрь | P9: октябрь | Q9: ноябрь | R9: декабрь
E10: ДОХОДЫ | F10: =F11+F25+F54 -> 2029 | G10: =G11+G25+G54 -> 117 | H10: =H11+H25+H54 -> 201 | I10: =I11+I25+I54 -> 224 | J10: =J11+J25+J54 -> 127 | K10: =K11+K25+K54 -> 163 | L10: =L11+L25+L54 -> 222 | M10: =M11+M25+M54 -> 219 | ... R10: =R11+R25+R54 -> 115
A11: 1 | E11: HАЛОГОВЫЕ ПОСТУПЛЕHИЯ | F11: =F12+F15+F23 -> 1764 | G11: =G12+G15+G23 -> 117 | H11: =H12+H15+H23 -> 201 | I11: =I12+I15+I23 -> 209 | J11: =J12+J15+J23 -> 112 | K11: =K12+K15+K23 -> 148 | L11: =L12+L15+L23 -> 172 | M11: =M12+M15+M23 -> 169 | ... R11: =R12+R15+R23 -> 115
A12: 1 | B12: 1 | E12: Подоходный налог | F12: =F13 -> 300 | G12: =G13 -> 100 | H12: =H13 -> 100 | I12: =I13 -> 100 | J12: =J13 -> 0 | K12: =K13 -> 0 | L12: =L13 -> 0 | M12: =M13 -> 0 | ... R12: =R13 -> 0
A13: 1 | B13: 1 | C13: 2 | E13: Индивидуальный подоходный налог | F13: =F14 -> 300 | G13: =G14 -> 100 | H13: =H14 -> 100 | I13: =I14 -> 100 | J13: =J14 -> 0 | K13: =K14 -> 0 | L13: =L14 -> 0 | M13: =M14 -> 0 | ... R13: =R14 -> 0
A14: 1 | B14: 1 | C14: 2 | D14: 2 | E14: Индивидуальный подоходный налог с доходов, не облагаемых у источника выплаты | F14: =SUM(G14:R14) -> 300 | G14: 100 | H14: 100 | I14: 100 | J14: 0 | K14: 0 | L14: 0 | M14: 0 | N14: 0 | O14: 0 | P14: 0 | Q14: 0 | R14: 0
A15: 1 | B15: 4 | E15: Налоги на собственность | F15: =F16+F18+F20 -> 1464 | G15: =G16+G18+G20 -> 17 | H15: =H16+H18+H20 -> 101 | I15: 109 | J15: 112 | K15: 148 | L15: =L16+L18+L20 -> 172 | M15: =M16+M18+M20 -> 169 | N15: =N16+N18+N20 -> 160 | O15: =O16+O18+O20 -> 126 | P15: =P16+P18+P20 -> 126 | Q15: =Q16+Q18+Q20 -> 109 | R15: =R16+R18+R20 -> 115
A16: 1 | B16: 4 | C16: 1 | E16: Налоги на имущество | F16: =F17 -> 25 | G16: =G17 -> 0 | H16: =H17 -> 1 | I16: =I17 -> 1 | J16: =J17 -> 2 | K16: =K17 -> 3 | L16: =L17 -> 4 | M16: =M17 -> 5 | ... R16: =R17 -> 0
A17: 1 | B17: 4 | C17: 1 | D17: 2 | E17: Налог на имущество физических лиц | F17: =SUM(G17:R17) -> 25 | G17: 0 | H17: 1 | I17: 1 | J17: 2 | K17: 3 | L17: 4 | M17: 5 | N17: 6 | O17: 3 | P17: 0 | Q17: 0 | R17: 0
A18: 1 | B18: 4 | C18: 3 | E18: Земельный налог | F18: =F19 -> 324 | G18: =SUM(G19:G19) -> 0 | H18: =SUM(H19:H19) -> 0 | I18: =SUM(I19:I19) -> 8 | J18: =SUM(J19:J19) -> 43 | K18: =SUM(K19:K19) -> 45 | L18: =SUM(L19:L19) -> 61 | M18: =SUM(M19:M19) -> 55 | N18: =SUM(N19:N19) -> 45 | ... R18: =SUM(R19:R19) -> 0
A19: 1 | B19: 4 | C19: 3 | D19: 2 | E19: Земельный налог на земли населенных пунктов | F19: =SUM(G19:R19) -> 324 | G19: 0 | H19: 0 | I19: 8 | J19: 43 | K19: 45 | L19: 61 | M19: 55 | N19: 45 | O19: 47 | P19: 11 | Q19: 9 | R19: 0
A20: 1 | B20: 4 | C20: 4 | E20: Налог на транспортные средства | F20: =F21+F22 -> 1115 | G20: =G21+G22 -> 17 | H20: =H21+H22 -> 100 | I20: =I21+I22 -> 100 | J20: =J21+J22 -> 67 | K20: =K21+K22 -> 100 | L20: =L21+L22 -> 107 | M20: =M21+M22 -> 109 | ... R20: =R21+R22 -> 115
A21: 1 | B21: 4 | C21: 4 | D21: 1 | E21: Налог на транспортные средства с юридических лиц | F21: =SUM(G21:R21) -> 5 | G21: 0 | H21: 0 | I21: 0 | J21: 0 | K21: 0 | L21: 0 | M21: 5 | N21: 0 | O21: 0 | P21: 0 | Q21: 0 | R21: 0
A22: 1 | B22: 4 | C22: 4 | D22: 2 | E22: Налог на транспортные средства с физических лиц | F22: =SUM(G22:R22) -> 1110 | G22: 17 | H22: 100 | I22: 100 | J22: 67 | K22: 100 | L22: 107 | M22: 104 | N22: 109 | O22: 76 | P22: 115 | Q22: 100 | R22: 115
A23: 1 | B23: 5 | C23: 4 | E23: Сборы за ведение предпринимательской и профессиональной деятельности | F23: =SUM(G23:R23) -> 0 | G23: =SUM(G24:G24) -> 0 | H23: =SUM(H24:H24) -> 0 | I23: =SUM(I24:I24) -> 0 | J23: =SUM(J24:J24) -> 0 | K23: =SUM(K24:K24) -> 0 | L23: =SUM(L24:L24) -> 0 | M23: =SUM(M24:M24) -> 0 | N23: =SUM(N24:N24) -> 0 | ... R23: =SUM(R24:R24) -> 0
A24: 1 | B24: 5 | C24: 4 | D24: 30 | E24: Плата за размещение наружной (визуальной) рекламы на объектах стационарного размещения рекламы в полосе отвода автомобильных дорог общего пользования республиканского, областного и районного значения, проходящих через территории городов районного значения, сел, поселков, сельских округов и на открытом пространстве за пределами помещений в городе районного значения, селе, поселке | F24: =SUM(G24:R24) -> 0 | G24: 0 | H24: 0 | I24: 0 | J24: 0 | K24: 0 | L24: 0 | M24: 0 | N24: 0 | O24: 0 | P24: 0 | Q24: 0 | R24: 0
A25: 2 | E25: НЕHАЛОГОВЫЕ ПОСТУПЛЕHИЯ | F25: =F26+F37+F40+F43+F47 -> 265 | G25: =G26+G37+G40+G43+G47 -> 0 | H25: =H26+H37+H40+H43+H47 -> 0 | I25: =I26+I37+I40+I43+I47 -> 15 | J25: =J26+J37+J40+J43+J47 -> 15 | K25: =K26+K37+K40+K43+K47 -> 15 | L25: =L26+L37+L40+L43+L47 -> 50 | M25: =M26+M37+M40+M43+M47 -> 50 | ... R25: =R26+R37+R40+R43+R47 -> 0
A26: 2 | B26: 1 | E26: Доходы от государственной собственности | F26: =F27+F29+F31+F33 -> 0 | G26: =G27+G29+G31+G33 -> 0 | H26: =H27+H29+H31+H33 -> 0 | I26: =I27+I29+I31+I33 -> 0 | J26: =J27+J29+J31+J33 -> 0 | K26: =K27+K29+K31+K33 -> 0 | L26: =L27+L29+L31+L33 -> 0 | M26: =M27+M29+M31+M33 -> 0 | ... R26: =R27+R29+R31+R33 -> 0
A27: 2 | B27: 1 | C27: 1 | E27: Поступления части чистого дохода государственных предприятий | F27: =F28 -> 0 | G27: =G28 -> 0 | H27: =H28 -> 0 | I27: =I28 -> 0 | J27: =J28 -> 0 | K27: =K28 -> 0 | L27: =L28 -> 0 | M27: =M28 -> 0 | ... R27: =R28 -> 0
A28: 2 | B28: 1 | C28: 1 | D28: 2 | E28: Поступления части чистого дохода коммунальных государственных предприятий | F28: =SUM(G28:R28) -> 0
A29: 2 | B29: 1 | C29: 4 | E29: Доходы на доли участия в юридических лицах, находящиеся в государственной собственности | F29: =F30 -> 0 | G29: =G30 -> 0 | H29: =H30 -> 0 | I29: =I30 -> 0 | J29: =J30 -> 0 | K29: =K30 -> 0 | L29: =L30 -> 0 | M29: =M30 -> 0 | ... R29: =R30 -> 0
A30: 2 | B30: 1 | C30: 4 | D30: 2 | E30: Доходы на доли участия в юридических лицах, находящиеся в коммунальной собственности | F30: =SUM(G30:R30) -> 0
A31: 2 | B31: 1 | C31: 5 | E31: Доходы от аренды имущества, находящегося в государственной собственности | F31: =F32 -> 0 | G31: =G32 -> 0 | H31: =H32 -> 0 | I31: =I32 -> 0 | J31: =J32 -> 0 | K31: =K32 -> 0 | L31: =L32 -> 0 | M31: =M32 -> 0 | ... R31: =R32 -> 0
A32: 2 | B32: 1 | C32: 5 | D32: 10 | E32: Доходы от аренды имущества коммунальной собственности города районного значения, села, поселка, сельского округа | F32: =SUM(G32:R32) -> 0
A33: 2 | B33: 1 | C33: 7 | E33: Вознаграждения (интересы) по кредитам,выданным из государственного бюджета | F33: =SUM(F34:F36) -> 0 | G33: =SUM(G34:G36) -> 0 | H33: =SUM(H34:H36) -> 0 | I33: =SUM(I34:I36) -> 0 | J33: =SUM(J34:J36) -> 0 | K33: =SUM(K34:K36) -> 0 | L33: =SUM(L34:L36) -> 0 | M33: =SUM(M34:M36) -> 0 | ... R33: =SUM(R34:R36) -> 0
A34: 2 | B34: 1 | C34: 7 | D34: 6 | E34: Вознаграждения по бюджетным кредитам, выданным из местного бюджета специализированным организациям | F34: =SUM(G34:R34) -> 0
A35: 2 | B35: 1 | C35: 7 | D35: 13 | E35: Вознаграждения по бюджетным кредитам, выданным из местного бюджета физическим лицам | F35: =SUM(G35:R35) -> 0
A36: 2 | B36: 1 | C36: 7 | D36: 18 | E36: Вознаграждения по бюджетным кредитам, выданным из местного бюджета юридическим лицам, за исключением специализированных организаций | F36: =SUM(G36:R36) -> 0
A37: 2 | B37: 2 | E37: Поступления от реализации товаров (работ, услуг) государственными учреждениями, финансируемыми из государственного бюджета | F37: =F38 -> 0 | G37: =G38 -> 0 | H37: =H38 -> 0 | I37: =I38 -> 0 | J37: =J38 -> 0 | K37: =K38 -> 0 | L37: =L38 -> 0 | M37: =M38 -> 0 | ... R37: =R38 -> 0
A38: 2 | B38: 2 | C38: 1 | E38: Поступления от реализации товаров (работ, услуг) государственными учреждениями, финансируемыми из государственного бюджета | F38: =F39 -> 0 | G38: =G39 -> 0 | H38: =H39 -> 0 | I38: =I39 -> 0 | J38: =J39 -> 0 | K38: =K39 -> 0 | L38: =L39 -> 0 | M38: =M39 -> 0 | ... R38: =R39 -> 0
A39: 2 | B39: 2 | C39: 1 | D39: 2 | E39: Поступления от реализации товаров (работ, услуг) государственными учреждениями, финансируемыми из республиканского бюджета | F39: =G39+H39+I39+J39+K39+L39+M39+N39+O39+P39+Q39+R39 -> 0
A40: 2 | B40: 3 | E40: Поступления денег от проведения государственных закупок, организуемых государственными учреждениями, финансируемыми из государственного бюджета | F40: =F41 -> 0 | G40: =G41 -> 0 | H40: =H41 -> 0 | I40: =I41 -> 0 | J40: =J41 -> 0 | K40: =K41 -> 0 | L40: =L41 -> 0 | M40: =M41 -> 0 | ... R40: =R41 -> 0
A41: 2 | B41: 3 | C41: 1 | E41: Поступления денег от проведения государственных закупок, организуемых государственными учреждениями, финансируемыми из государственного бюджета | F41: =F42 -> 0 | G41: =G42 -> 0 | H41: =H42 -> 0 | I41: =I42 -> 0 | J41: =J42 -> 0 | K41: =K42 -> 0 | L41: =L42 -> 0 | M41: =M42 -> 0 | ... R41: =R42 -> 0
A42: 2 | B42: 3 | C42: 1 | D42: 2 | E42: Поступления денег от проведения государственных закупок, организуемых государственными учреждениями, финансируемыми из местного бюджета | F42: =SUM(G42:R42) -> 0
A43: 2 | B43: 4 | E43: Штрафы, пени, санкции, взыскания, налагаемые государственными учреждениями, финансируемыми из государственного бюджета, а также содержащимися и финансируемыми из бюджета (сметы расходов) Национального Банка Республики Казахстан | F43: =F44 -> 265 | G43: =G44 -> 0 | H43: =H44 -> 0 | I43: 15 | J43: 15 | K43: 15 | L43: 50 | M43: 50 | N43: 40 | O43: 40 | P43: 40 | Q43: =Q44 -> 0 | R43: =R44 -> 0
A44: 2 | B44: 4 | C44: 1 | E44: Штрафы, пени, санкции, взыскания, налагаемые государственными учреждениями, финансируемыми из государственного бюджета, а также содержащимися и финансируемыми из бюджета (сметы расходов) Национального Банка Республики Казахстан, за исключением поступлений от организаций нефтяного сектора | F44: =SUM(F46+F45) -> 265 | G44: =SUM(G45:G46) -> 0 | H44: =SUM(H45:H46) -> 0 | I44: =SUM(I45:I46) -> 15 | J44: =SUM(J45:J46) -> 15 | K44: =SUM(K45:K46) -> 15 | L44: =SUM(L45:L46) -> 50 | M44: =SUM(M45:M46) -> 50 | N44: =SUM(N45:N46) -> 40 | ... R44: =SUM(R45:R46) -> 0
A45: 2 | B45: 4 | C45: 1 | D45: 14 | E45: Прочие штрафы, пени, санкции, взыскания, налагаемые государственными учреждениями, финансируемыми из местного бюджета | F45: =SUM(G45:R45) -> 0
A46: 2 | B46: 4 | C46: 1 | D46: 70 | E46: Административные штрафы, пени, санкции, взыскания, налагаемые акимами города районного значения, села, поселка, сельского округа | F46: =SUM(G46:R46) -> 265 | G46: 0 | H46: 0 | I46: 15 | J46: 15 | K46: 15 | L46: 50 | M46: 50 | N46: 40 | O46: 40 | P46: 40 | Q46: 0 | R46: 0
A47: 2 | B47: 6 | E47: Прочие неналоговые поступления | F47: =F48 -> 0 | G47: =G48 -> 0 | H47: =H48 -> 0 | I47: =I48 -> 0 | J47: =J48 -> 0 | K47: =K48 -> 0 | L47: =L48 -> 0 | M47: =M48 -> 0 | ... R47: =R48 -> 0
A48: 2 | B48: 6 | C48: 1 | E48: Прочие неналоговые поступления | F48: =SUM(F50:F53) -> 0 | G48: =SUM(G51:G53) -> 0 | H48: =SUM(H51:H53) -> 0 | I48: =SUM(I51:I53) -> 0 | J48: =SUM(J51:J53) -> 0 | K48: =SUM(K51:K53) -> 0 | L48: =SUM(L51:L53) -> 0 | M48: =SUM(M50:M53) -> 0 | N48: =SUM(N50:N53) -> 0 | O48: =SUM(O50:O53) -> 0 | P48: =SUM(P50:P53) -> 0 | Q48: =SUM(Q50:Q53) -> 0 | R48: =SUM(R50:R53) -> 0
A49: 2 | B49: 6 | C49: 1 | D49: 5 | E49: Поступления дебиторской, депонентской задолженности государственных учреждений, финансируемых из местного бюджета | F49: =SUM(G49:R49) -> 0
A50: 2 | B50: 6 | C50: 1 | D50: 7 | E50: Возврат неиспользованных средств, ранее полученных из местного бюджета | F50: =SUM(G50:R50) -> 0
A51: 2 | B51: 6 | C51: 1 | D51: 9 | E51: Другие неналоговые поступления в местный бюджет | F51: =SUM(G51:R51) -> 0
A52: 2 | B52: 6 | C52: 1 | D52: 15 | E52: Добровольные сборы физических и юридических лиц | F52: =SUM(G52:R52) -> 0
A53: 2 | B53: 6 | C53: 1 | D53: 17 | E53: Поступления остатков средств с контрольного счета наличности местного самоуправления | F53: =SUM(G53:R53) -> 0
A54: Поступления от продажи основного капитала | F54: =F55 -> 0 | G54: =G55 -> 0 | H54: =H55 -> 0 | I54: =I55 -> 0 | J54: =J55 -> 0 | K54: =K55 -> 0 | L54: =L55 -> 0 | M54: =M55 -> 0 | ... R54: =R55 -> 0
A55: 3 | B55: 1 | E55: Продажа государственного имущества, закрепленного за государственными учреждениями | F55: =F56 -> 0 | G55: =G56 -> 0 | H55: =H56 -> 0 | I55: =I56 -> 0 | J55: =J56 -> 0 | K55: =K56 -> 0 | L55: =L56 -> 0 | M55: =M56 -> 0 | ... R55: =R56 -> 0
A56: 3 | B56: 1 | C56: 1 | E56: Продажа государственного имущества, закрепленного за государственными учреждениями | F56: =SUM(F57:F57) -> 0 | G56: =SUM(G57:G57) -> 0 | H56: =SUM(H57:H57) -> 0 | I56: =SUM(I57:I57) -> 0 | J56: =SUM(J57:J57) -> 0 | K56: =SUM(K57:K57) -> 0 | L56: =SUM(L57:L57) -> 0 | M56: =SUM(M57:M57) -> 0 | ... R56: =SUM(R57:R57) -> 0
A57: 3 | B57: 1 | C57: 1 | D57: 2 | E57: Поступления от продажи имущества, закрепленного за государственными учреждениями, финансируемыми из местного бюджета | F57: =SUM(G57:R57) -> 0
E59: Аким сельского округа Атамекен | F59: Капезов Д.К.
E60: Исп. | F60: Кошимбаев Е.А.

Sheet Урумкайский
D1: ФОРМУ НЕ ИЗМЕНЯТЬ. СТРОКИ, СТОЛБЦЫ, ФОРМУЛЫ НЕ СКРЫВАТЬ, НЕ УДАЛЯТЬ
P2: Приложение № 1
E3: Распределение доходов бюджета на 2020 год по Урумкайскому сельскому округу Бурабайского района
F4: по состоянию на 31.01.2020 г.
A6: КАТЕГОРИЯ | F6: План года | G6: План года по месяцам
B7: КЛАСС
C8: ПОДКЛАСС
D9: СПЕЦИФИКА | G9: январь | H9: февраль | I9: март | J9: апрель | K9: май | L9: июнь | M9: июль | N9: август | O9: сентябрь | P9: октябрь | Q9: ноябрь | R9: декабрь
E10: ДОХОДЫ | F10: =F11+F25+F54 -> 4165 | G10: =G11+G25+G54 -> 132 | H10: =H11+H25+H54 -> 236 | I10: =I11+I25+I54 -> 278 | J10: =J11+J25+J54 -> 293 | K10: =K11+K25+K54 -> 167 | L10: =L11+L25+L54 -> 340 | M10: =M11+M25+M54 -> 908 | ... R10: =R11+R25+R54 -> 90
A11: 1 | E11: HАЛОГОВЫЕ ПОСТУПЛЕHИЯ | F11: =F12+F15+F23 -> 3860 | G11: =G12+G15+G23 -> 132 | H11: =H12+H15+H23 -> 236 | I11: =I12+I15+I23 -> 278 | J11: =J12+J15+J23 -> 243 | K11: =K12+K15+K23 -> 117 | L11: =L12+L15+L23 -> 300 | M11: =M12+M15+M23 -> 873 | ... R11: =R12+R15+R23 -> 90
A12: 1 | B12: 1 | E12: Подоходный налог | F12: =F13 -> 300 | G12: =G13 -> 5 | H12: =H13 -> 80 | I12: =I13 -> 5 | J12: =J13 -> 0 | K12: =K13 -> 0 | L12: =L13 -> 210 | M12: =M13 -> 0 | ... R12: =R13 -> 0
A13: 1 | B13: 1 | C13: 2 | E13: Индивидуальный подоходный налог | F13: =F14 -> 300 | G13: =G14 -> 5 | H13: =H14 -> 80 | I13: =I14 -> 5 | J13: =J14 -> 0 | K13: =K14 -> 0 | L13: =L14 -> 210 | M13: =M14 -> 0 | ... R13: =R14 -> 0
A14: 1 | B14: 1 | C14: 2 | D14: 2 | E14: Индивидуальный подоходный налог с доходов, не облагаемых у источника выплаты | F14: =SUM(G14:R14) -> 300 | G14: 5 | H14: 80 | I14: 5 | J14: 0 | K14: 0 | L14: 210 | M14: 0 | N14: 0 | O14: 0 | P14: 0 | Q14: 0 | R14: 0
A15: 1 | B15: 4 | E15: Налоги на собственность | F15: =F16+F18+F20 -> 3115 | G15: =G16+G18+G20 -> 90 | H15: =H16+H18+H20 -> 119 | I15: =I16+I18+I20 -> 236 | J15: =J16+J18+J20 -> 206 | K15: =K16+K18+K20 -> 80 | L15: =L16+L18+L20 -> 53 | M15: =M16+M18+M20 -> 836 | ... R15: =R16+R18+R20 -> 53
A16: 1 | B16: 4 | C16: 1 | E16: Налоги на имущество | F16: =SUM(F17:F17) -> 72 | G16: =SUM(G17:G17) -> 0 | H16: =SUM(H17:H17) -> 0 | I16: =SUM(I17:I17) -> 1 | J16: =J17 -> 1 | K16: =SUM(K17:K17) -> 1 | L16: =SUM(L17:L17) -> 1 | M16: =SUM(M17:M17) -> 1 | N16: =SUM(N17:N17) -> 5 | O16: =SUM(O17:O17) -> 34 | P16: =SUM(P17:P17) -> 23 | Q16: =SUM(Q17:Q17) -> 5 | R16: =SUM(R17:R17) -> 0
A17: 1 | B17: 4 | C17: 1 | D17: 2 | E17: Налог на имущество физических лиц | F17: =SUM(G17:R17) -> 72 | G17: 0 | H17: 0 | I17: 1 | J17: 1 | K17: 1 | L17: 1 | M17: 1 | N17: 5 | O17: 34 | P17: 23 | Q17: 5 | R17: 0
A18: 1 | B18: 4 | C18: 3 | E18: Земельный налог | F18: =SUM(F19:F19) -> 220 | G18: =SUM(G19:G19) -> 0 | H18: =SUM(H19:H19) -> 3 | I18: =SUM(I19:I19) -> 5 | J18: =SUM(J19:J19) -> 5 | K18: =SUM(K19:K19) -> 5 | L18: =SUM(L19:L19) -> 5 | M18: =SUM(M19:M19) -> 5 | ... R18: =SUM(R19:R19) -> 3
A19: 1 | B19: 4 | C19: 3 | D19: 2 | E19: Земельный налог | F19: =SUM(G19:R19) -> 220 | G19: 0 | H19: 3 | I19: 5 | J19: 5 | K19: 5 | L19: 5 | M19: 5 | N19: 60 | O19: 60 | P19: 31 | Q19: 38 | R19: 3
A20: 1 | B20: 4 | C20: 4 | E20: Налог на транспортные средства | F20: =SUM(F21:F22) -> 2823 | G20: =G21+G22 -> 90 | H20: =H21+H22 -> 116 | I20: =I21+I22 -> 230 | J20: =J21+J22 -> 200 | K20: =K21+K22 -> 74 | L20: =L21+L22 -> 47 | M20: =M21+M22 -> 830 | N20: =N21+N22 -> 230 | ... R20: =R21+R22 -> 50
A21: 1 | B21: 4 | C21: 4 | D21: 1 | E21: Налог на транспортные средства с юридических лиц | F21: =SUM(G21:R21) -> 750 | G21: 0 | H21: 0 | I21: 70 | J21: 0 | K21: 0 | L21: 0 | M21: 680 | N21: 0 | O21: 0 | P21: 0 | Q21: 0 | R21: 0
A22: 1 | B22: 4 | C22: 4 | D22: 2 | E22: Налог на транспортные средства с физических лиц | F22: =SUM(G22:R22) -> 2073 | G22: 90 | H22: 116 | I22: 160 | J22: 200 | K22: 74 | L22: 47 | M22: 150 | N22: 230 | O22: 370 | P22: 336 | Q22: 250 | R22: 50
A23: 1 | B23: 5 | C23: 4 | E23: Сборы за ведение предпринимательской и профессиональной деятельности | F23: =SUM(G23:R23) -> 445 | G23: =SUM(G24:G24) -> 37 | H23: =SUM(H24:H24) -> 37 | I23: =SUM(I24:I24) -> 37 | J23: =SUM(J24:J24) -> 37 | K23: =SUM(K24:K24) -> 37 | L23: =SUM(L24:L24) -> 37 | M23: =SUM(M24:M24) -> 37 | N23: =SUM(N24:N24) -> 37 | ... R23: =SUM(R24:R24) -> 37
A24: 1 | B24: 5 | C24: 4 | D24: 30 | E24: Плата за размещение наружной (визуальной) рекламы на объектах стационарного размещения рекламы в полосе отвода автомобильных дорог общего пользования республиканского, областного и районного значения, проходящих через территории городов районного значения, сел, поселков, сельских округов и на открытом пространстве за пределами помещений в городе районного значения, селе, поселке | F24: =SUM(G24:R24) -> 445 | G24: 37 | H24: 37 | I24: 37 | J24: 37 | K24: 37 | L24: 37 | M24: 37 | N24: 37 | O24: 37 | P24: 37 | Q24: 38 | R24: 37
A25: 2 | E25: НЕHАЛОГОВЫЕ ПОСТУПЛЕHИЯ | F25: =F26+F37+F40+F43+F47 -> 305 | G25: =G26+G37+G40+G43+G47 -> 0 | H25: =H26+H37+H40+H43+H47 -> 0 | I25: =I26+I37+I40+I43+I47 -> 0 | J25: =J26+J37+J40+J43+J47 -> 50 | K25: =K26+K37+K40+K43+K47 -> 50 | L25: =L26+L37+L40+L43+L47 -> 40 | M25: =M26+M37+M40+M43+M47 -> 35 | ... R25: =R26+R37+R40+R43+R47 -> 0
A26: 2 | B26: 1 | E26: Доходы от государственной собственности | F26: =F27+F29+F31+F33 -> 0 | G26: =G27+G29+G31+G33 -> 0 | H26: =H27+H29+H31+H33 -> 0 | I26: =I27+I29+I31+I33 -> 0 | J26: =J27+J29+J31+J33 -> 0 | K26: =K27+K29+K31+K33 -> 0 | L26: =L27+L29+L31+L33 -> 0 | M26: =M27+M29+M31+M33 -> 0 | ... R26: =R27+R29+R31+R33 -> 0
A27: 2 | B27: 1 | C27: 1 | E27: Поступления части чистого дохода государственных предприятий | F27: =F28 -> 0 | G27: =G28 -> 0 | H27: =H28 -> 0 | I27: =I28 -> 0 | J27: =J28 -> 0 | K27: =K28 -> 0 | L27: =L28 -> 0 | M27: =M28 -> 0 | ... R27: =R28 -> 0
A28: 2 | B28: 1 | C28: 1 | D28: 2 | E28: Поступления части чистого дохода коммунальных государственных предприятий | F28: =SUM(G28:R28) -> 0
A29: 2 | B29: 1 | C29: 4 | E29: Доходы на доли участия в юридических лицах, находящиеся в государственной собственности | F29: =F30 -> 0 | G29: =G30 -> 0 | H29: =H30 -> 0 | I29: =I30 -> 0 | J29: =J30 -> 0 | K29: =K30 -> 0 | L29: =L30 -> 0 | M29: =M30 -> 0 | ... R29: =R30 -> 0
A30: 2 | B30: 1 | C30: 4 | D30: 2 | E30: Доходы на доли участия в юридических лицах, находящиеся в коммунальной собственности | F30: =SUM(G30:R30) -> 0
A31: 2 | B31: 1 | C31: 5 | E31: Доходы от аренды имущества, находящегося в государственной собственности | F31: =F32 -> 0 | G31: =G32 -> 0 | H31: =H32 -> 0 | I31: =I32 -> 0 | J31: =J32 -> 0 | K31: =K32 -> 0 | L31: =L32 -> 0 | M31: =M32 -> 0 | ... R31: =R32 -> 0
A32: 2 | B32: 1 | C32: 5 | D32: 10 | E32: Доходы от аренды имущества коммунальной собственности города районного значения, села, поселка, сельского округа | F32: =SUM(G32:R32) -> 0
A33: 2 | B33: 1 | C33: 7 | E33: Вознаграждения (интересы) по кредитам,выданным из государственного бюджета | F33: =SUM(F34:F36) -> 0 | G33: =SUM(G34:G36) -> 0 | H33: =SUM(H34:H36) -> 0 | I33: =SUM(I34:I36) -> 0 | J33: =SUM(J34:J36) -> 0 | K33: =SUM(K34:K36) -> 0 | L33: =SUM(L34:L36) -> 0 | M33: =SUM(M34:M36) -> 0 | ... R33: =SUM(R34:R36) -> 0
A34: 2 | B34: 1 | C34: 7 | D34: 6 | E34: Вознаграждения по бюджетным кредитам, выданным из местного бюджета специализированным организациям | F34: =SUM(G34:R34) -> 0
A35: 2 | B35: 1 | C35: 7 | D35: 13 | E35: Вознаграждения по бюджетным кредитам, выданным из местного бюджета физическим лицам | F35: =SUM(G35:R35) -> 0
A36: 2 | B36: 1 | C36: 7 | D36: 18 | E36: Вознаграждения по бюджетным кредитам, выданным из местного бюджета юридическим лицам, за исключением специализированных организаций | F36: =SUM(G36:R36) -> 0
A37: 2 | B37: 2 | E37: Поступления от реализации товаров (работ, услуг) государственными учреждениями, финансируемыми из государственного бюджета | F37: =F38 -> 0 | G37: =G38 -> 0 | H37: =H38 -> 0 | I37: =I38 -> 0 | J37: =J38 -> 0 | K37: =K38 -> 0 | L37: =L38 -> 0 | M37: =M38 -> 0 | ... R37: =R38 -> 0
A38: 2 | B38: 2 | C38: 1 | E38: Поступления от реализации товаров (работ, услуг) государственными учреждениями, финансируемыми из государственного бюджета | F38: =F39 -> 0 | G38: =G39 -> 0 | H38: =H39 -> 0 | I38: =I39 -> 0 | J38: =J39 -> 0 | K38: =K39 -> 0 | L38: =L39 -> 0 | M38: =M39 -> 0 | ... R38: =R39 -> 0
A39: 2 | B39: 2 | C39: 1 | D39: 2 | E39: Поступления от реализации товаров (работ, услуг) государственными учреждениями, финансируемыми из республиканского бюджета | F39: =G39+H39+I39+J39+K39+L39+M39+N39+O39+P39+Q39+R39 -> 0
A40: 2 | B40: 3 | E40: Поступления денег от проведения государственных закупок, организуемых государственными учреждениями, финансируемыми из государственного бюджета | F40: =F41 -> 0 | G40: =G41 -> 0 | H40: =H41 -> 0 | I40: =I41 -> 0 | J40: =J41 -> 0 | K40: =K41 -> 0 | L40: =L41 -> 0 | M40: =M41 -> 0 | ... R40: =R41 -> 0
A41: 2 | B41: 3 | C41: 1 | E41: Поступления денег от проведения государственных закупок, организуемых государственными учреждениями, финансируемыми из государственного бюджета | F41: =F42 -> 0 | G41: =G42 -> 0 | H41: =H42 -> 0 | I41: =I42 -> 0 | J41: =J42 -> 0 | K41: =K42 -> 0 | L41: =L42 -> 0 | M41: =M42 -> 0 | ... R41: =R42 -> 0
A42: 2 | B42: 3 | C42: 1 | D42: 2 | E42: Поступления денег от проведения государственных закупок, организуемых государственными учреждениями, финансируемыми из местного бюджета | F42: =SUM(G42:R42) -> 0
A43: 2 | B43: 4 | E43: Штрафы, пени, санкции, взыскания, налагаемые государственными учреждениями, финансируемыми из государственного бюджета, а также содержащимися и финансируемыми из бюджета (сметы расходов) Национального Банка Республики Казахстан | F43: =F44 -> 305 | G43: =G44 -> 0 | H43: =H44 -> 0 | I43: =I44 -> 0 | J43: =J44 -> 50 | K43: =K44 -> 50 | L43: =L44 -> 40 | M43: =M44 -> 35 | ... R43: =R44 -> 0
A44: 2 | B44: 4 | C44: 1 | E44: Штрафы, пени, санкции, взыскания, налагаемые государственными учреждениями, финансируемыми из государственного бюджета, а также содержащимися и финансируемыми из бюджета (сметы расходов) Национального Банка Республики Казахстан, за исключением поступлений от организаций нефтяного сектора | F44: =F45+F46 -> 305 | G44: =SUM(G45:G46) -> 0 | H44: =SUM(H45:H46) -> 0 | I44: =SUM(I45:I46) -> 0 | J44: =SUM(J45:J46) -> 50 | K44: =SUM(K45:K46) -> 50 | L44: =SUM(L45:L46) -> 40 | M44: =SUM(M45:M46) -> 35 | N44: =SUM(N45:N46) -> 45 | ... R44: =SUM(R45:R46) -> 0
A45: 2 | B45: 4 | C45: 1 | D45: 14 | E45: Прочие штрафы, пени, санкции, взыскания, налагаемые государственными учреждениями, финансируемыми из местного бюджета | F45: =SUM(G45:R45) -> 0 | G45: 0 | H45: 0 | I45: 0 | J45: 0 | K45: 0 | L45: 0 | M45: 0 | N45: 0 | O45: 0 | P45: 0 | Q45: 0 | R45: 0
A46: 2 | B46: 4 | C46: 1 | D46: 70 | E46: Административные штрафы, пени, санкции, взыскания, налагаемые акимами города районного значения, села, поселка, сельского округа | F46: =SUM(G46:R46) -> 305 | G46: 0 | H46: 0 | I46: 0 | J46: 50 | K46: 50 | L46: 40 | M46: 35 | N46: 45 | O46: 40 | P46: 45 | Q46: 0 | R46: 0
A47: 2 | B47: 6 | E47: Прочие неналоговые поступления | F47: =F48 -> 0 | G47: =G48 -> 0 | H47: =H48 -> 0 | I47: =I48 -> 0 | J47: =J48 -> 0 | K47: =K48 -> 0 | L47: =L48 -> 0 | M47: =M48 -> 0 | ... R47: =R48 -> 0
A48: 2 | B48: 6 | C48: 1 | E48: Прочие неналоговые поступления | F48: =SUM(F50:F53) -> 0 | G48: =SUM(G51:G53) -> 0 | H48: =SUM(H51:H53) -> 0 | I48: =SUM(I51:I53) -> 0 | J48: =SUM(J51:J53) -> 0 | K48: =SUM(K51:K53) -> 0 | L48: =SUM(L51:L53) -> 0 | M48: =SUM(M50:M53) -> 0 | N48: =SUM(N50:N53) -> 0 | O48: =SUM(O50:O53) -> 0 | P48: =SUM(P50:P53) -> 0 | Q48: =SUM(Q50:Q53) -> 0 | R48: =SUM(R50:R53) -> 0
A49: 2 | B49: 6 | C49: 1 | D49: 5 | E49: Поступления дебиторской, депонентской задолженности государственных учреждений, финансируемых из местного бюджета | F49: =SUM(G49:R49) -> 0
A50: 2 | B50: 6 | C50: 1 | D50: 7 | E50: Возврат неиспользованных средств, ранее полученных из местного бюджета | F50: =SUM(G50:R50) -> 0
A51: 2 | B51: 6 | C51: 1 | D51: 9 | E51: Другие неналоговые поступления в местный бюджет | F51: =SUM(G51:R51) -> 0
A52: 2 | B52: 6 | C52: 1 | D52: 15 | E52: Добровольные сборы физических и юридических лиц | F52: =SUM(G52:R52) -> 0
A53: 2 | B53: 6 | C53: 1 | D53: 17 | E53: Поступления остатков средств с контрольного счета наличности местного самоуправления | F53: =SUM(G53:R53) -> 0
A54: Поступления от продажи основного капитала | F54: =F55 -> 0 | G54: =G55 -> 0 | H54: =H55 -> 0 | I54: =I55 -> 0 | J54: =J55 -> 0 | K54: =K55 -> 0 | L54: =L55 -> 0 | M54: =M55 -> 0 | ... R54: =R55 -> 0
A55: 3 | B55: 1 | E55: Продажа государственного имущества, закрепленного за государственными учреждениями | F55: =F56 -> 0 | G55: =G56 -> 0 | H55: =H56 -> 0 | I55: =I56 -> 0 | J55: =J56 -> 0 | K55: =K56 -> 0 | L55: =L56 -> 0 | M55: =M56 -> 0 | ... R55: =R56 -> 0
A56: 3 | B56: 1 | C56: 1 | E56: Продажа государственного имущества, закрепленного за государственными учреждениями | F56: =SUM(F57:F57) -> 0 | G56: =SUM(G57:G57) -> 0 | H56: =SUM(H57:H57) -> 0 | I56: =SUM(I57:I57) -> 0 | J56: =SUM(J57:J57) -> 0 | K56: =SUM(K57:K57) -> 0 | L56: =SUM(L57:L57) -> 0 | M56: =SUM(M57:M57) -> 0 | ... R56: =SUM(R57:R57) -> 0
A57: 3 | B57: 1 | C57: 1 | D57: 2 | E57: Поступления от продажи имущества, закрепленного за государственными учреждениями, финансируемыми из местного бюджета | F57: =SUM(G57:R57) -> 0
E59: Аким Урумкайского сельского округа | I59: Оспанов Ж.К.
E60: Исп.Судник А.В.
E61: тел.93442

Sheet Веденовский
D1: ФОРМУ НЕ ИЗМЕНЯТЬ. СТРОКИ, СТОЛБЦЫ, ФОРМУЛЫ НЕ СКРЫВАТЬ, НЕ УДАЛЯТЬ
P2: Приложение № 1
E3: Распределение доходов бюджета на 2020 год по Веденовского сельскому округу Бурабайского района
F4: по состоянию на 31.01.2020 г.
A6: КАТЕГОРИЯ | F6: План года | G6: План года по месяцам
B7: КЛАСС
C8: ПОДКЛАСС
D9: СПЕЦИФИКА | G9: январь | H9: февраль | I9: март | J9: апрель | K9: май | L9: июнь | M9: июль | N9: август | O9: сентябрь | P9: октябрь | Q9: ноябрь | R9: декабрь
E10: ДОХОДЫ | F10: =F11+F25+F54 -> 1272 | G10: =G11+G25+G54 -> 0 | H10: =H11+H25+H54 -> 84 | I10: =I11+I25+I54 -> 72 | J10: =J11+J25+J54 -> 77 | K10: =K11+K25+K54 -> 151 | L10: =L11+L25+L54 -> 138 | M10: =M11+M25+M54 -> 114 | ... R10: =R11+R25+R54 -> 0
A11: 1 | E11: HАЛОГОВЫЕ ПОСТУПЛЕHИЯ | F11: =F12+F15+F23 -> 1140 | G11: =G12+G15+G23 -> 0 | H11: =H12+H15+H23 -> 84 | I11: =I12+I15+I23 -> 72 | J11: =J12+J15+J23 -> 77 | K11: =K12+K15+K23 -> 131 | L11: =L12+L15+L23 -> 118 | M11: =M12+M15+M23 -> 98 | ... R11: =R12+R15+R23 -> 0
A12: 1 | B12: 1 | E12: Подоходный налог | F12: =F13 -> 120 | G12: =G13 -> 0 | H12: =H13 -> 24 | I12: =I13 -> 12 | J12: =J13 -> 12 | K12: =K13 -> 12 | L12: =L13 -> 12 | M12: =M13 -> 12 | ... R12: =R13 -> 0
A13: 1 | B13: 1 | C13: 2 | E13: Индивидуальный подоходный налог | F13: =F14 -> 120 | G13: =G14 -> 0 | H13: =H14 -> 24 | I13: =I14 -> 12 | J13: =J14 -> 12 | K13: =K14 -> 12 | L13: =L14 -> 12 | M13: =M14 -> 12 | ... R13: =R14 -> 0
A14: 1 | B14: 1 | C14: 2 | D14: 2 | E14: Индивидуальный подоходный налог с доходов, не облагаемых у источника выплаты | F14: =SUM(G14:R14) -> 120 | G14: 0 | H14: 24 | I14: 12 | J14: 12 | K14: 12 | L14: 12 | M14: 12 | N14: 12 | O14: 12 | P14: 12 | Q14: 0 | R14: 0
A15: 1 | B15: 4 | E15: Налоги на собственность | F15: =SUM(G15:R15) -> 1020 | G15: =G16+G18+G20 -> 0 | H15: =H16+H18+H20 -> 60 | I15: =I16+I18+I20 -> 60 | J15: =J16+J18+J20 -> 65 | K15: =K16+K18+K20 -> 119 | L15: =L16+L18+L20 -> 106 | M15: =M16+M18+M20 -> 86 | N15: =N16+N18+N20 -> 101 | ... R15: =R16+R18+R20 -> 0
A16: 1 | B16: 4 | C16: 1 | E16: Налоги на имущество | F16: =SUM(G16:R16) -> 30 | G16: =SUM(G17:G17) -> 0 | H16: =SUM(H17:H17) -> 0 | I16: =SUM(I17:I17) -> 0 | J16: =SUM(J17:J17) -> 5 | K16: =SUM(K17:K17) -> 5 | L16: =SUM(L17:L17) -> 5 | M16: =SUM(M17:M17) -> 5 | N16: =SUM(N17:N17) -> 5 | ... R16: =SUM(R17:R17) -> 0
A17: 1 | B17: 4 | C17: 1 | D17: 2 | E17: Налог на имущество физических лиц | F17: =SUM(G17:R17) -> 30 | G17: 0 | H17: 0 | I17: 0 | J17: 5 | K17: 5 | L17: 5 | M17: 5 | N17: 5 | O17: 5 | P17: 0 | Q17: 0 | R17: 0
A18: 1 | B18: 4 | C18: 3 | E18: Земельный налог | F18: =F19 -> 220 | G18: =SUM(G19:G19) -> 0 | H18: =SUM(H19:H19) -> 0 | I18: =SUM(I19:I19) -> 0 | J18: =SUM(J19:J19) -> 0 | K18: =SUM(K19:K19) -> 34 | L18: =SUM(L19:L19) -> 31 | M18: =SUM(M19:M19) -> 31 | N18: =SUM(N19:N19) -> 31 | ... R18: =SUM(R19:R19) -> 0
A19: 1 | B19: 4 | C19: 3 | D19: 2 | E19: Земельный налог | F19: =SUM(G19:R19) -> 220 | G19: 0 | H19: 0 | I19: 0 | J19: 0 | K19: 34 | L19: 31 | M19: 31 | N19: 31 | O19: 6 | P19: 31 | Q19: 56 | R19: 0
A20: 1 | B20: 4 | C20: 4 | E20: Налог на транспортные средства | F20: =SUM(F21:F22) -> 770 | G20: =G21+G22 -> 0 | H20: =H21+H22 -> 60 | I20: =I21+I22 -> 60 | J20: =J21+J22 -> 60 | K20: =K21+K22 -> 80 | L20: =L21+L22 -> 70 | M20: =M21+M22 -> 50 | N20: =N21+N22 -> 65 | ... R20: =R21+R22 -> 0
A21: 1 | B21: 4 | C21: 4 | D21: 1 | E21: Налог на транспортные средства с юридических лиц | F21: =SUM(G21:R21) -> 245 | G21: 0 | H21: 0 | I21: 0 | J21: 0 | K21: 0 | L21: 0 | M21: 0 | N21: 0 | O21: 245 | P21: 0 | Q21: 0 | R21: 0
A22: 1 | B22: 4 | C22: 4 | D22: 2 | E22: Налог на транспортные средства с физических лиц | F22: =SUM(G22:R22) -> 525 | G22: 0 | H22: 60 | I22: 60 | J22: 60 | K22: 80 | L22: 70 | M22: 50 | N22: 65 | O22: 80 | P22: 0 | Q22: 0 | R22: 0
A23: 1 | B23: 5 | C23: 4 | E23: Сборы за ведение предпринимательской и профессиональной деятельности | F23: =SUM(G23:R23) -> 0 | G23: =SUM(G24:G24) -> 0 | H23: =SUM(H24:H24) -> 0 | I23: =SUM(I24:I24) -> 0 | J23: =SUM(J24:J24) -> 0 | K23: =SUM(K24:K24) -> 0 | L23: =SUM(L24:L24) -> 0 | M23: =SUM(M24:M24) -> 0 | N23: =SUM(N24:N24) -> 0 | ... R23: =SUM(R24:R24) -> 0
A24: 1 | B24: 5 | C24: 4 | D24: 30 | E24: Плата за размещение наружной (визуальной) рекламы на объектах стационарного размещения рекламы в полосе отвода автомобильных дорог общего пользования республиканского, областного и районного значения, проходящих через территории городов районного значения, сел, поселков, сельских округов и на открытом пространстве за пределами помещений в городе районного значения, селе, поселке | F24: =SUM(G24:R24) -> 0 | G24: 0 | H24: 0 | I24: 0 | J24: 0 | K24: 0 | L24: 0 | M24: 0 | N24: 0 | O24: 0 | P24: 0 | Q24: 0 | R24: 0
A25: 2 | E25: НЕHАЛОГОВЫЕ ПОСТУПЛЕHИЯ | F25: =F26+F37+F40+F43+F47 -> 132 | G25: =G26+G37+G40+G43+G47 -> 0 | H25: =H26+H37+H40+H43+H47 -> 0 | I25: =I26+I37+I40+I43+I47 -> 0 | J25: =J26+J37+J40+J43+J47 -> 0 | K25: =K26+K37+K40+K43+K47 -> 20 | L25: =L26+L37+L40+L43+L47 -> 20 | M25: =M26+M37+M40+M43+M47 -> 16 | ... R25: =R26+R37+R40+R43+R47 -> 0
A26: 2 | B26: 1 | E26: Доходы от государственной собственности | F26: =SUM(G26:R26) -> 0 | G26: =G27+G29+G31+G33 -> 0 | H26: =H27+H29+H31+H33 -> 0 | I26: =I27+I29+I31+I33 -> 0 | J26: =J27+J29+J31+J33 -> 0 | K26: =K27+K29+K31+K33 -> 0 | L26: =L27+L29+L31+L33 -> 0 | M26: =M27+M29+M31+M33 -> 0 | N26: =N27+N29+N31+N33 -> 0 | ... R26: =R27+R29+R31+R33 -> 0
A27: 2 | B27: 1 | C27: 1 | E27: Поступления части чистого дохода государственных предприятий | F27: =F28 -> 0 | G27: =G28 -> 0 | H27: =H28 -> 0 | I27: =I28 -> 0 | J27: =J28 -> 0 | K27: =K28 -> 0 | L27: =L28 -> 0 | M27: =M28 -> 0 | ... R27: =R28 -> 0
A28: 2 | B28: 1 | C28: 1 | D28: 2 | E28: Поступления части чистого дохода коммунальных государственных предприятий | F28: =SUM(G28:R28) -> 0
A29: 2 | B29: 1 | C29: 4 | E29: Доходы на доли участия в юридических лицах, находящиеся в государственной собственности | F29: =F30 -> 0 | G29: =G30 -> 0 | H29: =H30 -> 0 | I29: =I30 -> 0 | J29: =J30 -> 0 | K29: =K30 -> 0 | L29: =L30 -> 0 | M29: =M30 -> 0 | ... R29: =R30 -> 0
A30: 2 | B30: 1 | C30: 4 | D30: 2 | E30: Доходы на доли участия в юридических лицах, находящиеся в коммунальной собственности | F30: =SUM(G30:R30) -> 0
A31: 2 | B31: 1 | C31: 5 | E31: Доходы от аренды имущества, находящегося в государственной собственности | F31: =F32 -> 0 | G31: =G32 -> 0 | H31: =H32 -> 0 | I31: =I32 -> 0 | J31: =J32 -> 0 | K31: =K32 -> 0 | L31: =L32 -> 0 | M31: =M32 -> 0 | ... R31: =R32 -> 0
A32: 2 | B32: 1 | C32: 5 | D32: 10 | E32: Доходы от аренды имущества коммунальной собственности города районного значения, села, поселка, сельского округа | F32: =SUM(G32:R32) -> 0
A33: 2 | B33: 1 | C33: 7 | E33: Вознаграждения (интересы) по кредитам,выданным из государственного бюджета | F33: =SUM(F34:F36) -> 0 | G33: =SUM(G34:G36) -> 0 | H33: =SUM(H34:H36) -> 0 | I33: =SUM(I34:I36) -> 0 | J33: =SUM(J34:J36) -> 0 | K33: =SUM(K34:K36) -> 0 | L33: =SUM(L34:L36) -> 0 | M33: =SUM(M34:M36) -> 0 | ... R33: =SUM(R34:R36) -> 0
A34: 2 | B34: 1 | C34: 7 | D34: 6 | E34: Вознаграждения по бюджетным кредитам, выданным из местного бюджета специализированным организациям | F34: =SUM(G34:R34) -> 0
A35: 2 | B35: 1 | C35: 7 | D35: 13 | E35: Вознаграждения по бюджетным кредитам, выданным из местного бюджета физическим лицам | F35: =SUM(G35:R35) -> 0
A36: 2 | B36: 1 | C36: 7 | D36: 18 | E36: Вознаграждения по бюджетным кредитам, выданным из местного бюджета юридическим лицам, за исключением специализированных организаций | F36: =SUM(G36:R36) -> 0
A37: 2 | B37: 2 | E37: Поступления от реализации товаров (работ, услуг) государственными учреждениями, финансируемыми из государственного бюджета | F37: =F38 -> 0 | G37: =G38 -> 0 | H37: =H38 -> 0 | I37: =I38 -> 0 | J37: =J38 -> 0 | K37: =K38 -> 0 | L37: =L38 -> 0 | M37: =M38 -> 0 | ... R37: =R38 -> 0
A38: 2 | B38: 2 | C38: 1 | E38: Поступления от реализации товаров (работ, услуг) государственными учреждениями, финансируемыми из государственного бюджета | F38: =F39 -> 0 | G38: =G39 -> 0 | H38: =H39 -> 0 | I38: =I39 -> 0 | J38: =J39 -> 0 | K38: =K39 -> 0 | L38: =L39 -> 0 | M38: =M39 -> 0 | ... R38: =R39 -> 0
A39: 2 | B39: 2 | C39: 1 | D39: 2 | E39: Поступления от реализации товаров (работ, услуг) государственными учреждениями, финансируемыми из республиканского бюджета | F39: =G39+H39+I39+J39+K39+L39+M39+N39+O39+P39+Q39+R39 -> 0
A40: 2 | B40: 3 | E40: Поступления денег от проведения государственных закупок, организуемых государственными учреждениями, финансируемыми из государственного бюджета | F40: =F41 -> 0 | G40: =G41 -> 0 | H40: =H41 -> 0 | I40: =I41 -> 0 | J40: =J41 -> 0 | K40: =K41 -> 0 | L40: =L41 -> 0 | M40: =M41 -> 0 | ... R40: =R41 -> 0
A41: 2 | B41: 3 | C41: 1 | E41: Поступления денег от проведения государственных закупок, организуемых государственными учреждениями, финансируемыми из государственного бюджета | F41: =F42 -> 0 | G41: =G42 -> 0 | H41: =H42 -> 0 | I41: =I42 -> 0 | J41: =J42 -> 0 | K41: =K42 -> 0 | L41: =L42 -> 0 | M41: =M42 -> 0 | ... R41: =R42 -> 0
A42: 2 | B42: 3 | C42: 1 | D42: 2 | E42: Поступления денег от проведения государственных закупок, организуемых государственными учреждениями, финансируемыми из местного бюджета | F42: =SUM(G42:R42) -> 0
A43: 2 | B43: 4 | E43: Штрафы, пени, санкции, взыскания, налагаемые государственными учреждениями, финансируемыми из государственного бюджета, а также содержащимися и финансируемыми из бюджета (сметы расходов) Национального Банка Республики Казахстан | F43: =F44 -> 132 | G43: =G44 -> 0 | H43: =H44 -> 0 | I43: =I44 -> 0 | J43: =J44 -> 0 | K43: =K44 -> 20 | L43: =L44 -> 20 | M43: =M44 -> 16 | ... R43: =R44 -> 0
A44: 2 | B44: 4 | C44: 1 | E44: Штрафы, пени, санкции, взыскания, налагаемые государственными учреждениями, финансируемыми из государственного бюджета, а также содержащимися и финансируемыми из бюджета (сметы расходов) Национального Банка Республики Казахстан, за исключением поступлений от организаций нефтяного сектора | F44: =SUM(F45:F46) -> 132 | G44: =SUM(G45:G46) -> 0 | H44: =SUM(H45:H46) -> 0 | I44: =SUM(I45:I46) -> 0 | J44: =SUM(J45:J46) -> 0 | K44: =SUM(K45:K46) -> 20 | L44: =SUM(L45:L46) -> 20 | M44: =SUM(M45:M46) -> 16 | ... R44: =SUM(R45:R46) -> 0
A45: 2 | B45: 4 | C45: 1 | D45: 14 | E45: Прочие штрафы, пени, санкции, взыскания, налагаемые государственными учреждениями, финансируемыми из местного бюджета | F45: =SUM(G45:R45) -> 0
A46: 2 | B46: 4 | C46: 1 | D46: 70 | E46: Административные штрафы, пени, санкции, взыскания, налагаемые акимами города районного значения, села, поселка, сельского округа | F46: 132 | G46: 0 | H46: 0 | I46: 0 | J46: 0 | K46: 20 | L46: 20 | M46: 16 | N46: 20 | O46: 16 | P46: 20 | Q46: 20 | R46: 0
A47: 2 | B47: 6 | E47: Прочие неналоговые поступления | F47: =F48 -> 0 | G47: =G48 -> 0 | H47: =H48 -> 0 | I47: =I48 -> 0 | J47: =J48 -> 0 | K47: =K48 -> 0 | L47: =L48 -> 0 | M47: =M48 -> 0 | ... R47: =R48 -> 0
A48: 2 | B48: 6 | C48: 1 | E48: Прочие неналоговые поступления | F48: =SUM(F50:F53) -> 0 | G48: =SUM(G51:G53) -> 0 | H48: =SUM(H51:H53) -> 0 | I48: =SUM(I51:I53) -> 0 | J48: =SUM(J51:J53) -> 0 | K48: =SUM(K51:K53) -> 0 | L48: =SUM(L51:L53) -> 0 | M48: =SUM(M50:M53) -> 0 | N48: =SUM(N50:N53) -> 0 | O48: =SUM(O50:O53) -> 0 | P48: =SUM(P50:P53) -> 0 | Q48: =SUM(Q50:Q53) -> 0 | R48: =SUM(R50:R53) -> 0
A49: 2 | B49: 6 | C49: 1 | D49: 5 | E49: Поступления дебиторской, депонентской задолженности государственных учреждений, финансируемых из местного бюджета | F49: =SUM(G49:R49) -> 0
A50: 2 | B50: 6 | C50: 1 | D50: 7 | E50: Возврат неиспользованных средств, ранее полученных из местного бюджета | F50: =SUM(G50:R50) -> 0
A51: 2 | B51: 6 | C51: 1 | D51: 9 | E51: Другие неналоговые поступления в местный бюджет | F51: =SUM(G51:R51) -> 0
A52: 2 | B52: 6 | C52: 1 | D52: 15 | E52: Добровольные сборы физических и юридических лиц | F52: =SUM(G52:R52) -> 0
A53: 2 | B53: 6 | C53: 1 | D53: 17 | E53: Поступления остатков средств с контрольного счета наличности местного самоуправления | F53: =SUM(G53:R53) -> 0
A54: Поступления от продажи основного капитала | F54: =F55 -> 0 | G54: =G55 -> 0 | H54: =H55 -> 0 | I54: =I55 -> 0 | J54: =J55 -> 0 | K54: =K55 -> 0 | L54: =L55 -> 0 | M54: =M55 -> 0 | ... R54: =R55 -> 0
